Workbook

Sheet Inicio
B9: 1 | D9: ESQUEMA GENERAL DEL FORTALECIMIENTO INSTITUCIONAL
B36: 2 | D36: EXPLICACIÓN DE LAS HERRAMIENTAS DE DIAGNÓSTICO
E38: OCA+ | K38: OPI | R38: SNA
B49: 3 | D49: APLICACIÓN DE LAS HERRAMIENTAS DE DIAGNÓSTICO
E51: INICIO | K51: OCA+ | R51: OPI
R66: MAPEO DE ACTORES
B74: 4 | D74: PRESENTACIÓN DE DIAGNÓSTICO DESDE MÚLTIPLES ENFOQUES (INFOGRAFÍAS)
E76: INTRODUCCIÓN | K76: OCA+ | R76: OPI
E84: RESUMEN GLOBAL
R85: MAPEO DE ACTORES
E94: SIGUIENTES PASOS
R95: SNA

Sheet Disclaimer
A2: The Civil Society Activity’s Integrated Assessment Tool is the result of the collaboration and innovation of Social Impact, USAID Mexico, and USAID Washington and can be used to monitor and measure output-level activity and outcome-level results, and to visualize the position of organizations within their local system. The tool brings together USAID-approved assessment instruments including the Organizational Capacity Assessment (OCA) and the Organizational Performance Index (OPI) developed by Pact, as well as Stakeholder Mapping. The OPI instrument holds true to the original Pact design, while the OCA and Stakeholder Mapping instruments were customized and contextualized to fit the needs of CSA’s partner organizations in Mexico. The result of SI's innovations is an updated, integrated tool that is easy-to-use, can be applied in a full or modular fashion, and provides real-time data visualization. These features allow CSOs to carry out their own assessments on a recurring basis and to make decisions on where they stand in their capacity development processes and what their priorities are on-the-spot. The Integrated Assessment Tool was developed through a process of Collaborating, Learning, and Adapting (CLA) that involved a diverse team of experts and feedback from partner CSOs. Throughout the process of designing, implementing, and validating CSA’s Integrated Assessment Tool, Social Impact prioritized the integration of the three assessment instruments to achieve its strategy, which targets three dimensions of capacity development — internal strengthening, improving connections and collaboration in the environment, and systemic impact. Social Impact encourages CSOs and capacity development practitioners to make use of the Integrated Assessment Tool to contribute to the sustainability of results in the civil society sector in the Latin American context.
A23: "This tool was produced for review by the United States Agency for International Development. It was prepared by the Civil Society Activity (CSA) for USAID Mexico Contract No. AID-OAA-I-13-00045. The contents do not necessarily reflect the views of the United States Agency for International Development or the United States Government. ------------------------------------------------ Esta herramienta fue elaborada para revisión de la Agencia de los Estados Unidos para el Desarrollo Internacional. Fue preparada por el Programa para la Sociedad Civil de USAID México, implementado por Social Impact, Inc. Bajo el contrato No. AID-OAA-I-13-00045. Sus contenidos no reflejan necesariamente la postura de USAID o del gobierno de los Estados Unidos. "

Sheet Portada
C7: Diagnóstico de Capacidades Organizacionales
C8: Este documento presenta los Hallazgos y Recomendaciones del Diagnóstico Participativo y Análisis del Sistema de la organización ___________________________________________. El proceso de diagnóstico participativo, llevado a cabo durante _____ de 20_, fue facilitado por ___________________________________ y acompañado por el Programa para la Sociedad Civil (CSA por sus siglas en inglés), implementado por Social Impact y Appleseed, A.C., que es un programa de la Misión bilateral de la Agencia de los Estados Unidos para el Desarrollo Internacional en México (USAID/México). A través de la asistencia técnica especializada de CSA y USAID, la cual se fundamenta en las necesidades específicas de cada organización, se fomentará la capacidad de las OSC para implementar sus propios proyectos y así lograr sus objetivos, así como aumentar su capacidad de contribuir a los objetivos de desarrollo de USAID a través de facilitar alianzas estratégicas con colaboradores y socios en otros sectores, entre ellos el sector público y privado, las universidades, los organismos internacionales y los medios de comunicación. CSA utiliza una metodología integrada de fortalecimiento institucional con base en un enfoque sistémico. Alineado con el énfasis de USAID en el fortalecimiento y la sustentabilidad de sistemas dentro de los cuales las organizaciones de la sociedad civil operan y los enfoques asociados con el Desarrollo de Capacidades 2.0, CSA combina los enfoques de desarrollo de capacidades internas (Desarrollo de Capacidades Humanas e Institucionales, HICD por sus siglas en inglés) con un enfoque externo basado en Sistemas Locales. Dentro de esta metodología para el fortalecimiento institucional, CSA utiliza una Herramienta de Diagnóstico Participativo la cual busca identificar las causas de raíz de las brechas en el desempeño institucional, para posteriormente apoyar a las organizaciones, fundaciones y fortalecedoras de la sociedad civil en la atención de estas brechas.
C9: La metodología para este diagnóstico es participativa y basada en el uso de diversos instrumentos. Se utiliza en primer lugar la herramienta de diagnóstico participativo (Organizational Capacity Assesment, OCA+ por sus siglas en inglés). La herramienta de diagnóstico participativo evalúa la capacidad técnica de las organizaciones a través de 8 ejes: Planeación y Liderazgo; Gestión de Programas y Proyectos; Sistemas y Procesos Internos; Género e Inclusión; Capital Humano; Calidad en la Inversión Social; Gestión de Recursos y Comunicación Externa. En segundo lugar, se utilizan instrumentos de recopilación de información para identificar los objetivos de la organización y analizar el desempeño de la misma para alcanzar sus objetivos. La recopilación de información contempló una revisión documental y la realización de entrevistas con personas del equipo.
C10: El Índice de Desempeño Organizacional (OPI por sus siglas en inglés) se obtiene a través de la aplicación de una herramienta para medir y conocer el desarrollo de capacidades de las organizaciones. El OPI como índice es totalmente consistente con las recomendaciones más recientes de USAID sobre medición de desarrollo de capacidad. OPI específicamente, mide el desempeño en lugar de la capacidad en sí misma. Los dominios que analiza el OPI son los siguientes: a) Eficacia b) Eficiencia c) Relevancia d) Sustentabilidad
C11: Las herramientas de Mapeo de Sistemas y Análisis Social del Sistema (SNA por sus siglas en inglés) son empleadas para comprender la vinculación de ___________________ con diferentes actores y comprender el funcionamiento del sistema en el que está inmersa la organización. El Mapeo de Sistemas es una herramienta que utiliza la metodología de las 5Rs, (Resultados, Roles, Relaciones, Reglas y Recursos) para identificar y caracterizar los actores con los que está involucrada activamente la organización. El Análisis Social del Sistema (SNA por sus siglas en inglés) es empleado para conocer el sistema local en el que interactúa ____________________ cuáles son las relaciones que componen éste, qué tipo de actores intervienen, qué roles se ocupan, así como la posición de la organización dentro de su entorno y las características de las conexiones de ella con determinados nodos.

Sheet Datos de la organización
C7: Información de la sesión de diagnóstico
C8: Organización
C10: Fecha diagnóstico
D11: dd/mm/aaaa
C13: Nombre de organización | D13: Nombre de la Organización
C14: Estado
C15: Municipio
C16: Dirección de oficina
C17: Teléfono
C20: Nombre completo | D20: Cargo | E20: Correo electrónico
C30: Equipo evaluador
C32: Nombre completo | D32: Cargo | E32: Correo electrónico

Sheet Información Gral
B6: Metodología e Instrucciones
B7: Objetivos
B8: Objetivo general: Identificar y analizar las capacidades institucionales internas y las capacidades de la organización en la interacción con su entorno. Objetivos específicos: 1. Aplicar la herramienta de diagnóstico de capacidades institucionales internas (OCA+). 2. Aplicar la herramienta de capacidades institucionales externas (OPI). 3. Realizar la revisión de documentos clave de la organización. 4. Aplicar el cuestionario de Análisis de Sistema (SNA). 5. Aplicar la herramienta de Mapeo de Actores. 6. Analizar los resultados del diagnóstico para presentar un informe de hallazgos y recomendaciones de fortalecimiento institucional. 7. Construir un plan de trabajo para fortalecer las capacidades institucionales de la organización mediante paquetes de solución adaptados a las características y necesidades de la misma.
B10: Herramienta OCA +
B11: La herramienta de diagnóstico participativo OCA+ permite conocer el estado y el funcionamiento de las capacidades organizacionales internas y se compone por 8 ejes estratégicos: 1. Planeación y Liderazgo 5. Capital Humano 2. Gestión de programas 6. Monitoreo y evaluación 3. Procesos de la organización 7. Gestión de recursos 4. Género e Inclusión 8. Comunicación externa La aplicación de cada eje permite identificar fortalezas, problemáticas, áreas de oportunidad y posibilidades de fortalecimiento. La herramienta está diseñada para analizar los ejes estratégicos de manera independiente, de forma que la organización puede optar por analizar sus ejes prioritarios, o bien, por aplicar todos los ejes del diagnóstico. Cada eje estratégico, ubicado en una hoja distinta de la herramienta, está compuesto por componentes (marcados en color azul) y criterios que analizan de forma focalizada las capacidades internas de la organización.
B12: Indicaciones adicionales: Los ejes estratégicos analizados durante la sesión deben ser aquellos que sean prioritarios para la organización. En cualquier momento puede recurrirse a la hoja de "Glosario" para encontrar una breve explicación de los conceptos principales de la herramienta. Resulta fundamental que participen en las discusiones todas y todos en el grupo, pues se obtendrá una radiografía más precisa de la organización, a partir del contraste de diferentes ideas y percepciones de sus integrantes. Es posible que algunas de las preguntas, por su importancia y vinculación a diferentes áreas de la organización, estén presentes en más de un eje. Se busca que el diagnóstico aborde esas preguntas independientemente de cuáles sean los ejes estratégicos que elija analizar la organización.
B14: Aplicación de la herramienta OCA +
B15: *Se sugiere que el grupo se coloque en forma de herradura de forma que pueda participar y ver los materiales que se presenten con el proyector. 1. Se repartirá a cada integrante del grupo un conjunto de tarjetas con valores del 1 al 6. 2. La facilitadora o facilitador leerá la pregunta generadora ubicada del lado izquierdo y desplegará una lista de posibles opciones de respuesta. 3. Cada persona del grupo elegirá una respuesta de la opción múltiple y colocará la tarjeta elegida hacia abajo. Cuando todas/os hayan votado levantarán, al mismo tiempo, las tarjetas. 4. La facilitadora/o registrará el número elegido por la mayoría en la opción múltiple y escuchará las diferentes razones del grupo para elegir su respuesta. Resulta valioso que el equipo indique cuáles considera que pueden ser las posibles causas de ese desempeño institucional particular.
B16: 5. La facilitadora/o deberá propiciar el consenso y registrará las visiones del grupo en el recuadro de "Situación actual". 6. La facilitadora/o repasará con el grupo la lista de documentos correspondientes a la sección (una vez agotadas todas las preguntas) y registrará si se cuenta o no con ellos. 7. Una vez que queden contestadas las preguntas del componente/sección, la facilitadora/o llamará la atención del grupo al porcentaje obtenido y procederá a la siguiente sección. El grupo deberá completar el diagnóstico de todos los componentes/secciones del módulo. 8. Cuando el grupo complete las secciones del módulo, la persona facilitadora puede dirigirse a la parte superior de la hoja para mostrar al grupo los resultados y gráficas de todo ese módulo/eje estratégico. Es importante aclarar al grupo que los resultados presentados son preliminares y pueden cambiar con la revisión a profundidad de los documentos requeridos. Nota: Se recomienda que al concluir cada sesión de trabajo se realice un cierre apreciativo. 9. Una vez que se haya concluido la aplicación de las herramientas OCA+ y OPI, el equipo evaluador puede proceder a revisar los documentos/evidencia existentes correspondientes mencionados en los ejes estratégicos o los dominios de OPI, con la finalidad de registrar su existencia y observaciones con relación a la calidad del documento y oportunidades de mejora.
B18: Aplicación de la herramienta OPI
B19: *Se sugiere que el grupo se coloque en forma de herradura de forma que pueda participar y ver los materiales que se presenten con el proyector. 1. Se repartirá a cada integrante del grupo un conjunto de tarjetas con valores del 1 al 4. 2. La facilitadora o facilitador explicará que la herramienta OPI está compuesta por 4 dominios con 2 subdominios cada uno, es decir, tiene un total de 8 rubros por contestar. 3. La persona facilitadora comenzará por leer (o le pedirá a una persona del equipo) la definición del dominio y después explicará el primer subdominio. Por ejemplo, iniciará con la lectura de "Efectividad" y procederá con la explicación sobre qué es el subdominio de "Resultados". Nota: Podrá proyectarse la pestaña "OPI Origi", o bien, entregarle una copia impresa a cada integrante.
B20: 4. Para cada subdominio, todas y todos los integrantes del grupo deberá elegir un nivel de desempeño organizacional (desplegados de forma horizontal a lo largo de la hoja) y colocar la tarjeta correspondiente a ese nivel boca a bajo para que, una vez que todos hayan elegido su respuesta, al mismo tiempo la mostrarán. Nota: Dependiendo de la decisión de la persona facilitadora, podrán mostrar la respuesta elegida antes de contestar las preguntas de la pestaña "OPI (2)" o después de hacerlo. 5. La facilitadora/o proyectará la pestaña de "OPI (2)" y leerá las preguntas generadoras ubicadas del lado izquierdo y desplegará una lista de posibles opciones de respuesta. 6. Elegirá la respuesta referida por la mayoría, fomentará el consenso y el diálogo entre el grupo respecto a las respuestas elegidas. Mientras transcurre la discusión, la persona facilitadora deberá registrar las observaciones y la evidencia mencionada por el grupo en la columna ubicada del lado derecho.
... B35: Criterios Cada uno de los criterios de la herramienta está asociado a una pregunta generadora. Con la respuesta de la pregunta, a partir de una opción múltiple, se calcula el valor del criterio en cuestión. Cada una de las preguntas se refieren a un criterio específico del diagnóstico. Algunos de los criterios tienen mayor importancia que otros, por ejemplo, contar con un plan de comunicación tiene un mayor peso que contar con una guía de estilo. Bajo ese entendido, los criterios dentro de un componente/sección tienen una ponderación distinta, de forma que los criterios más importantes tienen un efecto mayor sobre el porcentaje de la sección, mientras que los criterios de menor importancia tienen un efecto menor sobre el porcentaje de la sección. En la herramienta se prevén algunos casos en los que la pregunta puede no aplicar a la organización, por lo que se incluye en la opción múltiple 0. N/A. En caso de que la organización requiriera tal respuesta en una lista de opción múltiple que no la incluye, se sugiere responder el criterio con el valor más alto.

Sheet Glosario
B7: Glosario de conceptos, ejes estratégicos y documentación clave
B8: Glosario
B10: Acciones afirmativas | C10: Aplicación de políticas que dan a un determinado grupo social minoritario o que históricamente haya sufrido discriminación, un trato preferencial en el acceso o distribución de ciertos recursos, servicios y bienes. Las acciones afirmativas buscan mejorar la calidad de vida de los grupos desfavorecidos y compensarlos por los perjuicios o la discriminación de la que han sido víctimas. Un ejemplo son las cuotas de género o identidad sexual.
B11: Acciones de incidencia | C11: Actividades con el objetivo de influir sobre las políticas públicas, las decisiones de asignación de recursos dentro de los sistemas políticos, y las decisiones de gobernantes, instituciones y otros actores públicos. La incidencia incluye campañas en medios, conferencias, publicaciones, encuestas, difusión, cabildeo, entre otras.
B12: Análisis del entorno político | C12: Discusión sobre el contexto local, los actores políticos relevantes, la posición de la organización dentro del sistema y la correlación de fuerzas ante los temas de coyuntura.
B13: Auditoría externa | C13: Evaluación independiente y externa de los registros, procesos, funciones y desempeño de una organización, con el objetivo de comprobar su ccumplimiento con las leyes y reglamentos aplicables.
B14: Asamblea | C14: Es el órgano supremo de la organización. Está integrada por todos los socios. Tiene todas las atribuciones y representación para decidir sobre cualquier asunto que interese o afecte a la organización.
B15: Capital humano (eje estratégico) | C15: Criterios y temas de la organizaciónvinculados a las relaciones humanas dentro de la organización, tales como los procesos de gestión de personal, los sistemas de pago y las políticas de selección de postulantes.
B16: Código de conducta | C16: Declaración de principios y valores que establece expectativas y estándares obligatorios sobre la conducta de una organización, un organismo gubernamental, una compañía, un grupo de per- sonas a liadas o un individuo, incluidos los niveles mínimos de cumplimiento y las medidas disciplinarias en caso de omisión, para la organización, su personal y los voluntarios. El objetivo de dicho mecanismo es procurar que impere una con- ducta digna y ética que responda a las necesidades de la socie- dad y que oriente su desempeño.
B17: Conflicto de interés | C17: La posible afectación del desempeño imparcial y objetivo de las funciones de los Servidores Públicos o empleados del sector pri- vado, academia y sociedad civil, ocasionando la intervención por motivo de su empleo, cargo o comisión en cualquier forma, en la atención, tramitación o resolución de asuntos, en los cuales ten- ga intereses personales, familiares o de negocios, o contravengan lo establecido en la Ley.
B18: Comunicación externa (eje estratégico) | C18: Temas y criterios vinculados a la planeación, implementación y medición de la comunicación externa de la organización.
B19: Consejo consultivo | C19: Es órgano colegiado y plural, integrado por personas expertas de diversos sectores de la sociedad, que tiene la función de proponer, analizar y emitir su opinión sobre acerca de las líneas de trabajo de la organización.
B20: Consejo directivo | C20: Es el órgano ejecutivo de la organización. Tiene la representación de la Asamblea con toda clase de facultades, salvo las que expresamente quedan atribuidas, en los Estatutos, a la Asamblea General y al Presidente. Marca las directrices para el desarrollo de las actividades y proyectos, aprueba propuestas, proyectos y nuevas incorporaciones. Está integrada por el Presidente y entre diez y veinte miembros.
B21: Donataria autorizada | C21: Es una organización civil o fideicomiso que cuenta con autorización por parte del Servicio de Administración Tributaria (SAT), para recibir donativos deducibles del Impuesto Sobre la Renta, pueden ser asociación civil (AC), sociedad comercial (SC) o persona moral con fines de interés público (IAP).
... B69: Transversalización de la perspectiva de género | C69: Enfoque que busca visibilizar, en todos los ámbitos organizacionales, la construcción social y cultural de la desigualdad entre hombres y mujeres, y proponer medidas para contrarrestar dicha construcción.

Sheet 1.0 Planeación
B1: PLANEACIÓN Y LIDERAZGO
C2: RESULTADOS | G2: ESCALA 4 | H2: ESCALA 100% | S2: Ponderación | T2: Valor Máximo | V2: Valor Alcanzado
C3: =B11 -> Estrategia y planes operativos | G3: =O12 -> 0 | H3: =P12 -> 0 | I3: 1 | S3: 0.4 | T3: 4 | U3: =T3*S3 -> 1.6 | V3: =SUM(W3:W6) -> 0 | W3: =U3*H3 -> 0 | X3: =SUM(Y3:Y6) -> 0 | Y3: =H3*S3 -> 0
C4: =B29 -> Cultura organizacional | G4: =O30 -> 0 | H4: =P30 -> 0 | I4: 1 | S4: 0.1 | U4: =T3*S4 -> 0.4 | W4: =U4*H4 -> 0 | Y4: =H4*S4 -> 0
C5: =B43 -> Estructura organizacional y mejora continua | G5: =O44 -> 0 | H5: =P44 -> 0 | I5: 1 | S5: 0.2 | U5: =T3*S5 -> 0.8 | W5: =U5*H5 -> 0 | Y5: =H5*S5 -> 0
C6: =B58 -> Liderazgo y Gobernanza | G6: =O59 -> 0 | H6: =P59 -> 0 | I6: 1 | S6: 0.3 | U6: =T3*S6 -> 1.2 | W6: =U6*H6 -> 0 | Y6: =H6*S6 -> 0
C8: Puntaje Ponderado | G8: =H8*4 -> 0 | H8: =X3 -> 0 | S8: =SUM(S3:S6) -> 1
B11: Estrategia y planes operativos | O11: Puntaje (máximo 4) | P11: Porcentaje (máximo 100%)
O12: =P12*4 -> 0 | P12: =X14 -> 0
B13: Preguntas Generadoras | G13: Respuesta | L13: Situación Actual | N13: Recomendaciones | S13: Ponderación | T13: Valor Máximo | V13: Valor Alcanzado
B14: ¿Se cuenta con una misión, visión y valores? | E14: ? | G14: 1. No se tiene | J14: + | K14: =VLOOKUP(G14,Referencia!C5:D9,2) -> 0 | N14: - Revisar y actualizar misión, visión y valores. - Generar objetivos estratégicos vinculados a la misión de la organización. - Realizar un análisis del entorno político en el que opera la organización y necesidades de sus grupos de interés - Integrar en un documento el análisis del marco normativo aplicable a cada uno de los programas. - Llevar a cabo un proceso de planeación estratégica en el que el equipo discuta y defina un plan estratégico a tres años alineado a la misión y objetivos de la organización. - Desarrollar un plan operativo anual por escrito que integre todas las actividades y proyectos de la organización y defina plazos y recursos para alcanzar los resultados deseados. - Definir una matriz de indicadores de resultados para medir el cumplimiento de metas y guiar la toma de decisiones institucionales. | S14: 0.05 | T14: 4 | U14: =T14*S14 -> 0.2 | V14: =SUM(W14:W20) -> 0 | W14: =U14*(AVERAGE(K14:K14)) -> 0 | X14: =SUM(Y14:Y20) -> 0 | Y14: =K14*S14 -> 0
B15: ¿Se han definido objetivos estratégicos vinculados a la misión de la organización? | E15: ? | G15: 1. No se tiene | J15: + | K15: =VLOOKUP(G15,Referencia!C15:D19,2) -> 0 | S15: 0.1 | U15: =T14*S15 -> 0.4 | W15: =U15*(AVERAGE(K15:K15)) -> 0 | Y15: =K15*S15 -> 0
B16: ¿Se ha analizado el entorno político y las necesidades de los grupos de interés (stakeholders)? | E16: ? | G16: 1. No | J16: + | K16: =VLOOKUP(G16,Referencia!C25:D29,2) -> 0 | S16: 0.1 | U16: =T14*S16 -> 0.4 | W16: =U16*(AVERAGE(K16:K16)) -> 0 | Y16: =K16*S16 -> 0
B17: ¿Se ha analizado el marco normativo aplicable a los programas de la organización? | E17: ? | G17: 1. No se analiza | J17: + | K17: =VLOOKUP(G17,Referencia!C35:D39,2) -> 0 | S17: 0.1 | U17: =T14*S17 -> 0.4 | W17: =U17*(AVERAGE(K17:K17)) -> 0 | Y17: =K17*S17 -> 0
B18: ¿La organización cuenta con un plan estratégico por escrito y actualizado, producto de una discusión y aprobación de todas las áreas? | E18: ? | G18: 1. No | J18: + | K18: =VLOOKUP(G18,Referencia!C45:D49,2) -> 0 | S18: 0.3 | U18: =T14*S18 -> 1.2 | W18: =U18*(AVERAGE(K18:K18)) -> 0 | Y18: =K18*S18 -> 0
B19: ¿Se cuenta con un plan operativo anual por escrito y actualizado que defina plazos y recursos para alcanzar los resultados esperados? | E19: ? | G19: 1. No | J19: + | K19: =VLOOKUP(G19,Referencia!C55:D59,2) -> 0 | S19: 0.3 | U19: =T14*S19 -> 1.2 | W19: =U19*(AVERAGE(K19:K19)) -> 0 | Y19: =K19*S19 -> 0
B20: ¿Se cuenta con una matriz de indicadores de resultados claves de la organización para guiar la toma de decisiones? | E20: ? | G20: 1. No | J20: + | K20: =VLOOKUP(G20,Referencia!C65:D69,2) -> 0 | S20: 0.05 | U20: =T14*S20 -> 0.2 | W20: =U20*(AVERAGE(K20:K20)) -> 0 | Y20: =K20*S20 -> 0
B21: Documentación / Evidencia | G21: Capacidad Baja (1) | L21: Capacidad Básica (2) | M21: Capacidad Intermedia (3) | O21: Capacidad Fuerte (4) | S21: =SUM(S14:S20) -> 1 | U21: =SUM(U14:U20) -> 4 | X21: =X14*T14 -> 0
B22: Misión Visión y Valores | E22: =IF(K14=0%,0,(IF(K14<75%,1,2))) -> 0 | G22: - La organización no cuenta con una misión, visión y valores y aún no ha definido objetivos estratégicos. - No se ha analizado el entorno político, las necesidades de los grupos de interés (stakeholders) y el marco normativo aplicable a los programas. - La organización no cuenta con un plan estratégico. - No existe un plan anual operativo ni una matriz de indicadores de resultados. | L22: - La organización cuenta con una misión, visión y valores pero no definido objetivos estratégicos. - El equipo ha analizado el entorno político aunque no ha identificado las necesidades de los grupos de interés (stakeholders). - Se ha analizado el marco normativo aplicable a algunos programas. - La organización cuenta con un plan estratégico aunque no por escrito. - Existe un plan anual operativo que no siempre es aplicado. - No se ha creado una matriz de indicadores de resultados. | M22: - La organización cuenta con una misión, visión y valores y ha definido objetivos estratégicos. - Se ha analizado el entorno político y las necesidades de los grupos de interés (stakeholders), y el marco normativo aplicable algunos de los programas. - La organización cuenta con un plan estratégico aunque no está actualizado y no siempre se aplica. - Se cuenta con un plan anual operativo por escrito pero éste no define plazos y recursos para alcanzar los resultados esperados. - Se tienen algunos indicadores de resultados pero no se utilizan para guiar la toma de decisiones. | O22: - La organización cuenta con una misión, visión y valores y ha definido objetivos estratégicos. - Se ha analizado el entorno político y las necesidades de los grupos de interés (stakeholders), y el marco normativo aplicable a los programas. - La organización cuenta con un plan estratégico por escrito y actualizado, producto de la discusión y aprobación del equipo. - Se cuenta con un plan anual operativo, por escrito, que define plazos y recursos para alcanzar resultados esperados. - Se aplican el plan estratégico y el plan operativo. - Se cuenta con una matriz de indicadores de resultados para guiar la toma de decisiones.
B23: Análisis del entorno político y necesidades de grupos de interés | E23: =IF(K16=0%,0,(IF(K16<75%,1,2))) -> 0
B24: Plan estratégico a largo plazo | E24: =IF(K18=0%,0,(IF(K18<75%,1,2))) -> 0
B25: Plan operativo anual | E25: =IF(K19=0%,0,(IF(K19<75%,1,2))) -> 0
B26: Matriz de indicadores de resultados claves | E26: =IF(K20=0%,0,(IF(K20<75%,1,2))) -> 0
B29: Cultura organizacional | O29: Puntaje (máximo 4) | P29: Porcentaje (máximo 100%)
O30: =P30*4 -> 0 | P30: =X32 -> 0
B31: Preguntas Generadoras | G31: Respuesta | L31: Situación Actual | N31: Recomendaciones | S31: Ponderación | T31: Valor Máximo | V31: Valor Alcanzado
B32: ¿Se promueve el cuidado a la seguridad de las personas colaboradoras? | E32: ? | G32: 1. No | J32: + | K32: =VLOOKUP(G32,Referencia!C75:D79,2) -> 0 | N32: - Desarrollar un plan de seguridad para el trabajo en campo. - Promover la institucionalización de medidas para mejorar la calidad de vida de las personas, como políticas de cuidados, flexibilización de horarios, trabajo desde casa, entre otros. - Mejorar la comunicación con el equipo respecto a sus necesidades de salud y seguridad. - Establecer mecanismos para la conservación de los recursos físicos de la organización. - Definir mecanismos de adaptación de la organización a posibles cambios internos y externos. | S32: 0.3 | T32: 4 | U32: =T32*S32 -> 1.2 | V32: =SUM(W32:W35) -> 0 | W32: =U32*K32 -> 0 | X32: =SUM(Y32:Y35) -> 0 | Y32: =K32*S32 -> 0
B33: ¿Se promueve, formaliza y materializa la mejora de la calidad de vida de las personas? (salud, cuidados, flexibilidad de horarios, trabajo en casa, entre otros) | E33: ? | G33: 1. No | J33: + | K33: =VLOOKUP(G33,Referencia!C85:D89,2) -> 0 | S33: 0.3 | U33: =T32*S33 -> 1.2 | W33: =U33*K33 -> 0 | Y33: =K33*S33 -> 0
B34: ¿Se promueve la conservación de los recursos materiales de la organización? | G34: 1. No | J34: + | K34: =VLOOKUP(G34,Referencia!C95:D99,2) -> 0 | S34: 0.1 | U34: =T32*S34 -> 0.4 | W34: =U34*K34 -> 0 | Y34: =K34*S34 -> 0
B35: ¿Existen mecanismos para identificar y adaptarse a cambios en el ambiente interno y externo? | G35: 1. No | J35: + | K35: =VLOOKUP(G35,Referencia!C105:D109,2) -> 0 | S35: 0.3 | U35: =T32*S35 -> 1.2 | W35: =U35*K35 -> 0 | Y35: =K35*S35 -> 0
B36: Documentación / Evidencia | G36: Capacidad Baja (1) | L36: Capacidad Básica (2) | M36: Capacidad Intermedia (3) | O36: Capacidad Fuerte (4) | S36: =SUM(S32:S35) -> 1 | X36: =X32*T32 -> 0
B37: Plan de seguridad o equivalente | E37: =IF(K32=0%,0,(IF(K32<75%,1,2))) -> 0 | G37: - La organización no preserva la seguridad de sus integrantes. - No se promueven acciones para mejorar la calidad de vida de las personas. - La organización no cuenta con mecanismos para la conservación de recursos materiales. - No se cuenta con mecanismos para responder a los cambios en el ambiente interno y externo. | L37: - La organización ha reunido algunas recomendaciones de seguridad. - Se promueven algunas acciones aisladas para mejorar la calidad de vida de las personas. - En algunas ocasiones se fomenta la conservación de recursos de la organización. - La organización no siempre logra adaptarse a los cambios en el ambiente interno y externo y no tiene mecanismos definidos. | M37: - La organización tiene un plan de seguridad que se aplica en algunas ocasiones. - Se promueven acciones para mejorar la calidad de vida de las personas pero no están institucionalizadas. - Se fomenta la conservación de recursos de la organización pero no existen mecanismos por escrito. - Aunque la organización no cuenta con mecanismos definidos, logra adaptarse a cambios en el ambiente interno y externo. | O37: - La organización aplica consistentemente su plan de seguridad. - Están institucionalizadas medidas para promover la mejora de la calidad de vida de las personas, como cuidados, atención de salud y flexibilidad de horarios. - Se fomenta La conservación de todos los recursos de La organización con mecanismos escritos. - La organización ha establecido mecanismos para adaptarse a los cambios en el ambiente interno y externo.
B38: Políticas de cuidado / mantenimiento de recursos materiales | E38: =IF(K34=0%,0,(IF(K34<75%,1,2))) -> 0
B43: Estructura organizacional y mejora continua | O43: Puntaje (máximo 4) | P43: Porcentaje (máximo 100%)
O44: =P44*4 -> 0 | P44: =X46 -> 0
B45: Preguntas Generadoras | G45: Respuesta | L45: Situación Actual | N45: Recomendaciones | S45: Ponderación | T45: Valor Máximo | V45: Valor Alcanzado
B46: ¿La estructura de la organización está alineada con la planeación estratégica y las expectativas organizacionales? | G46: 1. No | J46: + | K46: =VLOOKUP(G46,Referencia!C115:D119,2) -> 0 | N46: - Revisar y actualizar la estructura de la organización de forma que esté alineada a los objetivos estratégicos y la planeación estratégica. - Establecer por escrito la separación de funciones operativa/técnicas y administrativas. - Definir mecanismos de colaboración entre áreas y darlos a conocer al equipo. - Socializar entre el equipo metas, planes de acción y el cumplimiento de objetivos. - Planear sesiones de trabajo con el equipo para diseñar estrategias de mejora continua. | S46: 0.4 | T46: 4 | U46: =T46*S46 -> 1.6 | V46: =SUM(W46:W50) -> 0 | W46: =U46*K46 -> 0 | X46: =SUM(Y46:Y50) -> 0 | Y46: =K46*S46 -> 0
B47: ¿Están separadas con claridad las funciones administrativas y operativas / técnicas? | G47: 1. No | J47: + | K47: =VLOOKUP(G47,Referencia!C125:D129,2) -> 0 | S47: 0.2 | U47: =T46*S47 -> 0.8 | W47: =U47*K47 -> 0 | Y47: =K47*S47 -> 0
B48: ¿Se fomenta la colaboración entre las distintas áreas de la organización? | G48: 1. No | J48: + | K48: =VLOOKUP(G48,Referencia!C135:D139,2) -> 0 | S48: 0.1 | U48: =T46*S48 -> 0.4 | W48: =U48*K48 -> 0 | Y48: =K48*S48 -> 0
B49: ¿Se da a conocer al equipo las metas, planes de acción y el cumplimiento progresivo de las metas? | G49: 1. No / No están definidos | J49: + | K49: =VLOOKUP(G49,Referencia!C145:D149,2) -> 0 | S49: 0.1 | U49: =T46*S49 -> 0.4 | W49: =U49*K49 -> 0 | Y49: =K49*S49 -> 0
B50: ¿Se realizan actividades con personas de diferentes niveles de la organización para diseñar estrategias de mejora continua? | E50: ? | G50: 1. No | J50: + | K50: =VLOOKUP(G50,Referencia!C155:D160,2) -> 0 | S50: 0.2 | U50: =T46*S50 -> 0.8 | W50: =U50*K50 -> 0 | Y50: =K50*S50 -> 0
B51: Documentación / Evidencia | G51: Capacidad Baja (1) | L51: Capacidad Básica (2) | M51: Capacidad Intermedia (3) | O51: Capacidad Fuerte (4) | S51: =SUM(S46:S50) -> 1 | X51: =X46*T46 -> 0
B52: Presentaciones o reportes de avances de metas y planes de acción | E52: =IF(K49=0%,0,(IF(K49<75%,1,2))) -> 0 | G52: - La estructura no está alineada a la planeación estratégica. - La estructura no separa funciones operativas y administrativas. - No se promueve la colaboración entre áreas y no se difunde entre el equipo las metas o los planes de acción. - La organización no ha diseñado estrategias de mejora continua. | L52: - La estructura no está alineada a la planeación estratégica. - La estructura distingue las funciones operativas y administrativas pero no se respeta. - Se fomenta la colaboración entre algunas áreas pero no se difunden entre el equipo las metas, planes de acción y el cumplimiento progresivo de metas. - Las sugerencias de algunos miembros del equipo se retoman en el diseño de estrategias de mejora continua. | M52: - La organización tiene una estructura alineada a la planeación estratégica. - La estructura distingue las funciones operativas y administrativas y se respeta casi siempre. - Se fomenta la colaboración entre las diferentes áreas y se da a conocer al equipo las metas pero no los planes de acción o su cumplimiento. - La organización considera las sugerencias de integrantes de diferentes niveles participen en el diseño de estrategias de mejora continua. | O52: - La organización tiene una estructura alineada a la planeación estratégica. - La estructura, que distingue funciones operativas y administrativas, se respeta siempre. - Se fomenta la colaboración entre las diferentes áreas y se da a conocer al equipo las metas, planes de acción y su cumplimiento progresivo. - La organización cuenta con procedimientos definidos y los sigue para que integrantes de diferentes niveles participen en el diseño de estrategias de mejora continua.
B53: Compilado de estrategias de mejora continua | E53: =IF(K50=0%,0,(IF(K50<75%,1,2))) -> 0
B54: Organigrama
B55: Manual de Organización
B58: Liderazgo y Gobernanza | O58: Puntaje (máximo 4) | P58: Porcentaje (máximo 100%)
O59: =P59*4 -> 0 | P59: =X61 -> 0
B60: Preguntas Generadoras | G60: Respuesta | L60: Situación Actual | N60: Recomendaciones | S60: Ponderación | T60: Valor Máximo | V60: Valor Alcanzado
B61: ¿Las personas que integran el Consejo o Patronato participan en el desarrollo y revisión de la misión y visión? | E61: ? | G61: 1. No | J61: + | K61: =VLOOKUP(G61,Referencia!C166:D171,2) -> 0 | N61: - Definir por escrito el rol del Consejo o Patronato en la revisión de la misión y visión de la organización. - Impulsar acciones para que el Consejo o Patronato documente y garantice la igualdad de género en cuanto a representación, voz y voto de mujeres y hombres. - Tomar medidas para que el Consejo o Patronato funcione de manera independiente a la estructura organizacional y ese principio quede establecido por escrito. - Establecer por escrito los criterios de integración del Consejo o Patronato de manera que esté integrado por personas de diversas áreas de experiencia relevantes a los objetivos de la organización. - Definir por escrito las funciones, responsabilidades y periodicidad de las reuniones del Consejo o Patronato. | S61: 0.1 | T61: 4 | U61: =T61*S61 -> 0.4 | V61: =SUM(W61:W65) -> 0 | W61: =U61*K61 -> 0 | X61: =SUM(Y61:Y65) -> 0 | Y61: =K61*S61 -> 0
B62: ¿En la toma de decisiones del Consejo o Patronato, se considera la igualdad de género en cuanto a la representación, voz y voto de mujeres y hombres? | G62: 1. No | J62: + | K62: =VLOOKUP(G62,Referencia!C177:D181,2) -> 0 | S62: 0.1 | U62: =T61*S62 -> 0.4 | W62: =U62*K62 -> 0 | Y62: =K62*S62 -> 0
B63: ¿El Consejo o Patronato es independiente a la estructura operativa de la organización? | G63: 1. No | J63: + | K63: =VLOOKUP(G63,Referencia!C187:D191,2) -> 0 | S63: 0.3 | U63: =T61*S63 -> 1.2 | W63: =U63*K63 -> 0 | Y63: =K63*S63 -> 0
B64: ¿El Consejo o Patronato está integrado por miembros de diversas áreas de experiencia? | G64: 1. Sí | J64: + | K64: =VLOOKUP(G64,Referencia!C197:D201,2) -> 0 | S64: 0.15 | U64: =T61*S64 -> 0.6 | W64: =U64*K64 -> 0 | Y64: =K64*S64 -> 0
B65: ¿Están documentadas y se siguen las funciones, responsabilidades y periodicidad de reuniones del Consejo o Patronato? | G65: 1. No | J65: + | K65: =VLOOKUP(G65,Referencia!C207:D211,2) -> 0 | S65: 0.35 | U65: =T61*S65 -> 1.4 | W65: =U65*K65 -> 0 | Y65: =K65*S65 -> 0
B66: Documentación / Evidencia | G66: Capacidad Baja (1) | L66: Capacidad Básica (2) | M66: Capacidad Intermedia (3) | O66: Capacidad Fuerte (4) | S66: =SUM(S61:S65) -> 1
B67: Acta constitutiva que establezca integración y funcionamiento del Consejo | G67: - El Consejo o Patronato no participa en el desarrollo y revisión de la misión y visión. - En la toma de decisiones del Consejo no se considera necesaria la igualdad de género. - El Consejo depende de la estructura organizacional y está integrado por amigos sin experiencia en los temas de la organización. - El Consejo no tiene definida la periodicidad de sus reuniones, las responsabilidades n las funciones de sus integrantes. | L67: - El Consejo o Patronato participó en una ocasión en la revisión de la misión y visión de la organización. - En la toma de decisiones del Consejo se considera la igualdad de género en cuanto a representación de hombres y mujeres. - El Consejo depende de la estructura organizacional y está integrado por miembros de una sola área de experiencia. - El Consejo tiene definida la periodicidad de sus reuniones, pero no las funciones y responsabilidades de sus integrantes. | M67: - El Consejo o Patronato participa en la revisión de la misión y visión de la organización. - En la toma de decisiones del Consejo se considera que debe haber igual representación y participación de hombres y mujeres. - El Consejo es independiente de la estructura organizacional y está integrado por miembros de una sola área de experiencia. - El Consejo tiene definida la periodicidad de sus reuniones y algunas de las responsabilidades de sus integrantes. | O67: - El Consejo o Patronato participa en el desarrollo y revisión de la misión y visión de la organización. - En la toma de decisiones del Consejo se considera que debe haber igual representación, participación y voto de hombres y mujeres. - El Consejo es independiente de la estructura organizacional y está integrado por miembros de diversas áreas de experiencia. - El Consejo tiene definidas funciones, responsabilidades y periodicidad de reuniones.
B68: Documento con funciones, responsabilidades y periodicidad de reuniones del Consejo | E68: =IF(K65=0%,0,(IF(K65<75%,1,2))) -> 0

Sheet 2.0 Gestión programas
B1: GESTIÓN DE PROGRAMAS
C2: RESULTADOS | G2: ESCALA 4 | H2: ESCALA 100% | S2: Ponderación | T2: Valor Máximo | V2: Valor Alcanzado
C3: =B11 -> Vinculación y rendición de cuentas | G3: =O12 -> 0 | H3: =P12 -> 0 | I3: 1 | S3: 0.2 | T3: 4 | U3: =T3*S3 -> 0.8 | V3: =SUM(W3:W6) -> 0 | W3: =U3*H3 -> 0 | X3: =SUM(Y3:Y6) -> 0 | Y3: =H3*S3 -> 0
C4: =B24 -> Impacto social | G4: =O25 -> 0 | H4: =P25 -> 0 | I4: 1 | S4: 0.2 | U4: =T3*S4 -> 0.8 | W4: =U4*H4 -> 0 | Y4: =H4*S4 -> 0
C5: =B36 -> Transparencia | G5: =O37 -> 0 | H5: =P37 -> 0 | I5: 1 | S5: 0.1 | U5: =T3*S5 -> 0.4 | W5: =U5*H5 -> 0 | Y5: =H5*S5 -> 0
C6: =B48 -> Procuración y diversificación de fondos | G6: =O49 -> 0 | H6: =P49 -> 0 | I6: 1 | S6: 0.5 | U6: =T3*S6 -> 2 | W6: =U6*H6 -> 0 | Y6: =H6*S6 -> 0
C8: Puntaje Ponderado | G8: =V3 -> 0 | H8: =X3 -> 0 | S8: =SUM(S3:S6) -> 1 | X8: =X3*T3 -> 0
B11: Vinculación y rendición de cuentas | O11: Puntaje (máximo 4) | P11: Porcentaje (máximo 100%)
O12: =P12*4 -> 0 | P12: =X14 -> 0
B13: Preguntas Generadoras | G13: Respuesta | L13: Situación Actual | N13: Recomendaciones | S13: Ponderación | T13: Valor Máximo | V13: Valor Alcanzado
B14: ¿Se dan a conocer los resultados de los programas y el manejo de recursos a los financiadores? | G14: 1. No | J14: + | K14: =VLOOKUP(G14,Referencia!K5:L9,2) -> 0 | N14: - Establecer un canal de comunicación formal con financiadores para informarles de los resultados de los programas y el manejo de los recursos. - Ampliar y fortalecer vías de comunicación con la población objetivo para informarles de los hallazgos de los programas. - Establecer mecanismos escritos para recabar la visión de la ciudadanía sobre los programas y servicios de la organización. | S14: 0.4 | T14: 4 | U14: =T14*S14 -> 1.6 | V14: =SUM(W14:W16) -> 0 | W14: =U14*K14 -> 0 | X14: =SUM(Y14:Y16) -> 0 | Y14: =K14*S14 -> 0
B15: ¿Se comunica a la población objetivo los hallazgos de los programas? | G15: 1. No | J15: + | K15: =VLOOKUP(G15,Referencia!K15:L19,2) -> 0 | S15: 0.3 | U15: =T14*S15 -> 1.2 | W15: =U15*K15 -> 0 | Y15: =K15*S15 -> 0
B16: ¿Se cuenta con mecanismos documentados, aplicados y actualizados para contar con retroalimentación de la ciudadanía sobre los programas y servicios de la organización? | G16: 1. No | J16: + | K16: =VLOOKUP(G16,Referencia!K25:L29,2) -> 0 | S16: 0.3 | U16: =T14*S16 -> 1.2 | W16: =U16*K16 -> 0 | Y16: =K16*S16 -> 0
B17: Documentación / Evidencia | G17: Capacidad Baja (1) | L17: Capacidad Básica (2) | M17: Capacidad Intermedia (3) | O17: Capacidad Fuerte (4) | S17: =SUM(S14:S16) -> 1 | X17: =T14*X14 -> 0
B18: Compilado de informes / reportes dirigidos a financiadores | E18: =IF(K14=0%,0,(IF(K14<75%,1,2))) -> 0 | G18: - La organización no informa a sus financiadores sobre los resultados de sus programas y el manejo de recursos. - No se tienen establecidos canales de comunicación con la población objetivo. - No se recibe retroalimentación de la ciudadanía. | L18: - La organización informa ocasionalmente a algunos de los financiadores sobre los resultados de sus programas y el manejo de recursos. - Se tiene un canal de comunicación con la población objetivo pero no se usa para informar sobre los hallazgos de los programas. - Esporádicamente se recibe retroalimentación de la ciudadanía sobre los programas y servicios de la organización. | M18: - La organización informa a algunos de los financiadores sobre los resultados de sus programas pero no sobre el manejo de los recursos. - Existe un canal de comunicación con la población objetivo que se usa ocasionalmente para informar sobre los hallazgos de los programas. - La organización recibe retroalimentación de la ciudadanía sobre los programas y servicios de la organización pero no documenta el proceso. | O18: - La organización informa por canales formales a los financiadores sobre los resultados de sus programas y el manejo de los recursos. - Existe un canal de comunicación con la población objetivo que se utiliza constantemente los hallazgos de los programas. - La organización ha establecido mecanismos para recabar y documentar retroalimentación de la ciudadanía sobre los programas y servicios ofrecidos.
B19: Compilado de informes / reportes dirigidos a la población objetivo | E19: =IF(K15=0%,0,(IF(K15<75%,1,2))) -> 0
B20: Documentos en los que se evidencie la retroalimentación de la ciudadanía | E20: =IF(K16=0%,0,(IF(K16<75%,1,2))) -> 0
B24: Impacto social | O24: Puntaje (máximo 4) | P24: Porcentaje (máximo 100%)
O25: =P25*4 -> 0 | P25: =X27 -> 0
B26: Preguntas Generadoras | G26: Respuesta | L26: Situación Actual | N26: Recomendaciones | S26: Ponderación | T26: Valor Máximo | V26: Valor Alcanzado
B27: ¿La organización cuenta con un plan estratégico por escrito para elegir y mantener determinadas alianzas? | E27: ? | G27: 1. No | J27: + | K27: =VLOOKUP(G27,Referencia!K35:L39,2) -> 0 | N27: - Generar por escrito un plan de alianzas que establezca los criterios para establecer alianzas. - Definir las características de la participación de la organización en alianzas bilaterales y redes locales y nacionales. | S27: 0.6 | T27: 4 | U27: =T27*S27 -> 2.4 | V27: =SUM(W27:W29) -> 0 | W27: =U27*K27 -> 0 | X27: =SUM(Y27:Y29) -> 0 | Y27: =K27*S27 -> 0
B28: ¿La organización aprovecha su participación en redes locales? (acceder a mejores prácticas, donantes, oportunidades de articulación, u otros beneficios concretos. ) | G28: 1. No tiene participación | J28: + | K28: =VLOOKUP(G28,Referencia!K45:L49,2) -> 0 | S28: 0.2 | U28: =T27*S28 -> 0.8 | W28: =K28*U28 -> 0 | Y28: =K28*S28 -> 0
B29: ¿La organización aprovecha su participación en redes nacionales? ( acceder a mejores prácticas, donantes, oportunidades de articulación, u otros beneficios concretos. ) | G29: 1. No tiene participación | J29: + | K29: =VLOOKUP(G29,Referencia!K55:L59,2) -> 0 | S29: 0.2 | U29: =T27*S29 -> 0.8 | W29: =K29*U29 -> 0 | Y29: =K29*S29 -> 0
B30: Documentación / Evidencia | G30: Capacidad Baja (1) | L30: Capacidad Básica (2) | M30: Capacidad Intermedia (3) | O30: Capacidad Fuerte (4) | S30: =SUM(S27:S29) -> 1 | X30: =T27*X27 -> 0
B31: Plan estratégico de alianzas o equivalente | E31: =IF(K27=0%,0,(IF(K27<75%,1,2))) -> 0 | G31: No se cuenta con un plan para generar y fortalecer alianzas estratégicas. La organización no participa en redes locales o nacionales. | L31: Se cuenta con un plan para generar alianzas aunque éste no está alineado a la planeación estratégica. La organización aprovecha su participación en redes locales para conocer buenas prácticas. | M31: Se cuenta con un plan alineado a la planeación estratégica para generar alianzas. La organización aprovecha su participación en redes locales y nacionales para conocer buenas prácticas, fuentes de financiamiento y oportunidades de articulación. | O31: Se cuenta por escrito con un plan alineado a la planeación estratégica para generar y fortalecer alianzas. La organización aprovecha su participación en redes locales y nacionales para conocer buenas prácticas, fuentes de financiamiento y oportunidades de articulación.
B32: Lista de afiliación de la red local | E32: =IF(K28=0%,0,(IF(K28<75%,1,2))) -> 0
B33: Lista de afiliación de la red nacional | E33: =IF(K29=0%,0,(IF(K29<75%,1,2))) -> 0
B36: Transparencia | O36: Puntaje (máximo 4) | P36: Porcentaje (máximo 100%)
O37: =P37*4 -> 0 | P37: =IF(K41="N/A",AF39,X39) -> 0
B38: Preguntas Generadoras | G38: Respuesta | L38: Situación Actual | N38: Recomendaciones | S38: Ponderación | T38: Valor Máximo | V38: Valor Alcanzado | AA38: Ponderación | AB38: Valor Máximo | AD38: Valor Alcanzado
B39: ¿La organización ha definido criterios para determinar qué información es pública frente a la que es reservada? | G39: 1. No | J39: + | K39: =VLOOKUP(G39,Referencia!K65:L69,2) -> 0 | N39: - Definir y aplicar en la práctica criterios para distinguir información pública y reservada. - Enlistar las obligaciones de transparencia con las que debe cumplir la organización y diseñar una estrategia para lograr su pleno cumplimiento. - Actualizar la página de internet para que se presente la información sobre programas y servicios de manera accesible a la población objetivo. | S39: 0.25 | T39: 4 | U39: =T39*S39 -> 1 | V39: =SUM(W39:W41) -> #VALUE! | W39: =U39*K39 -> 0 | X39: =SUM(Y39:Y41) -> #VALUE! | Y39: =K39*S39 -> 0 | AA39: 0.3 | AB39: 4 | AC39: =AB39*AA39 -> 1.2 | AD39: =SUM(AE39:AE41) -> 0 | AE39: =AC39*K39 -> 0 | AF39: =SUM(AG39:AG41) -> 0 | AG39: =K39*AA39 -> 0
B40: ¿Se cumple con las obligaciones en materia de transparencia? | G40: 1. No | J40: + | K40: =VLOOKUP(G40,Referencia!K75:L79,2) -> 0 | S40: 0.4 | U40: =T39*S40 -> 1.6 | W40: =K40*U40 -> 0 | Y40: =K40*S40 -> 0 | AA40: 0.7 | AC40: =AB39*AA40 -> 2.8 | AE40: =K40*AC40 -> 0 | AG40: =K40*AA40 -> 0
B41: ¿La información en el portal de internet resulta accesible para la población objetivo? | G41: 0. N/A | J41: + | K41: =VLOOKUP(G41,Referencia!K85:L90,2) -> N/A | S41: 0.35 | U41: =T39*S41 -> 1.4 | W41: =K41*U41 -> #VALUE! | Y41: =K41*S41 -> #VALUE! | AA41: N/A | AC41: =AA41 -> N/A | AE41: =AC41 -> N/A | AG41: =AE41 -> N/A
B42: Documentación / Evidencia | G42: Capacidad Baja (1) | L42: Capacidad Básica (2) | M42: Capacidad Intermedia (3) | O42: Capacidad Fuerte (4) | S42: =SUM(S39:S41) -> 1 | X42: =T39*X39 -> #VALUE! | AA42: =SUM(AA39:AA41) -> 1
G43: - La organización no distingue entre la información pública y reservada. - La organización no cumple con ninguna de las obligaciones en materia de transparencia. - En el portal de internet no existe información sobre los programas, servicios y mecanismos de contacto. | L43: - La organización distingue entre la información pública y reservada. - Se cumple con algunas de las obligaciones en materia de transparencia. - En el portal de internet existe información sobre algunos de los programas y servicios. | M43: - La organización distingue entre la información pública y reservada. - Se cumple con la mayoría de las obligaciones en materia de transparencia. - En el portal de internet hay información poco accesible sobre los programas y servicios. | O43: - La organización distingue entre la información pública y reservada. - Se cumple con todas las obligaciones en materia de transparencia. - En el portal de internet hay información accesible y actualizada sobre los programas, servicios y mecanismos de contacto.
B48: Procuración y diversificación de fondos | O48: Puntaje (máximo 4) | P48: Porcentaje (máximo 100%)
O49: =P49*4 -> 0 | P49: =X51 -> 0
B50: Preguntas Generadoras | G50: Respuesta | L50: Situación Actual | N50: Recomendaciones | S50: Ponderación | T50: Valor Máximo | V50: Valor Alcanzado
B51: ¿Existe un plan de procuración de fondos que se evalúe y actualice periódicamente? | E51: ? | G51: 1. No se tiene | J51: + | K51: =VLOOKUP(G51,Referencia!K96:L100,2) -> 0 | N51: - Desarrollar un plan de sostenibilidad financiera. - Generar un plan de procuración de fondos que permita diversificar fuentes de financiamiento y pueda ser periódicamente evaluado y actualizado. - Definir acciones para ampliar las fuentes de financiamiento de la organización. - Establecer mecanismos para generar un fondo patrimonial equivalente a al menos un año de operación de la organización. - Asignar a una persona capacitada dentro de la organización tareas específicas para la procuración de fondos de la organización. | S51: 0.3 | T51: 4 | U51: =T51*S51 -> 1.2 | V51: =SUM(W51:W54) -> 0 | W51: =U51*K51 -> 0 | X51: =SUM(Y51:Y54) -> 0 | Y51: =K51*S51 -> 0
B52: ¿Se ha logrado que la organización cuente con más de dos fuentes de financiamiento? | G52: 1. No, la organización depende de dos fuentes de financiamiento | J52: + | K52: =VLOOKUP(G52,Referencia!K106:L110,2) -> 0 | S52: 0.2 | U52: =T51*S52 -> 0.8 | W52: =U52*K52 -> 0 | Y52: =K52*S52 -> 0
B53: ¿Cuenta la organización con un fondo patrimonial equivalente a, al menos, un año de operación? | E53: ? | G53: 1. No | J53: + | K53: =VLOOKUP(G53,Referencia!K116:L120,2) -> 0 | S53: 0.25 | U53: =T51*S53 -> 1 | W53: =U53*K53 -> 0 | Y53: =K53*S53 -> 0
B54: ¿Ha logrado evitarse problemas de flujo de efectivo e ingreso neto positivo en los últimos dos años? | G54: 1. No | J54: + | K54: =VLOOKUP(G54,Referencia!K126:L130,2) -> 0 | S54: 0.25 | U54: =T51*S54 -> 1 | W54: =U54*K54 -> 0 | Y54: =K54*S54 -> 0
B55: Documentación / Evidencia | G55: Capacidad Baja (1) | L55: Capacidad Básica (2) | M55: Capacidad Intermedia (3) | O55: Capacidad Fuerte (4) | S55: =SUM(S51:S54) -> 1 | X55: =T51*X51 -> 0
B56: Plan de procuración de fondos | E56: =IF(K51=0%,0,(IF(K51<75%,1,2))) -> 0 | G56: - La organización no ha establecido un plan de procuración de fondos que le permita conseguir y mantener fuentes de financiamiento. - La organización no cuenta con un fondo patrimonial. - En los últimos dos años ha surgido más de un problema de flujo de efectivo e ingreso neto positivo. | L56: - La organización aplica un plan de procuración de fondos que le permite mantener al menos una fuente de financiamiento. - Se cuenta con un fondo patrimonial equivalente a menos de seis meses de operación. - En los últimos dos años se presentó un problema de flujo de efectivo e ingreso neto positivo. | M56: - La organización cuenta con un plan de procuración de fondos desactualizado que le permite mantener al menos dos fuentes de financiamiento. - Se cuenta con un fondo patrimonial equivalente a seis meses de operación. - Han logrado evitarse problemas de flujo de efectivo e ingreso neto positivo en los últimos dos años. | O56: - La organización cuenta con un plan de procuración de fondos actualizado que le permite mantener al menos dos fuentes de financiamiento. - Se cuenta con un fondo patrimonial equivalente a, al menos, un año de operación. - Han logrado evitarse problemas de flujo de efectivo e ingreso neto positivo en los últimos dos años.
B57: Documentos con fuentes de financiamiento | E57: =IF(K52=0%,0,(IF(K52<75%,1,2))) -> 0
B58: Presupuesto organizacional | E58: =IF(K53=0%,0,(IF(K53<75%,1,2))) -> 0

Sheet 3.0 Procesos
B1: PROCESOS INTERNOS
C2: RESULTADOS | G2: ESCALA 4 | H2: ESCALA 100% | S2: Ponderación | T2: Valor Máximo | V2: Valor Alcanzado
C3: =B11 -> Procesos fundamentales | G3: =O12 -> #N/A | H3: =P12 -> #N/A | I3: 1 | S3: 0.4 | T3: 4 | U3: =T3*S3 -> 1.6 | V3: =SUM(W3:W6) -> #N/A | W3: =U3*(AVERAGE(H3)) -> #N/A | X3: =SUM(Y3:Y7) -> #N/A | Y3: =H3*S3 -> #N/A
C4: =B27 -> Procesos administrativos | G4: =O28 -> #N/A | H4: =P28 -> #N/A | I4: 1 | S4: 0.1 | U4: =T3*S4 -> 0.4 | W4: =U4*(AVERAGE(H4)) -> #N/A | Y4: =H4*S4 -> #N/A
C5: =B40 -> Indicadores | G5: =O41 -> 0 | H5: =P41 -> 0 | I5: 1 | S5: 0.25 | U5: =T3*S5 -> 1 | W5: =U5*(AVERAGE(H5)) -> 0 | Y5: =H5*S5 -> 0
C6: =B55 -> Mejora Continua | G6: =O56 -> 0 | H6: =P56 -> 0 | I6: 1 | S6: 0.25 | U6: =T3*S6 -> 1 | W6: =U6*(AVERAGE(H6)) -> 0 | Y6: =H6*S6 -> 0
C8: Puntaje Ponderado | G8: =H8*4 -> #N/A | H8: =X3 -> #N/A | S8: =SUM(S3:S6) -> 1 | U8: =SUM(U3:U5) -> 3 | W8: =SUM(W3:W5) -> #N/A
B11: Procesos fundamentales | O11: Puntaje (máximo 4) | P11: Porcentaje (máximo 100%)
O12: =P12*4 -> #N/A | P12: =X14 -> #N/A
B13: Preguntas Generadoras | G13: Respuesta | L13: Situación Actual | N13: Recomendaciones | S13: Ponderación | T13: Valor Máximo | V13: Valor Alcanzado
B14: ¿Se han mapeado los procesos organizacionales para identificar los más importantes? | G14: 1. No se ha realizado | J14: + | K14: =VLOOKUP(G14,Referencia!S5:T9,2) -> #N/A | N14: - Analizar los procesos organizacionales para identificar cuáles de ellos son los más importantes. - Documentar los procesos organizacionales de la organización. - Diseñar estrategias para que el equipo conozca y se apropie de los manuales de la organización y sus políticas. - Analizar las posibilidades de incorporar diferentes herramientas tecnológicas para automatizar procesos organizacionales internos. - Designar personas del equipo como responsables de cada uno de los procesos organizacionales identificados. - Generar mecanismos para difundir entre el equipo los procesos críticos. - Establecer un mecanismo de evaluación anual del funcionamiento y eficacia de los procesos organizacionales. | S14: 0.1 | T14: 4 | U14: =$T$14*S14 -> 0.4 | V14: =SUM(W14:W19) -> #N/A | W14: =U14*K14 -> #N/A | X14: =SUM(Y14:Y19) -> #N/A | Y14: =S14*K14 -> #N/A
B15: ¿Se tienen documentados, aplicados y actualizados los procedimientos vinculados a los procesos fundamentales para la organización? | E15: ? | G15: 1. No se ha realizado | J15: + | K15: =VLOOKUP(G15,Referencia!S15:T20,2) -> 0 | S15: 0.35 | U15: =$T$14*S15 -> 1.4 | W15: =U15*K15 -> 0 | Y15: =S15*K15 -> 0
B16: ¿Se difunden los procedimientos al interior de la organización? | G16: 1. No | J16: + | K16: =VLOOKUP(G16,Referencia!S26:T30,2) -> 0 | S16: 0.05 | U16: =$T$14*S16 -> 0.2 | W16: =U16*K16 -> 0 | Y16: =S16*K16 -> 0
B17: ¿Se cuenta con personas encargadas de aplicar los procesos críticos? | G17: 1. No se tienen | J17: + | K17: =VLOOKUP(G17,Referencia!S36:T40,2) -> 0 | S17: 0.25 | U17: =$T$14*S17 -> 1 | W17: =U17*K17 -> 0 | Y17: =S17*K17 -> 0
B18: ¿Se utilizan herramientas tecnológicas para automatizar procesos internos? | G18: 1. No | J18: + | K18: =VLOOKUP(G18,Referencia!S46:T50,2) -> 0 | S18: 0.15 | U18: =$T$14*S18 -> 0.6 | W18: =U18*K18 -> 0 | Y18: =S18*K18 -> 0
B19: ¿Se mide y evalúa la eficacia de los procesos? | E19: ? | G19: 1. No | J19: + | K19: =VLOOKUP(G19,Referencia!S56:T60,2) -> 0 | S19: 0.1 | U19: =$T$14*S19 -> 0.4 | W19: =U19*K19 -> 0 | Y19: =S19*K19 -> 0
B20: Documentación / Evidencia | G20: Capacidad Baja (1) | L20: Capacidad Básica (2) | M20: Capacidad Intermedia (3) | O20: Capacidad Fuerte (4) | S20: =SUM(S14:S19) -> 1
B21: Manual de Procesos de la organización | E21: =IF(K15=0%,0,(IF(K15<75%,1,2))) -> 0 | G21: - La organización no tiene identificados los procesos organizacionales. - No están documentados los procedimientos vinculados a los procesos organizacionales. - No se difunden los procesos organizacionales al interior de la organización. - La organización no ha designado a personas responsables de aplicar los procesos organizacionales. - No se evalúa la eficacia de los procesos organizacionales. | L21: - La organización ha identificados algunos procesos organizacionales. - Se trabaja en la documentación de los procedimientos vinculados a los procesos organizacionales. - En alguna ocasión se han dado a conocer los procesos organizacionales entre el equipo. - Se tiene identificado quiénes dentro del equipo podrían aplicar algunos de los procesos críticos. - La organización está desarrollando un mecanismo para evaluar la eficacia de los procesos organizacionales. | M21: - La organización ha identificado la mayoría de los procesos institucionales para identificar cuáles son los más importantes. -Se tienen documentados los procedimientos vinculados a los procesos organizacionales, pero requieren actualización. - Entre algunos miembros del equipo se difunden los procesos organizacionales. - Para algunos de los procesos organizacionales se han designado personas responsables pero no siempre los aplican ellas. - La organización mide y evalúa la eficacia de algunos de los procesos organizacionales. | O21: - La organización ha mapeado los procesos institucionales para identificar cuáles son los más importantes. -Se tienen documentados y actualizados los procedimientos vinculados a la los procesos organizacionales. - Entre el equipo se difunden los procesos organizacionales. - Se han designado personas responsables de aplicar los procesos organizacionales. - La organización evalúa periódicamente la eficacia de los procesos organizacionales.
B22: Política evaluación de los procesos de la organización | E22: =IF(K19=0%,0,(IF(K19<75%,1,2))) -> 0
B27: Procesos administrativos | O27: Puntaje (máximo 4) | P27: Porcentaje (máximo 100%)
O28: =P28*4 -> #N/A | P28: =X30 -> #N/A
B29: Preguntas Generadoras | G29: Respuesta | L29: Situación Actual | N29: Recomendaciones | S29: Ponderación | T29: Valor Máximo | V29: Valor Alcanzado
B30: ¿Están documentadas, aplicadas y actualizadas las políticas y procedimientos de traslado? | G30: 1. No está documentada | J30: + | K30: =VLOOKUP(G30,Referencia!S66:T70,2) -> #N/A | N30: - Establecer por escrito las políticas de traslado y adquisiciones. - Elaborar un plan de protección civil que establezca como actuar en caso de un siniestro. | S30: 0.35 | T30: 4 | U30: =T30*S30 -> 1.4 | V30: =SUM(W30:W32) -> #N/A | W30: =U30*K14 -> #N/A | X30: =SUM(Y30:Y32) -> #N/A | Y30: =K30*S30 -> #N/A
B31: ¿Están documentadas, aplicadas y actualizadas las políticas y procedimientos de adquisiciones? | G31: 1. No está documentada | J31: + | K31: =VLOOKUP(G31,Referencia!S76:T80,2) -> #N/A | S31: 0.35 | U31: =T30*S31 -> 1.4 | W31: =K31*U31 -> #N/A | Y31: =K31*S31 -> #N/A
B32: ¿Se cuenta con un plan de protección civil que detalle como actuar en caso de algún siniestro? | E32: ? | G32: 1. No se tiene | J32: + | K32: =VLOOKUP(G32,Referencia!S86:T90,2) -> 0 | S32: 0.3 | U32: =T30*S32 -> 1.2 | W32: =K17*U32 -> 0 | Y32: =K32*S32 -> 0
B33: Documentación / Evidencia | G33: Capacidad Baja (1) | L33: Capacidad Básica (2) | M33: Capacidad Intermedia (3) | O33: Capacidad Fuerte (4) | S33: =SUM(S30:S32) -> 1 | X33: =X30*T30 -> #N/A
B34: Plan de protección civil | E34: =IF(K32=0%,0,(IF(K32<75%,1,2))) -> 0 | G34: - La organización no cuenta con políticas de traslados. - La organización no tiene políticas y procedimientos de adquisiciones. - No se cuenta con un plan de protección civil para evacuar en caso de un siniestro. | L34: - Se cuenta con políticas de traslados pero no están documentadas. - La organización cuenta con políticas de adquisiciones pero no están documentadas. - No se cuenta con un plan de protección civil pero el equipo ha acordado cómo evacuar en caso de un siniestro. | M34: - Se cuenta por escrito con políticas de traslados y adquisiciones pero están desactualizadas. - Se tiene un plan de protección civil desactualizado. | O34: - Se cuenta con políticas de traslados y adquisiciones, actualizadas y por escrito. - Se tiene un plan de protección civil actualizado que detalla como actuar en caso de un siniestro.
B40: Indicadores | O40: Puntaje (máximo 4) | P40: Porcentaje (máximo 100%)
O41: =P41*4 -> 0 | P41: =X43 -> 0
B42: Preguntas Generadoras | G42: Respuesta | L42: Situación Actual | N42: Recomendaciones | S42: Ponderación | T42: Valor Máximo | V42: Valor Alcanzado
B43: ¿Se cuenta con indicadores para medir el desempeño institucional y por áreas? (incluye metas o valor deseado, criterios de incumplimiento y la periodicidad) | E43: ? | G43: 1. No se ha realizado | J43: + | K43: =VLOOKUP(G43,Referencia!S96:T100,2) -> 0 | N43: - Establecer indicadores para medir el desempeño institucional. Los indicadores deberán de incluir el procedimiento de la medición, la periodicidad, los valores deseados y los criterios de incumplimiento. - Establecer un área o persona responsable del proceso de análisis de indicadores. - Desarrollar formatos de evaluación mensual y reuniones de retroalimentación de los resultados. - Automatizar indicadores. | S43: 0.3 | T43: 4 | U43: =T43*S43 -> 1.2 | V43: =SUM(W43:W47) -> 0 | W43: =U43*K43 -> 0 | X43: =SUM(Y43:Y47) -> 0 | Y43: =K43*S43 -> 0
B44: ¿Se recopilan los datos necesarios para cada uno de los indicadores establecidos? | G44: 1.No / No se tienen indicadores | J44: + | K44: =VLOOKUP(G44,Referencia!S106:T110,2) -> 0 | S44: 0.2 | U44: =T43*S44 -> 0.8 | W44: =U44*K44 -> 0 | Y44: =K44*S44 -> 0
B45: ¿Existe un área o persona especializada a cargo del proceso de análisis de indicadores? | G45: 1. No | J45: + | K45: =VLOOKUP(G45,Referencia!S116:T120,2) -> 0 | S45: 0.2 | U45: =T43*S45 -> 0.8 | W45: =U45*K45 -> 0 | Y45: =K45*S45 -> 0
B46: ¿Se elabora un documento de evaluación mensual y se analizan los resultados? | G46: 1. No se ha realizado | J46: + | K46: =VLOOKUP(G46,Referencia!S126:T130,2) -> 0 | S46: 0.2 | U46: =T43*S46 -> 0.8 | W46: =U46*K46 -> 0 | Y46: =K46*S46 -> 0
B47: ¿Los indicadores están automatizados? | G47: 1. No | J47: + | K47: =VLOOKUP(G47,Referencia!S136:T140,2) -> 0 | S47: 0.1 | U47: =T43*S47 -> 0.4 | W47: =U47*K47 -> 0 | Y47: =K47*S47 -> 0
B48: Documentación / Evidencia | G48: Capacidad Baja (1) | L48: Capacidad Básica (2) | M48: Capacidad Intermedia (3) | O48: Capacidad Fuerte (4) | S48: =SUM(S43:S47) -> 1 | X48: =X43*T43 -> 0
B49: Listado de indicadores de desempeño | E49: =IF(K43=0%,0,(IF(K43<75%,1,2))) -> 0 | G49: - La organización no ha definido indicadores de desempeño institucional que le permitan verificar el cumplimiento de metas. | L49: - La organización ha establecido indicadores de desempeño institucional. - La organización no recopila los datos necesarios para verificar su cumplimiento. - No se tienen definidos los periodos de medición. - No se han definido los valores deseados de los indicadores ni criterios de incumplimiento. | M49: - La organización ha establecido indicadores de desempeño institucional. - La organización recopila anualmente los datos necesarios para verificar su cumplimiento. - Se tienen definidos los periodos de medición pero no se cumplen. - Se han definido los valores deseados de indicadores pero no los criterios de incumplimiento. | O49: - La organización ha establecido indicadores de desempeño institucional. - La organización recopila de forma periódica los datos necesarios para verificar su cumplimiento. - Se tienen definidos los periodos de medición y se cumplen. - Se han definido los valores deseados de indicadores y los criterios de incumplimiento.
B55: Mejora Continua | O55: Puntaje (máximo 4) | P55: Porcentaje (máximo 100%)
O56: =P56*4 -> 0 | P56: =X58 -> 0
B57: Preguntas Generadoras | G57: Respuesta | L57: Situación Actual | N57: Recomendaciones | S57: Ponderación | T57: Valor Máximo | V57: Valor Alcanzado
B58: ¿Se cuenta con metas de calidad o comparativos de otras buenas prácticas que sirven de referencia a la organización? | G58: 1. No | J58: + | K58: =VLOOKUP(G58,Referencia!S146:T150,2) -> 0 | N58: - Integrar por escrito las buenas prácticas de otras organizaciones e instituciones que sirven de referencia a la organización en cada una de sus áreas y líneas de trabajo. - Implementar acciones/reuniones de mejora continua que incluyan mecanismos para la identificación de áreas de oportunidad, su análisis y la implementación y monitoreo de estrategias de solución. - Definir e Implementar mecanismos que permitan alcanzar estándares de eficiencia, eficacia y calidad de la atención de la población objetivo | S58: 0.3 | T58: 4 | U58: =T58*S58 -> 1.2 | V58: =SUM(W58:W60) -> 0 | W58: =U58*K58 -> 0 | X58: =SUM(Y58:Y60) -> 0 | Y58: =S58*K58 -> 0
B59: ¿Se realizan acciones de mejora continua en la organización? (Identificación de áreas de oportunidad e implementación y monitoreo de soluciones) | G59: 1. No | J59: + | K59: =VLOOKUP(G59,Referencia!S156:T158,2) -> 0 | S59: 0.35 | U59: =T58*S59 -> 1.4 | W59: =U59*K59 -> 0 | Y59: =S59*K59 -> 0
B60: ¿Se promueve el alcanzar altos estándares de eficiencia, eficacia y calidad en la atención de la población objetivo? | G60: 1. No se tienen definidos los estándares | J60: + | K60: =VLOOKUP(G60,Referencia!S164:T168,2) -> 0 | S60: 0.35 | U60: =T58*S60 -> 1.4 | W60: =U60*K60 -> 0 | Y60: =S60*K60 -> 0
B61: Documentación / Evidencia | G61: Capacidad Baja (1) | L61: Capacidad Básica (2) | M61: Capacidad Intermedia (3) | O61: Capacidad Fuerte (4) | S61: =SUM(S58:S60) -> 1 | X61: =X58*T58 -> 0
G62: - La organización no ha definido indicadores de desempeño institucional que le permitan verificar el cumplimiento de metas. | L62: - La organización ha establecido indicadores de desempeño institucional. - La organización no recopila los datos necesarios para verificar su cumplimiento. - No se tienen definidos los periodos de medición. - No se han definido los valores deseados de los indicadores ni criterios de incumplimiento. | M62: - La organización ha establecido indicadores de desempeño institucional. - La organización recopila anualmente los datos necesarios para verificar su cumplimiento. - Se tienen definidos los periodos de medición pero no se cumplen. - Se han definido los valores deseados de indicadores pero no los criterios de incumplimiento. | O62: La organización ha establecido indicadores de desempeño institucional. - La organización recopila de forma periódica los datos necesarios para verificar su cumplimiento. - Se tienen definidos los periodos de medición y se cumplen. - Se han definido los valores deseados de indicadores y los criterios de incumplimiento.

Sheet 4.0 Género e inclusión
B1: GÉNERO E INCLUSIÓN
C2: RESULTADOS | G2: ESCALA 4 | H2: ESCALA 100% | S2: Ponderación | T2: Valor Máximo | V2: Valor Alcanzado
C3: =B11 -> Políticas | G3: =O12 -> 0 | H3: =P12 -> 0 | I3: 1 | S3: 0.3 | T3: 4 | U3: =T3*S3 -> 1.2 | V3: =SUM(W3:W6) -> 0 | W3: =U3*(AVERAGE(H3)) -> 0 | X3: =SUM(Y3:Y6) -> 0 | Y3: =H3*S3 -> 0
C4: =B26 -> Implementación | G4: =O27 -> 0 | H4: =P27 -> 0 | I4: 1 | S4: 0.3 | U4: =T3*S4 -> 1.2 | W4: =U4*(AVERAGE(H4)) -> 0 | Y4: =H4*S4 -> 0
C5: =B40 -> Protocolos de actuación | G5: =O41 -> 0 | H5: =P41 -> 0 | I5: 1 | S5: 0.2 | U5: =T3*S5 -> 0.8 | W5: =U5*(AVERAGE(H5)) -> 0 | Y5: =H5*S5 -> 0
C6: =B53 -> Difusión | G6: =O54 -> 0 | H6: =P54 -> 0 | I6: 1 | S6: 0.2 | U6: =T3*S6 -> 0.8 | W6: =U6*(AVERAGE(H6)) -> 0 | Y6: =H6*S6 -> 0
C8: Puntaje Ponderado | G8: =H8*4 -> 0 | H8: =X3 -> 0 | S8: =SUM(S3:S6) -> 1 | U8: =SUM(U3:U6) -> 4 | W8: =SUM(W3:W6) -> 0
B11: Políticas | O11: Puntaje (máximo 4) | P11: Porcentaje (máximo 100%) | S11: Ponderación | T11: Valor Máximo | V11: Valor Alcanzado
O12: =P12*4 -> 0 | P12: =X14 -> 0
B13: Preguntas Generadoras | G13: Respuesta | L13: Situación Actual | N13: Recomendaciones
B14: ¿El organigrama está diseñado desde una perspectiva de igualdad de género? | G14: 1. No | J14: + | K14: =VLOOKUP(G14,Referencia!AA5:AB9,2) -> 0 | N14: - Revisar el diseño del organigrama desde una perspectiva de género. - Implementar mecanismos para que mujeres estén representadas dentro de la organización y ocupen puestos de toma de decisiones. - Desarrollar una política de igualdad de género, inclusión y no discriminación. - Establecer por escrito mecanismos para monitorear la político de igualdad de género, inclusión y no discriminación. - Establecer mecanismos de selección de personal que consideren la situación personal, la desigualdad de condiciones y que promuevan la equidad de género. - Elaborar y aplicar políticas para promover la igualdad laboral y no discriminación en las diferentes áreas y tareas de la organización. | S14: 0.15 | T14: 4 | U14: =T14*S14 -> 0.6 | V14: =SUM(W14:W18) -> 0 | W14: =U14*K14 -> 0 | X14: =SUM(Y14:Y18) -> 0 | Y14: =K14*S14 -> 0
B15: ¿Existen mecanismos para asegurar la igualdad de hombres y mujeres en la ocupación de puestos de toma de decisiones? | G15: 1. No | J15: + | K15: =VLOOKUP(G15,Referencia!AA15:AB19,2) -> 0 | S15: 0.35 | U15: =T14*S15 -> 1.4 | W15: =K15*U15 -> 0 | Y15: =K15*S15 -> 0
B16: ¿Existe una política / plan de igualdad de oportunidades y no discriminación? | E16: ? | G16: 1. No | J16: + | K16: =VLOOKUP(G16,Referencia!AA25:AB29,2) -> 0 | S16: 0.15 | U16: =T14*S16 -> 0.6 | W16: =K16*U16 -> 0 | Y16: =K16*S16 -> 0
B17: ¿Están implementados procedimientos para garantizar la aplicación del plan y/o política de género, inclusión y no discriminación? | G17: 1. No | J17: + | K17: =VLOOKUP(G17,Referencia!AA35:AB39,2) -> 0 | S17: 0.15 | U17: =T14*S17 -> 0.6 | W17: =K17*U17 -> 0 | Y17: =K17*S17 -> 0
B18: ¿Se promueven prácticas de igualdad laboral y no discriminación en las diferentes tareas de la organización? | G18: 1. No | J18: + | K18: =VLOOKUP(G18,Referencia!AA45:AB49,2) -> 0 | S18: 0.2 | U18: =T14*S18 -> 0.8 | W18: =K18*U18 -> 0 | Y18: =K18*S18 -> 0
B19: Documentación / Evidencia | G19: Capacidad Baja (1) | L19: Capacidad Básica (2) | M19: Capacidad Intermedia (3) | O19: Capacidad Fuerte (4) | S19: =SUM(S14:S18) -> 1 | X19: =X14*T14 -> 0
B20: Organigrama | E20: =IF(K14=0%,0,(IF(K14<75%,1,2))) -> 0 | G20: - El organigrama no contempla una perspectiva de género. - No existen mecanismos para garantizar igualdad entre hombres y mujeres en la ocupación de puestos de toma de decisiones. - No existe una política de igualdad de género, inclusión y no discriminación. - La organización no contempla prácticas a favor de la igualdad laboral y la no discriminación. | L20: - El organigrama está diseñado desde una perspectiva de género. - No existen mecanismos para garantizar igualdad entre hombres y mujeres en la ocupación de puestos de toma de decisiones. - Existe una política de igualdad de género, inclusión y no discriminación pero no está por escrito. - La organización promueve prácticas de igualdad laboral y no discriminación en algunas de sus áreas. | M20: - El organigrama está diseñado desde una perspectiva de género. - En la práctica se promueve la igualdad entre hombres y mujeres en la ocupación de puestos de toma de decisiones. - Existe una política de igualdad de género, inclusión y no discriminación, por escrito pero desactualizada. -Se han definido procedimientos para monitorear la política de género e inclusión pero no generalmente no se aplican. - La organización promueve prácticas de igualdad laboral y no discriminación en la mayoría de sus áreas. | O20: - El organigrama está diseñado desde una perspectiva de género. - Se cuenta con mecanismos documentados para asegurar la igualdad entre hombres y mujeres en la ocupación de puestos de toma de decisiones. - Existe una política de igualdad de género, inclusión y no discriminación, por escrito y actualizada. -Se aplican procedimientos para monitorear la política de género e inclusión de forma periódica. - La organización cuenta con políticas de igualdad laboral y no discriminación en sus diferentes áreas.
B21: Política / plan que establezca igualdad de oportunidades y no discriminación | E21: =IF(K16=0%,0,(IF(K16<75%,1,2))) -> 0
B22: Documento que institucionalice representación de igualitaria en puestos de toma de decisiones | E22: 1 | AF22: poner opción 0
B23: Procedimientos para garantizar la aplicación del plan y/o política de género, inclusión y no discriminación
B26: Implementación | O26: Puntaje (máximo 4) | P26: Porcentaje (máximo 100%) | S26: Ponderación | T26: Valor Máximo | V26: Valor Alcanzado
O27: =P27*4 -> 0 | P27: =X29 -> 0
B28: Preguntas Generadoras | G28: Respuesta | L28: Situación Actual | N28: Recomendaciones
B29: ¿Existen políticas escritas para la transversalización de la perspectiva de género conforme a los estándares internacionales (CEDAW, INMUJERES)? | E29: ? | G29: 1. No | J29: + | K29: =VLOOKUP(G29,Referencia!AA55:AB59,2) -> 0 | N29: - Desarrollar una política escrita para transversalizar la perspectiva de género de acuerdo a estándares internacionales. - Revisar que los objetivos estratégicos y acciones de la organización consideran criterios de género, inclusión y no discriminación. - Incorporar el lenguaje incluyente a las comunicaciones internas y externas. - Establecer sesiones periódicas de reflexión para abordar la perspectiva de género y la igualdad laboral. | S29: 0.3 | T29: 4 | U29: =T29*S29 -> 1.2 | V29: =SUM(W29:W32) -> 0 | W29: =U29*K29 -> 0 | X29: =SUM(Y29:Y32) -> 0 | Y29: =K29*S29 -> 0
B30: ¿Se consideran criterios de género en los objetivos y acciones de la organización? | G30: 1. No | J30: + | K30: =VLOOKUP(G30,Referencia!AA65:AB69,2) -> 0 | S30: 0.2 | U30: =T29*S30 -> 0.8 | W30: =K30*U30 -> 0 | Y30: =K30*S30 -> 0
B31: ¿Se emplea lenguaje incluyente en las comunicaciones internas y externas? | G31: 1. No | J31: + | K31: =VLOOKUP(G31,Referencia!AA75:AB79,2) -> 0 | S31: 0.2 | U31: =T29*S31 -> 0.8 | W31: =K31*U31 -> 0 | Y31: =K31*S31 -> 0
B32: ¿Se imparten capacitaciones para la comprensión del tema de género y la igualdad laboral? | G32: 1. No | J32: + | K32: =VLOOKUP(G32,Referencia!AA85:AB89,2) -> 0 | S32: 0.3 | U32: =T29*S32 -> 1.2 | W32: =K32*U32 -> 0 | Y32: =K32*S32 -> 0
B33: Documentación / Evidencia | G33: Capacidad Baja (1) | L33: Capacidad Básica (2) | M33: Capacidad Intermedia (3) | O33: Capacidad Fuerte (4) | S33: =SUM(S29:S32) -> 1 | X33: =X29*T29 -> 0
B34: Evidencia de capacitaciones sobre la política de género (Ej.: Listas de asistencia, fotografías, etc.) | E34: =IF(K32=0%,0,(IF(K32<75%,1,2))) -> 0 | G34: - La organización no aplica ni cuenta con políticas para la transversalización de la perspectiva de género. - La organización no considera los criterios de género en los objetivos y acciones de la organización. - No se utiliza el lenguaje incluyente en la comunicaciones internas y externas. - No se imparten capacitaciones al equipo en materia de género e igualdad laboral. | L34: - En algunas ocasiones se aplican políticas para la transversalización de la perspectiva de género pero no existen por escrito. - Se consideran criterios de género en algunos de los objetivos de la organización pero no en sus acciones. - Se emplea lenguaje incluyente ocasionalmente en la comunicaciones externas. - No se han impartido capacitaciones al equipo en materia de género e igualdad laboral. | M34: - Se aplican políticas para la transversalización de la perspectiva de género, alineadas a estándares internacionales, pero no existen por escrito. - Se consideran criterios de género en los objetivos y en las principales acciones de la organización. - Se emplea lenguaje incluyente en la mayoría de las comunicaciones internas y externas. - Se han impartido capacitaciones al equipo en materia de género e igualdad laboral. | O34: - Se cuenta con políticas escritas para la transversalización de la perspectiva de género actualizadas y aplicadas de acuerdo a estándares internacionales. - Se consideran criterios de género en los objetivos y acciones de la organización. - Se emplea lenguaje incluyente en la comunicaciones internas y externas. - Se imparten capacitaciones constantes al equipo en materia de género e igualdad laboral.
B40: Protocolos de actuación | O40: Puntaje (máximo 4) | P40: Porcentaje (máximo 100%) | S40: Ponderación | T40: Valor Máximo | V40: Valor Alcanzado
O41: =P41*4 -> 0 | P41: =X43 -> 0
B42: Preguntas Generadoras | G42: Respuesta | L42: Situación Actual | N42: Recomendaciones
B43: ¿Existe un protocolo de actuación para prevenir y actuar ante el acoso y el hostigamiento sexual? | E43: ? | G43: 1. No | J43: + | K43: =VLOOKUP(G43,Referencia!AA95:AB99,2) -> 0 | N43: - Generar protocolos de actuación escritos para prevenir el acoso y el hostigamiento sexual que incluyan criterios de incumplimiento, sanciones claras y cursos de acción a seguir. - Generar un protocolo de actuación para prevenir la discriminación que considere criterios de incumplimiento, sanciones y cursos de acción a seguir. - Definir por escrito mecanismos para supervisar el cumplimientos de protocolos de actuación desde una perspectiva de género y un enfoque de inclusión. | S43: 0.3 | T43: 4 | U43: =T43*S43 -> 1.2 | V43: =SUM(W43:W45) -> 0 | W43: =U43*K43 -> 0 | X43: =SUM(Y43:Y45) -> 0 | Y43: =K43*S43 -> 0
B44: ¿Se cuenta con un protocolo de actuación para prevenir discriminaciones por motivos de género, raza, etnia, condición social, o cualquier otra? | E44: ? | G44: 1. No | J44: + | K44: =VLOOKUP(G44,Referencia!AA105:AB109,2) -> 0 | S44: 0.3 | U44: =T43*S44 -> 1.2 | W44: =K44*U44 -> 0 | Y44: =K44*S44 -> 0
B45: ¿Existen mecanismos para supervisar el cumplimiento de los protocolos con perspectiva de género y enfoque de inclusión? | G45: 1. No | J45: + | K45: =VLOOKUP(G45,Referencia!AA115:AB119,2) -> 0 | S45: 0.4 | U45: =T43*S45 -> 1.6 | W45: =K45*U45 -> 0 | Y45: =K45*S45 -> 0
B46: Documentación / Evidencia | G46: Capacidad Baja (1) | L46: Capacidad Básica (2) | M46: Capacidad Intermedia (3) | O46: Capacidad Fuerte (4) | S46: =SUM(S43:S45) -> 1
B47: Protocolo de actuación para prevenir y reaccionar en casos de acoso y hostigamiento | E47: =IF(K43=0%,0,(IF(K43<75%,1,2))) -> 0 | G47: - La organización no valora necesario establecer protocolos de actuación desde una perspectiva de género para reacción ante casos de acoso, hostigamiento y discriminación. | L47: - La organización ha definido protocolos para reaccionar ante casos de acoso, hostigamiento y discriminación pero no desde una perspectiva de género. | M47: -La organización ha definido protocolos de actuación con perspectiva de género y enfoque de inclusión para reaccionar ante casos de acoso hostigamiento y discriminación, aunque no se encuentran por escrito. - Los protocolos no definen responsables de supervisión o acciones correctivas en caso de incumplimiento. | O47: - La organización ha definido por escrito protocolos de actuación con perspectiva de género y enfoque de inclusión para reaccionar ante casos de acoso, hostigamiento y discriminación. - Se han definido acciones concretas para la supervisión de protocolos y acciones correctivas en caso de incumplimiento del protocolo. | AF47: Modificar que el 25% es una tacha
B48: Protocolo de actuación para prevenir y reaccionar en casos de discriminación | E48: =IF(K44=0%,0,(IF(K44<75%,1,2))) -> 0
B53: Difusión | O53: Puntaje (máximo 4) | P53: Porcentaje (máximo 100%) | S53: Ponderación | T53: Valor Máximo | V53: Valor Alcanzado
O54: =P54*4 -> 0 | P54: =X56 -> 0
B55: Preguntas Generadoras | G55: Respuesta | L55: Situación Actual | N55: Recomendaciones
B56: ¿La política de género e inclusión se ha presentado al personal de manera impresa o digital? | G56: 1. No | J56: + | K56: =VLOOKUP(G56,Referencia!AA125:AB129,2) -> 0 | N56: - Difundir entre el equipo la política de género e inclusión de forma digital o impresa. - Organizar actividades para verificar el conocimiento y aplicación de la política de género y o discriminación en todos los niveles de la organización. | S56: 0.3 | T56: 4 | U56: =T56*S56 -> 1.2 | V56: =SUM(W56:W57) -> 0 | W56: =U56*K56 -> 0 | X56: =SUM(Y56:Y58) -> 0 | Y56: =K56*S56 -> 0
B57: ¿Se desarrollan actividades en todos los niveles para verificar el conocimiento y la aplicación de la política de género y no discriminación? | G57: 1. No | J57: + | K57: =VLOOKUP(G57,Referencia!AA135:AB139,2) -> 0 | S57: 0.7 | U57: =T56*S57 -> 2.8 | W57: =K57*U57 -> 0 | Y57: =K57*S57 -> 0
B58: Documentación / Evidencia | G58: Capacidad Baja (1) | L58: Capacidad Básica (2) | M58: Capacidad Intermedia (3) | O58: Capacidad Fuerte (4) | S58: =SUM(S56:S57) -> 1 | X58: =X56*T56 -> 0
G59: - La organización no difunde entre las personas colaboradoras su política de género y no discriminación. - No se llevan a cabo actividades para verificar el conocimiento y la aplicación de la política de género en el ámbito laboral. | L59: - La organización presenta a las personas colaboradoras su política de género y no discriminación de manera informal. - En algunos niveles de la organización se llevan a cabo actividades para verificar únicamente el conocimiento de la política de género en el ámbito laboral. | M59: - La organización presenta a las personas colaboradoras su política de género y no discriminación de manera informal. - En algunos niveles de la organización se llevan a cabo actividades para verificar el conocimiento y aplicación de la política de género en el ámbito laboral. | O59: - La organización presenta a las personas colaboradoras su política de género y no discriminación de forma escrita. - La organización lleva a cabo actividades en todos los niveles para verificar el conocimiento y la aplicación de la política de género en el ámbito laboral.

Sheet 5.0 Capital Humano
B1: CAPITAL HUMANO
C2: RESULTADOS | G2: ESCALA 4 | H2: ESCALA 100% | S2: Ponderación | T2: Valor Máximo | V2: Valor Alcanzado
C3: =B11 -> Políticas y manuales | G3: =O12 -> 0 | H3: =P12 -> 0 | I3: 1 | S3: 0.2 | T3: 4 | U3: =T3*S3 -> 0.8 | V3: =SUM(W3:W6) -> 0 | W3: =U3*H3 -> 0 | X3: =SUM(Y3:Y6) -> 0 | Y3: =H3*S3 -> 0
C4: =B24 -> Gestión de Recursos Humanos | G4: =O25 -> 0 | H4: =P25 -> 0 | I4: 1 | S4: 0.3 | U4: =T3*S4 -> 1.2 | W4: =U4*H4 -> 0 | Y4: =H4*S4 -> 0
C5: =B39 -> Reclutamiento | G5: =O40 -> 0 | H5: =P40 -> 0 | I5: 1 | S5: 0.2 | U5: =T3*S5 -> 0.8 | W5: =U5*H5 -> 0 | Y5: =H5*S5 -> 0
C6: =B58 -> Capacitación | G6: =O59 -> 0 | H6: =P59 -> 0 | I6: 1 | S6: 0.3 | U6: =T3*S6 -> 1.2 | W6: =U6*H6 -> 0 | Y6: =H6*S6 -> 0
C8: Puntaje Ponderado | G8: =V3 -> 0 | H8: =X3 -> 0 | S8: =SUM(S3:S6) -> 1 | U8: =SUM(U3:U6) -> 4 | W8: =SUM(W3:W6) -> 0
B11: Políticas y manuales | O11: Puntaje (máximo 4) | P11: Porcentaje (máximo 100%) | S11: Ponderación | T11: Valor Máximo | V11: Valor Alcanzado
O12: =P12*4 -> 0 | P12: =X14 -> 0
B13: Preguntas Generadoras | G13: Respuesta | L13: Situación Actual | N13: Recomendaciones
B14: ¿Se cuenta con un código de conducta o una política específica para señalar el comportamiento contrario a la ética de la organización? | E14: ? | G14: 1. No | J14: + | K14: =VLOOKUP(G14,Referencia!AI5:AJ9,2) -> 0 | N14: - Elaborar un código de conducta o una política para identificar el comportamiento contrario a la ética de la organización. - Establecer mecanismos para supervisar el código de conducta. - Incluir en el código de ética lineamientos para garantizar la calidad de la atención y el trato igualitario y no discriminatorio a la población objetivo. | S14: 0.3 | T14: 4 | U14: =T14*S14 -> 1.2 | V14: =SUM(W14:W16) -> 0 | W14: =U14*K14 -> 0 | X14: =SUM(Y14:Y16) -> 0 | Y14: =K14*S14 -> 0
B15: ¿Se supervisa el cumplimiento del código de conducta? | G15: 1. No | J15: + | K15: =VLOOKUP(G15,Referencia!AI15:AJ19,2) -> 0 | S15: 0.4 | U15: =T14*S15 -> 1.6 | W15: =K15*U15 -> 0 | Y15: =K15*S15 -> 0
B16: ¿Existen lineamientos o acciones documentadas para garantizar la calidad en la atención, el trato igualitario y no discriminatorio a la población objetivo? | G16: 1. No | J16: + | K16: =VLOOKUP(G16,Referencia!AI25:AJ29,2) -> 0 | S16: 0.3 | U16: =T14*S16 -> 1.2 | W16: =K16*U16 -> 0 | Y16: =K16*S16 -> 0
B17: Documentación / Evidencia | G17: Capacidad Baja (1) | L17: Capacidad Básica (2) | M17: Capacidad Intermedia (3) | O17: Capacidad Fuerte (4) | S17: =SUM(S14:S16) -> 1 | X17: =X14*T14 -> 0
B18: Código de conducta | E18: =IF(K14=0%,0,(IF(K14<75%,1,2))) -> 0 | G18: -La organización no cuenta con un código de conducta alineado a la ética de la organización ni con acuerdos de convivencia. - La organización no toma medidas para garantizar la calidad en la atención y el trato igualitario y no discriminatorio a la población objetivo. | L18: - La organización no cuenta con un código de conducta pero sí con acuerdos de convivencia alineados a la ética de la organización. - No se supervisa el cumplimiento de los acuerdos de convivencia. - La organización procura la calidad en la atención y el trato igualitario y no discriminatorio a la población objetivo. | M18: - La organización tiene un código de conducta por escrito aunque incompleto. - En algunos casos se revisa el cumplimiento del código de conducta. - Existen lineamientos no escritos para garantizar la calidad en la atención y el trato igualitario y no discriminatorio a la población objetivo. | O18: - Se cuenta con un código de conducta escrito y actualizado. - La organización supervisa constantemente el cumplimiento del código de conducta. - Existen lineamientos documentados que garantizan la calidad en la atención y el trato igualitario y no discriminatorio a la población objetivo.
B19: Lineamientos sobre calidad atención y trato igualitario | E19: =IF(K16=0%,0,(IF(K16<75%,1,2))) -> 0
B24: Gestión de Recursos Humanos | O24: Puntaje (máximo 4) | P24: Porcentaje (máximo 100%) | S24: Ponderación | T24: Valor Máximo | V24: Valor Alcanzado
O25: =P25*4 -> 0 | P25: =X27 -> 0
B26: Preguntas Generadoras | G26: Respuesta | L26: Situación Actual | N26: Recomendaciones
B27: ¿La organización cuenta con una política de administración de personal, perfiles de cargos y un sistema de pagos? | E27: ? | G27: 1. No | J27: + | K27: =VLOOKUP(G27,Referencia!AI35:AJ39,2) -> 0 | N27: - Establecer por escrito la política de administración del personal y el sistema de pagos. - Incluir a la política de administración perfiles de cargos, tabulador, horarios de tiempo completo y medio tiempo, y políticas de estímulos salariales y no salariales. - Incorporar a la política de administración acciones afirmativas que impulsen la inclusión, no discriminación y la igualdad de oportunidades entre mujeres y hombres. - Definir acciones para dar a conocer al equipo la política de administración del personal. - Designar a una persona responsable de reunir en un registro histórico único los expedientes del personal. | S27: 0.4 | T27: 4 | U27: =T27*S27 -> 1.6 | V27: =SUM(W27:W31) -> 0 | W27: =U27*K27 -> 0 | X27: =SUM(Y27:Y31) -> 0 | Y27: =K27*S27 -> 0
B28: ¿Existen políticas escritas vigentes para determinar estímulos salariales y no salariales? | E28: ? | G28: 1. No | J28: + | K28: =VLOOKUP(G28,Referencia!AI45:AJ49,2) -> 0 | S28: 0.25 | U28: =T27*S28 -> 1 | W28: =K28*U28 -> 0 | Y28: =K28*S28 -> 0
B29: ¿Existen acciones afirmativas por escrito que impulsen la inclusión, no discriminación y la igualdad de oportunidades entre hombres y mujeres? | G29: 1. No | J29: + | K29: =VLOOKUP(G29,Referencia!AI55:AJ59,2) -> 0 | S29: 0.1 | U29: =T27*S29 -> 0.4 | W29: =K29*U29 -> 0 | Y29: =K29*S29 -> 0
B30: ¿Se da a conocer al equipo las políticas de administración de personal? | G30: 1. No | J30: + | K30: =VLOOKUP(G30,Referencia!AI65:AJ69,2) -> 0 | S30: 0.1 | U30: =T27*S30 -> 0.4 | W30: =K30*U30 -> 0 | Y30: =K30*S30 -> 0
B31: ¿Se encuentran, reunidos en un registro histórico, los expedientes del personal? | G31: 1. No | J31: + | K31: =VLOOKUP(G31,Referencia!AI75:AJ79,2) -> 0 | S31: 0.15 | U31: =T27*S31 -> 0.6 | W31: =K31*U31 -> 0 | Y31: =K31*S31 -> 0
B32: Documentación / Evidencia | G32: Capacidad Baja (1) | L32: Capacidad Básica (2) | M32: Capacidad Intermedia (3) | O32: Capacidad Fuerte (4) | S32: =SUM(S27:S31) -> 1
B33: Política de administración de personal | E33: =IF(K27=0%,0,(IF(K27<75%,1,2))) -> 0 | G33: - La organización no cuenta con políticas claras para la administración de personal que establezcan horarios, remuneraciones, estímulos o acciones afirmativas. - No existe un registro de los expedientes de las personas colaboradoras. | L33: - La organización cuenta con políticas para la administración de personal que establecen horarios y remuneraciones. - La organización no tiene políticas definidas para los estímulos salariales y no salariales. - La organización no implementa acciones afirmativas. - La organización difunde entre algunos miembros directivos las políticas de administración de personal. - Existe un registro de los expedientes de algunas de las personas colaboradoras pero no está centralizado. | M33: - La organización cuenta con políticas para la administración de personal que establecen horarios y remuneraciones, pero deben actualizarse. - Se tienen políticas definidas de estímulos salariales y no salariales. -Se aplican acciones afirmativas para impulsar la inclusión y la igualdad de oportunidades pero no están documentadas. - La organización difunde entre algunos miembros directivos las políticas de administración de personal. - Existe un registro de los expedientes de todas las personas colaboradoras pero no está centralizado. | O33: - La organización cuenta con políticas escritas y actualizadas para la administración de personal que establecen horarios y remuneraciones. - Existen y se aplican `políticas de estímulos salariales y no salariales. - Existen por escrito acciones afirmativas que impulsan la inclusión y la igualdad de oportunidades. - La organización difunde entre todo el equipo las políticas de administración de personal. - Existe un registro centralizado y actualizado de los expedientes de todas las personas colaboradoras.
B34: Políticas de estímulos salariales | E34: =IF(K28=0%,0,(IF(K28<75%,1,2))) -> 0
B35: Ejemplo de un expediente del personal | E35: =IF(K31=0%,0,(IF(K31<75%,1,2))) -> 0
B36: Perfiles de cargo /puesto | E36: =IF(K27=0%,0,(IF(K27<75%,1,2))) -> 0
B39: Reclutamiento | O39: Puntaje (máximo 4) | P39: Porcentaje (máximo 100%) | S39: Ponderación | T39: Valor Máximo | V39: Valor Alcanzado
O40: =P40*4 -> 0 | P40: =X42 -> 0
B41: Preguntas Generadoras | G41: Respuesta | L41: Situación Actual | N41: Recomendaciones
B42: ¿La organización realiza convocatorias públicas de vacantes u ofertas de trabajo? | G42: 1. No | J42: + | K42: =VLOOKUP(G42,Referencia!AI85:AJ89,2) -> 0 | N42: - Establecer un proceso de selección de personal basado en convocatorias públicas de vacantes y una selección apegada a criterios definidos. -Incorporar en el proceso de selección de personal la perspectiva de género. - Incluir en la selección de personal medidas para garantizar la transparencia del proceso. - Desarrollar perfiles de cargos administrativos y financieros que especifiquen las calificaciones y habilidades técnicas requeridas para dichos cargos. - Establecer un mecanismo para identificar las habilidades técnicas de las personas en cargos administrativos y financieros, o bien, identificar las necesidades de capacitación del equipo en esos cargos. - Desarrollar una política para la selección y administración de personas voluntarias, que contemple trámites de servicio social y vínculos con universidades. Establecer mecanismos para fortalecer compromiso de personas colaboradoras externas. - Definir por escrito un procedimiento para la salida de una persona del equipo y el traspaso de sus responsabilidades. - Desarrollar una política de inducción y materiales para introducir la labor de la organización a una persona de nuevo ingreso. -Incorporar al proceso de inducción la perspectiva de género. | S42: 0.1 | T42: 4 | U42: =T42*S42 -> 0.4 | V42: =SUM(W42:W49) -> 0 | W42: =U42*K42 -> 0 | X42: =SUM(Y42:Y49) -> 0 | Y42: =K42*S42 -> 0
B43: ¿Se cuenta con una política de reclutamiento y selección de personal desde una perspectiva de género? | G43: 1. No | J43: + | K43: =VLOOKUP(G43,Referencia!AI95:AJ99,2) -> 0 | S43: 0.1 | U43: =T42*S43 -> 0.4 | W43: =K43*U43 -> 0 | Y43: =K43*S43 -> 0
B44: ¿Se establecen políticas de transparencia en el proceso de selección de aspirantes? | G44: 1. No | J44: + | K44: =VLOOKUP(G44,Referencia!AI105:AJ109,2) -> 0 | S44: 0.1 | U44: =T42*S44 -> 0.4 | W44: =K44*U44 -> 0 | Y44: =K44*S44 -> 0
B45: ¿Los cargos administrativos y financieros están ocupados por personas calificadas con las habilidades requeridas? | G45: 1. No | J45: + | K45: =VLOOKUP(G45,Referencia!AI115:AJ119,2) -> 0 | S45: 0.25 | U45: =T42*S45 -> 1 | W45: =K45*U45 -> 0 | Y45: =K45*S45 -> 0
B46: ¿Existen procedimientos o políticas para la selección y gestión de pasantes, voluntarios y servicio social? | G46: 1. No | J46: + | K46: =VLOOKUP(G46,Referencia!AI125:AJ129,2) -> 0 | S46: 0.1 | U46: =T42*S46 -> 0.4 | W46: =K46*U46 -> 0 | Y46: =K46*S46 -> 0
B47: ¿Se han definido procedimientos para cubrir las responsabilidades de una persona que deja un puesto vacante? | E47: ? | G47: 1. No | J47: + | K47: =VLOOKUP(G47,Referencia!AI135:AJ139,2) -> 0 | S47: 0.1 | U47: =T42*S47 -> 0.4 | W47: =K47*U47 -> 0 | Y47: =K47*S47 -> 0
B48: ¿Se llevan a cabo procesos de inducción para las personas que se integran a trabajar al equipo? | E48: ? | G48: 1. No | J48: + | K48: =VLOOKUP(G48,Referencia!AI145:AJ149,2) -> 0 | S48: 0.15 | U48: =T42*S48 -> 0.6 | W48: =K48*U48 -> 0 | Y48: =K48*S48 -> 0
B49: ¿En el proceso de inducción se presenta la política de igualdad de género y no discriminación? | G49: 1. No | J49: + | K49: =VLOOKUP(G49,Referencia!AI155:AJ159,2) -> 0 | S49: 0.1 | U49: =T42*S49 -> 0.4 | W49: =K49*U49 -> 0 | Y49: =K49*S49 -> 0
B50: Documentación / Evidencia | G50: Capacidad Baja (1) | L50: Capacidad Básica (2) | M50: Capacidad Intermedia (3) | O50: Capacidad Fuerte (4) | S50: =SUM(S42:S49) -> 1
B51: Política de reclutamiento y selección de personal o similar | E51: =IF(K43=0%,0,(IF(K43<75%,1,2))) -> 0 | G51: - La organización integra a nuevo personal mediante convocatorias de vacantes entre conocidos del equipo y un proceso de selección a discreción del equipo administrativo. - La selección de personal no se realiza desde una perspectiva de género y no discriminación. - El proceso de inducción recae en el área en la que laborará la nueva persona y no siempre se lleva a cabo. -En la inducción no se presenta la política de igualdad de género y no discriminación de la organización. | L51: - La organización integra a nuevo personal mediante convocatorias de vacantes abiertas al público y un proceso de selección a discreción del equipo administrativo. - La selección de personal se realiza en algunas ocasiones desde una perspectiva de género y no discriminación. - La inducción es un proceso que se lleva a cabo únicamente dentro del área en la que laborará la nueva persona. -En la inducción no se presenta la política de igualdad de género y no discriminación de la organización. | M51: - La organización integra a nuevo personal mediante convocatorias de vacantes abiertas al público y un proceso de selección transparente. - La selección de personal se realiza casi siempre desde una perspectiva de género y no discriminación. - Se lleva a cabo un proceso de inducción formal en el que se presentan las áreas que componen la organización. -En algunas inducciones se presenta la política de igualdad de género y no discriminación de la organización. | O51: - La organización integra a nuevo personal mediante convocatorias de vacantes abiertas al público y un proceso de selección transparente - La selección de personal se realiza siempre desde una perspectiva de género y no discriminación. - Se cuenta con un proceso de inducción formal y documentado que contempla la presentación de las áreas que componen la organización y las políticas que rigen el trabajo y la convivencia del equipo. -En la inducción siempre se presenta la política de igualdad de género y no discriminación de la organización.
B52: Procedimientos o políticas para la selección y administración de voluntarias y voluntarios | E52: =IF(K46=0%,0,(IF(K46<75%,1,2))) -> 0
B53: Procedimientos o políticas de traspaso de responsabilidades | E53: =IF(K47=0%,0,(IF(K47<75%,1,2))) -> 0
B54: Proceso de inducción | E54: =IF(K48=0%,0,(IF(K48<75%,1,2))) -> 0
B55: Perfiles de puesto
B58: Capacitación | O58: Puntaje (máximo 4) | P58: Porcentaje (máximo 100%) | S58: Ponderación | T58: Valor Máximo | V58: Valor Alcanzado
O59: =P59*4 -> 0 | P59: =X61 -> 0
B60: Preguntas Generadoras | G60: Respuesta | L60: Situación Actual | N60: Recomendaciones
B61: ¿Se cuenta con un plan de capacitación alineado a los planes estratégicos y operativos de la organización? | E61: ? | G61: 1. No | J61: + | K61: =VLOOKUP(G61,Referencia!AI165:AJ169,2) -> 0 | N61: - Desarrollar un plan de capacitaciones alineado a los planes estratégico y operativo de la organización. - Establecer mecanismos para conocer las necesidades de formación del equipo. - Establecer indicadores de desempeño individual para medir el cumplimiento de metas y la aportación a programas. | S61: 0.3 | T61: 4 | U61: =T61*S61 -> 1.2 | V61: =SUM(W61:W63) -> 0 | W61: =U61*K61 -> 0 | X61: =SUM(Y61:Y63) -> 0 | Y61: =K61*S61 -> 0
B62: ¿La organización realiza un diagnóstico de los conocimientos y necesidades del personal para determinar el plan de capacitación? | G62: 1. No | J62: + | K62: =VLOOKUP(G62,Referencia!AI175:AJ179,2) -> 0 | S62: 0.3 | U62: =T61*S62 -> 1.2 | W62: =K62*U62 -> 0 | Y62: =K62*S62 -> 0
B63: ¿La organización mide el desempeño individual a partir del logro de metas y la aportación a programas? | G63: 1. No | J63: + | K63: =VLOOKUP(G63,Referencia!AI185:AJ189,2) -> 0 | S63: 0.4 | U63: =T61*S63 -> 1.6 | W63: =K63*U63 -> 0 | Y63: =K63*S63 -> 0
B64: Documentación / Evidencia | G64: Capacidad Baja (1) | L64: Capacidad Básica (2) | M64: Capacidad Intermedia (3) | O64: Capacidad Fuerte (4) | S64: =SUM(S61:S63) -> 1
B65: Plan de capacitación | E65: =IF(K61=0%,0,(IF(K61<75%,1,2))) -> 0 | G65: - El equipo de la organización no participa en capacitaciones y se dedica por completo al desempeño de sus funciones. | L65: - Se organizan capacitaciones del equipo de acuerdo a las oportunidades que se presentan. - La organización toma en cuenta el desempeño personal de las personas colaboradoras pero no lleva a cabo diagnósticos de las necesidades de formación del personal. | M65: - La organización aplica un plan de capacitación alineado a la planeación estratégica que atiende las necesidades de formación del personal. - La organización no realiza diagnósticos con las personas colaboradoras para generar el plan de capacitación. | O65: - Existe un plan de capacitación por escrito alineado a la planeación estratégica. - La organización genera el plan de capacitación a partir de diagnósticos periódicos de las necesidades de formación del personal, y de los registros de desempeño individual.
B66: Indicadores de desempeño individual | E66: =IF(K63=0%,0,(IF(K63<75%,1,2))) -> 0
B67: Evidencia de capacitaciones (Ej. Listas de asistencia, fotografías)

Sheet 6.0 Monitoreo y evaluación
B1: MONITOREO Y EVALUACIÓN
C2: RESULTADOS | G2: ESCALA 4 | H2: ESCALA 100% | S2: Ponderación | T2: Valor Máximo | V2: Valor Alcanzado
C3: =B11 -> Estrategia de monitoreo y evaluación | G3: =O12 -> 0 | H3: =P12 -> 0 | I3: 1 | S3: 0.4 | T3: 4 | U3: =T3*S3 -> 1.6 | V3: =SUM(W3:W5) -> 0 | W3: =U3*H3 -> 0 | X3: =SUM(Y3:Y5) -> 0 | Y3: =S3*H3 -> 0
C4: =B28 -> Aplicación de aprendizajes | G4: =O29 -> 0 | H4: =P29 -> 0 | I4: 1 | S4: 0.3 | U4: =T3*S4 -> 1.2 | W4: =U4*H4 -> 0 | Y4: =S4*H4 -> 0
C5: =B42 -> Desempeño institucional | G5: =O43 -> 0 | H5: =P43 -> 0 | I5: 1 | S5: 0.3 | U5: =T3*S5 -> 1.2 | W5: =U5*H5 -> 0 | Y5: =S5*H5 -> 0
I6: 1
C8: Puntaje Ponderado | G8: =V3 -> 0 | H8: =X3 -> 0 | S8: =SUM(S3:S6) -> 1 | U8: =SUM(U3:U6) -> 4 | W8: =SUM(W3:W6) -> 0
B11: Estrategia de monitoreo y evaluación | O11: Puntaje (máximo 4) | P11: Porcentaje (máximo 100%) | S11: Ponderación | T11: Valor Máximo | V11: Valor Alcanzado
O12: =P12*4 -> 0 | P12: =X14 -> 0
B13: Preguntas Generadoras | G13: Respuesta | L13: Situación Actual | N13: Recomendaciones
B14: ¿Se cuenta con un plan de monitoreo, evaluación y aprendizaje institucional por escrito? | E14: ? | G14: 1. No | J14: + | K14: =VLOOKUP(G14,Referencia!AQ5:AR9,2) -> 0 | N14: - Desarrollar un plan de monitoreo, evaluación y aprendizaje alineado a los objetivos e indicadores de desempeño del plan estratégico. - Incorporar al plan de monitoreo líneas base, metas e indicadores. - Establecer dentro del plan de monitoreo la medición de calidad de los servicios y programas de acuerdo a referencias de buenas prácticas. - Establecer por escrito un mecanismo de evaluación de los programas para comprobar si son replicables. - Realizar un análisis por escrito de las escalas en las que puede intervenir la organización con sus diferentes programas. - Establecer un mecanismo de evaluación de las problemáticas locales y el impacto del trabajo colaborativo desde un enfoque participativo. | S14: 0.2 | T14: 4 | U14: =T14*S14 -> 0.8 | V14: =SUM(W14:W21) -> 0 | W14: =U14*K14 -> 0 | X14: =SUM(Y14:Y20) -> 0 | Y14: =K14*S14 -> 0
B15: ¿El plan de monitoreo institucional está alineado a los objetivos e indicadores de desempeño del plan estratégico? | G15: 1. No | J15: + | K15: =VLOOKUP(G15,Referencia!AQ15:AR19,2) -> 0 | S15: 0.15 | U15: =T14*S15 -> 0.6 | W15: =K15*U15 -> 0 | Y15: =K15*S15 -> 0
B16: ¿El plan de monitoreo incluye líneas base, metas e indicadores? | G16: 1. No | J16: + | K16: =VLOOKUP(G16,Referencia!AQ25:AR29,2) -> 0 | S16: 0.2 | U16: =T14*S16 -> 0.8 | W16: =K16*U16 -> 0 | Y16: =K16*S16 -> 0
B17: ¿Se cuenta con referencias de buenas prácticas para la medición de calidad de los servicios y programas? | G17: 1. No | J17: + | K17: =VLOOKUP(G17,Referencia!AQ35:AR39,2) -> 0 | S17: 0.15 | U17: =T14*S17 -> 0.6 | W17: =K17*U17 -> 0 | Y17: =K17*S17 -> 0
B18: ¿Se evalúa si los programas son replicables? | G18: 1. No | J18: + | K18: =VLOOKUP(G18,Referencia!AQ45:AR49,2) -> 0 | S18: 0.1 | U18: =T14*S18 -> 0.4 | W18: =K18*U18 -> 0 | Y18: =K18*S18 -> 0
B19: ¿Se analizan las escalas en las que puede intervenir la organización (llegar a nuevas poblaciones)? | G19: 1. No | J19: + | K19: =VLOOKUP(G19,Referencia!AQ55:AR59,2) -> 0 | S19: 0.1 | U19: =T14*S19 -> 0.4 | W19: =K19*U19 -> 0 | Y19: =K19*S19 -> 0
B20: ¿Se evalúan las problemáticas locales y el impacto del trabajo colaborativo desde un enfoque participativo? | G20: 1. No | J20: + | K20: =VLOOKUP(G20,Referencia!AQ65:AR69,2) -> 0 | S20: 0.1 | U20: =T14*S20 -> 0.4 | W20: =K20*U20 -> 0 | Y20: =K20*S20 -> 0
B21: Documentación / Evidencia | G21: Capacidad Baja (1) | L21: Capacidad Básica (2) | M21: Capacidad Intermedia (3) | O21: Capacidad Fuerte (4) | S21: =SUM(S14:S20) -> 1 | X21: =X14*T14 -> 0
B22: Plan de monitoreo y evaluación | E22: =IF(K14=0%,0,(IF(K14<75%,1,2))) -> 0 | G22: - La organización no cuenta con un plan de monitoreo y evaluación. - La organización no analiza la replicabilidad y las posibles escalas de sus programas. - No se utilizan referencias de buenas prácticas de otras organizaciones. - No se evalúan las problemáticas locales o el impacto del trabajo colaborativo. | L22: - La organización cuenta con un plan de monitoreo y evaluación pero éste no está por escrito. - El plan de monitoreo y evaluación contempla metas por proyecto, pero no indicadores ni líneas base. -En algunas áreas se toman en cuenta referencias de buenas prácticas de otras organizaciones, pero no están por escrito. - La organización analiza si sus programas son replicables pero no reflexiona sobre la intervención en nuevas escalas. -Para algunos de los programas se evalúan las problemáticas locales y el impacto del trabajo colaborativo pero sin la participación de la población objetivo. | M22: - La organización cuenta con un plan de monitoreo y evaluación, por escrito y alineado a los objetivos del plan estratégico. - El plan de monitoreo y evaluación contempla metas e indicadores por proyecto y líneas base de esos indicadores. -En todas las áreas se toman en cuenta referencias de buenas prácticas, aunque no siempre están por escrito. - La organización analiza si sus programas son replicables y en qué escalas puede intervenir. - Se evalúan las problemáticas locales y el impacto del trabajo colaborativo pero sin la participación de la población objetivo. | O22: - La organización cuenta con un plan de monitoreo y evaluación, documentado y actualizado, que está alineado a los objetivos e indicadores de desempeño del plan estratégico. - El plan de monitoreo contempla líneas base, metas e indicadores de desempeño institucional, no por proyecto. -En todas las áreas existen por escrito estándares de buenas prácticas de otras organizaciones. - La organización analiza si los programas son replicables y en qué escalas puede intervenir. - Se evalúan las problemáticas locales y el impacto del trabajo colaborativo a partir de dinámicas participativas con población objetivo.
B28: Aplicación de aprendizajes | O28: Puntaje (máximo 4) | P28: Porcentaje (máximo 100%) | S28: Ponderación | T28: Valor Máximo | V28: Valor Alcanzado
O29: =P29*4 -> 0 | P29: =X31 -> 0
B30: Preguntas Generadoras | G30: Respuesta | L30: Situación Actual | N30: Recomendaciones
B31: ¿Se utilizan los hallazgos de la evaluación en la toma de decisiones de la organización? | G31: 1. No | J31: + | K31: =VLOOKUP(G31,Referencia!AQ75:AR79,2) -> 0 | N31: - Definir mecanismos para considerar los hallazgos de evaluaciones en la toma de decisiones de la organización. - Establecer metodologías para aplicar diagnósticos participativos a la población objetivo e incorporar su visión al diseño de programas. - Determinar por escrito cuando se generarán publicaciones o informes a partir de los resultados de evaluaciones. - Definir cómo quisiera la organización difundir estándares de calidad y distribuir responsabilidades para llevarlo a cabo. | S31: 0.3 | T31: 4 | U31: =T31*S31 -> 1.2 | V31: =SUM(W31:W34) -> 0 | W31: =U31*K31 -> 0 | X31: =SUM(Y31:Y34) -> 0 | Y31: =K31*S31 -> 0
B32: ¿Se consideran los resultados de los diagnósticos participativos con la población objetivo en el diseño de programas y servicios? | G32: 1. No | J32: + | K32: =VLOOKUP(G32,Referencia!AQ85:AR89,2) -> 0 | S32: 0.25 | U32: =T31*S32 -> 1 | W32: =K32*U32 -> 0 | Y32: =K32*S32 -> 0
B33: ¿Se generan publicaciones o informes institucionales con los hallazgos de las evaluaciones? | E33: ? | G33: 1. No | J33: + | K33: =VLOOKUP(G33,Referencia!AQ95:AR99,2) -> 0 | S33: 0.25 | U33: =T31*S33 -> 1 | W33: =K33*U33 -> 0 | Y33: =K33*S33 -> 0
B34: ¿Se difunden nuevos estándares de calidad con diferentes comunidades de aprendizaje? (aplica casos de éxito) | G34: 1. No | J34: + | K34: =VLOOKUP(G34,Referencia!AQ105:AR109,2) -> 0 | S34: 0.2 | U34: =T31*S34 -> 0.8 | W34: =K34*U34 -> 0 | Y34: =K34*S34 -> 0
B35: Documentación / Evidencia | G35: Capacidad Baja (1) | L35: Capacidad Básica (2) | M35: Capacidad Intermedia (3) | O35: Capacidad Fuerte (4) | S35: =SUM(S31:S34) -> 1 | X35: =X31*T31 -> 0
B36: Informe anual de actividades o equivalente | E36: =IF(K33=0%,0,(IF(K33<75%,1,2))) -> 0 | G36: - Los resultados de las evaluaciones no son considerados por la organización en la toma de decisiones. - La organización no considera los ejercicios de diagnóstico participativo en el diseño de programas. -Los informes de la organización no contemplan resultados de las evaluaciones. - La organización no difunde estándares de calidad entre comunidades de aprendizaje. | L36: - Los resultados de las evaluaciones no son considerados por la organización en la toma de decisiones. - La organización no considera los ejercicios de diagnóstico participativo en el diseño de programas. - Los informes de la organización rara vez contemplan los resultados de las evaluaciones. La organización difunde estándares de calidad entre comunidades de aprendizaje mediante la publicación de informes. | M36: - Los resultados de las evaluaciones influyen en algunas decisiones. - Los diagnósticos participativos son considerados en ocasiones en el diseño de programas. - Los informes de la organización algunas veces incluyen resultados y hallazgos de las evaluaciones. - La organización difunde estándares de calidad mediante informes y retroalimentación con las comunidades con las que trabaja normalmente. | O36: - Los resultados de las evaluaciones son insumos fundamentales para los procesos de toma de decisiones. - Los diagnósticos participativos son considerados en el diseño de programas. - Los informes de la organización siempre incluyen resultados y hallazgos de las evaluaciones. - La organización difunde nuevos estándares de calidad con diferentes comunidades de aprendizaje.
B37: Informe de hallazgos o similar | E37: =IF(K33=0%,0,(IF(K33<75%,1,2))) -> 0
B42: Desempeño institucional | O42: Puntaje (máximo 4) | P42: Porcentaje (máximo 100%) | S42: Ponderación | T42: Valor Máximo | V42: Valor Alcanzado
O43: =P43*4 -> 0 | P43: =X45 -> 0
B44: Preguntas Generadoras | G44: Respuesta | L44: Situación Actual | N44: Recomendaciones
B45: ¿La organización ha establecido metas de desempeño y plazos de cumplimiento? | G45: 1. No | J45: + | K45: =VLOOKUP(G45,Referencia!AQ115:AR119,2) -> 0 | N45: - Establecer metas de desempeño institucional con plazos de cumplimiento. - Designar a una persona dentro del equipo encargada del monitoreo y la evaluación. - Generar un sistema de evaluación de desempeño institucional. - Desarrollar un plan de mejora de la organización. | S45: 0.2 | T45: 4 | U45: =T45*S45 -> 0.8 | V45: =SUM(W45:W48) -> 0 | W45: =U45*K45 -> 0 | X45: =SUM(Y45:Y48) -> 0 | Y45: =K45*S45 -> 0
B46: ¿Existe un área o persona especializada para evaluar el cumplimiento de metas de la organización? | G46: 1. No | J46: + | K46: =VLOOKUP(G46,Referencia!AQ125:AR129,2) -> 0 | S46: 0.2 | U46: =T45*S46 -> 0.8 | W46: =K46*U46 -> 0 | Y46: =K46*S46 -> 0
B47: ¿La organización cuenta con un sistema de evaluación institucional documentado y aplicado? | G47: 1. No | J47: + | K47: =VLOOKUP(G47,Referencia!AQ135:AR139,2) -> 0 | S47: 0.4 | U47: =T45*S47 -> 1.6 | W47: =K47*U47 -> 0 | Y47: =K47*S47 -> 0
B48: ¿Se consideran los resultados de evaluación en la toma de decisiones y la elaboración de planes de mejora? | G48: 1. No | J48: + | K48: =VLOOKUP(G48,Referencia!AQ145:AR149,2) -> 0 | S48: 0.2 | U48: =T45*S48 -> 0.8 | W48: =K48*U48 -> 0 | Y48: =K48*S48 -> 0
B49: Documentación / Evidencia | G49: Capacidad Baja (1) | L49: Capacidad Básica (2) | M49: Capacidad Intermedia (3) | O49: Capacidad Fuerte (4) | S49: =SUM(S45:S48) -> 1 | X49: =X45*T45 -> 0
B50: Indicadores de desempeño institucional | E50: =IF(K45=0%,0,(IF(K45<75%,1,2))) -> 0 | G50: - La organización no ha establecido metas de desempeño institucional ni plazos de cumplimiento. - La organización no cuenta con un sistema de evaluación de desempeño institucional. - La organización no considera resultados de evaluaciones en los planes de mejora o en los procesos de toma de decisiones. | L50: - La organización ha establecido metas de desempeño institucional pero no plazos de cumplimiento. - Rara vez se pide a alguien dentro del equipo que registre el cumplimiento de metas. - La organización no cuenta con un sistema de evaluación del desempeño institucional pero realiza evaluaciones con distintas metodologías. - La organización no considera los resultados de evaluaciones en los planes de mejora o en los procesos de toma de decisiones. | M50: - La organización ha establecido metas de desempeño institucional pero no plazos de cumplimiento. - Alguien dentro del equipo registra de manera periódica el cumplimiento de metas de desempeño institucional y analiza los resultados en relación a lo proyectado. - La organización cuenta con un sistema de evaluación de desempeño institucional aplicado pero no documentado. - En su mayoría, los resultados de las evaluaciones son con considerados en la elaboración de planes de mejora y en los procesos de toma de decisiones. | O50: - La organización ha establecido metas de desempeño institucional y plazos de cumplimiento por escrito. - Un área o persona especializada registra de manera periódica el cumplimiento de metas de desempeño institucional y analiza los resultados en relación a lo proyectado. - La organización cuenta con un sistema de evaluación de desempeño institucional documentado y aplicado. - Los resultados de las evaluaciones inciden en la elaboración de planes de mejora y en los procesos de toma de decisiones.
B51: Sistema de evaluación | E51: =IF(K47=0%,0,(IF(K47<75%,1,2))) -> 0

Sheet 7.0 Gestión recursos
B1: GESTIÓN DE RECURSOS DE LA ORGANIZACIÓN
C2: RESULTADOS | G2: ESCALA 4 | H2: ESCALA 100% | S2: Ponderación | T2: Valor Máximo | V2: Valor Alcanzado | AA2: Ponderación | AB2: Valor Máximo | AD2: Valor Alcanzado
C3: =B11 -> Activos físicos y materiales | G3: =O12 -> 0 | H3: =P12 -> 0 | I3: 1 | S3: 0.2 | T3: 4 | U3: =T3*S3 -> 0.8 | V3: =SUM(W3:W6) -> 0 | W3: =H3*U3 -> 0 | X3: =SUM(Y3:Y6) -> 0 | Y3: =H3*S3 -> 0 | AA3: 0.15 | AB3: 4 | AC3: =AB3*AA3 -> 0.6 | AD3: =SUM(AE3:AE5) -> 0 | AE3: =AC3*(AVERAGE(H3)) -> 0 | AF3: =SUM(AG3:AG6) -> 0 | AG3: =H3*AA3 -> 0
C4: =B26 -> Gestión de información | G4: =O27 -> 0 | H4: =P27 -> 0 | I4: 1 | S4: 0.2 | U4: =T3*S4 -> 0.8 | W4: =H4*U4 -> 0 | Y4: =H4*S4 -> 0 | AA4: 0.15 | AC4: =AB3*AA4 -> 0.6 | AE4: =AC4*(AVERAGE(H4)) -> 0 | AG4: =H4*AA4 -> 0
C5: =B41 -> Recursos financieros | G5: =O42 -> 0 | H5: =P42 -> 0 | I5: 1 | S5: 0.3 | U5: =T3*S5 -> 1.2 | W5: =H5*U5 -> 0 | Y5: =H5*S5 -> 0 | AA5: 0.7 | AC5: =AB3*AA5 -> 2.8 | AE5: =AC5*(AVERAGE(H5)) -> 0 | AG5: =H5*AA5 -> 0
C6: =B56 -> Administración de subvenciones | G6: =O57 -> 0 | H6: =P57 -> 0 | I6: 1 | S6: 0.3 | U6: =T3*S6 -> 1.2 | W6: =H6*U6 -> 0 | Y6: =H6*S6 -> 0
C8: Puntaje Ponderado | G8: =IF(G6="N/A",AD3,V3) -> 0 | H8: =IF(H6="N/A",AF3,X3) -> 0 | S8: =SUM(S3:S6) -> 1 | U8: =SUM(U3:U6) -> 4 | W8: =SUM(W3:W6) -> 0
B11: Activos físicos y materiales | O11: Puntaje (máximo 4) | P11: Porcentaje (máximo 100%) | S11: Ponderación | T11: Valor Máximo | V11: Valor Alcanzado
O12: =P12*4 -> 0 | P12: =X14 -> 0
B13: Preguntas Generadoras | G13: Respuesta | L13: Situación Actual | N13: Recomendaciones
B14: ¿Existe disponibilidad TICs de acuerdo al incremento del equipo? | G14: 1. No | J14: + | K14: =VLOOKUP(G14,Referencia!AY5:AZ9,2) -> 0 | N14: - Identificar las necesidades de equipo de cómputo dentro de la organización y las posibilidades de adquirirlo. - Generar una estrategia para conseguir el software que requiere el equipo de cómputo. - Establecer por escrito un calendario para el respaldo de información. - Definir por escrito la aplicación de mecanismos para contrarrestar violaciones de seguridad (como la contratación de antivirus). - Desarrollar lineamientos para el robo y extravío de equipamiento. | S14: 0.3 | T14: 4 | U14: =T14*S14 -> 1.2 | V14: =SUM(W14:W18) -> 0 | W14: =U14*K14 -> 0 | X14: =SUM(Y14:Y18) -> 0 | Y14: =K14*S14 -> 0
B15: ¿Los equipos de cómputo tienen conexión a internet y el software necesario para operar? | G15: 1. No | J15: + | K15: =VLOOKUP(G15,Referencia!AY15:AZ19,2) -> 0 | S15: 0.3 | U15: =T14*S15 -> 1.2 | W15: =K15*U15 -> 0 | Y15: =K15*S15 -> 0
B16: ¿Se llevan a cabo respaldos de forma periódica? | E16: ? | G16: 1. No | J16: + | K16: =VLOOKUP(G16,Referencia!AY25:AZ29,2) -> 0 | S16: 0.15 | U16: =T14*S16 -> 0.6 | W16: =K16*U16 -> 0 | Y16: =K16*S16 -> 0
B17: ¿Se cuenta con mecanismos para contrarrestar virus o violaciones de seguridad? | G17: 1. No | J17: + | K17: =VLOOKUP(G17,Referencia!AY35:AZ39,2) -> 0 | S17: 0.15 | U17: =T14*S17 -> 0.6 | W17: =K17*U17 -> 0 | Y17: =K17*S17 -> 0
B18: ¿Existen lineamientos para el extravío y robo de equipamiento? | E18: ? | G18: 1. No | J18: + | K18: =VLOOKUP(G18,Referencia!AY45:AZ49,2) -> 0 | S18: 0.1 | U18: =T14*S18 -> 0.4 | W18: =K18*U18 -> 0 | Y18: =K18*S18 -> 0
B19: Documentación / Evidencia | G19: Capacidad Baja (1) | L19: Capacidad Básica (2) | M19: Capacidad Intermedia (3) | O19: Capacidad Fuerte (4) | S19: =SUM(S14:S18) -> 1
B20: Política de respaldo de información | E20: =IF(K16=0%,0,(IF(K16<75%,1,2))) -> 0 | G20: - La organización no tiene TICs con conexión a internet y con el software necesario para que el equipo realice su trabajo. - No se lleva a cabo el respaldo de información o la protección de los equipos de cómputo. - La organización no cuenta con lineamientos para el extravío y robo de equipamiento. | L20: - La organización tiene Tics con conexión a internet y pero sin el software necesario. - No se lleva a cabo el respaldo de información o la protección de los equipos de cómputo. - La organización no cuenta con lineamientos para el extravío y robo de equipamiento. | M20: - La organización tiene TICs con conexión a internet y el software necesario. - Se respalda información y se lleva a cabo un mantenimiento preventivo de los equipos de cómputo pero no se cuenta con procesos documentados. - La organización cuenta con lineamientos para el extravío y robo de equipamiento. | O20: - La organización tiene TICs con conexión a internet y el software necesario. - Existen procesos documentados y aplicados para el respaldo de información y la protección de los equipos de cómputo. - La organización cuenta con lineamientos escritos para el extravío y robo de equipamiento.
B21: Mecanismos para contrarrestar violaciones de información | E21: =IF(K17=0%,0,(IF(K17<75%,1,2))) -> 0
B22: Lineamientos para extravío y robo de equipamiento | E22: =IF(K18=0%,0,(IF(K18<75%,1,2))) -> 0
B26: Gestión de información | O26: Puntaje (máximo 4) | P26: Porcentaje (máximo 100%) | S26: Ponderación | T26: Valor Máximo | V26: Valor Alcanzado
O27: =P27*4 -> 0 | P27: =X29 -> 0
B28: Preguntas Generadoras | G28: Respuesta | L28: Situación Actual | N28: Recomendaciones
B29: ¿Se utilizan canales internos de comunicación para compartir información? | G29: 1. No se comparte información internamente | J29: + | K29: =VLOOKUP(G29,Referencia!AY55:AZ59,2) -> 0 | N29: - Establecer canales de comunicación formales de acuerdo a las necesidades y tamaño del equipo. - Implementar mecanismos claros para que el equipo siempre cuente con la información para cumplir sus funciones. - Desarrollar políticas de gestión del conocimiento alineadas a la planeación estratégica. - Establecer por escrito criterios para garantizar la fiabilidad, exactitud, seguridad y relevancia de la información manejada por la organización. - Definir actividades calendarizadas para la reproducción del conocimiento de la organización como, por ejemplo, foros de debate. | S29: 0.2 | T29: 4 | U29: =T29*S29 -> 0.8 | V29: =SUM(W29:W33) -> 0 | W29: =U29*K29 -> 0 | X29: =SUM(Y29:Y33) -> 0 | Y29: =K29*S29 -> 0
B30: ¿Se garantiza que todo el equipo cuente con acceso a la información relacionada a sus responsabilidades? | G30: 1. No | J30: + | K30: =VLOOKUP(G30,Referencia!AY65:AZ69,2) -> 0 | S30: 0.2 | U30: =T29*S30 -> 0.8 | W30: =K30*U30 -> 0 | Y30: =K30*S30 -> 0
B31: ¿Se cuenta con una política de gestión del conocimiento para difundir los conocimientos adquiridos por la organización y fomentar el intercambio de ideas? | E31: ? | G31: 1. No | J31: + | K31: =VLOOKUP(G31,Referencia!AY75:AZ79,2) -> 0 | S31: 0.2 | U31: =T29*S31 -> 0.8 | W31: =K31*U31 -> 0 | Y31: =K31*S31 -> 0
B32: ¿Se asegura permanentemente la fiabilidad, exactitud, seguridad y relevancia de la información y el conocimiento de la organización? | G32: 1. No | J32: + | K32: =VLOOKUP(G32,Referencia!AY85:AZ89,2) -> 0 | S32: 0.2 | U32: =T29*S32 -> 0.8 | W32: =K32*U32 -> 0 | Y32: =K32*S32 -> 0
B33: ¿Se realizan actividades para la reproducción del conocimiento como foros de debate? | G33: 1. No | J33: + | K33: =VLOOKUP(G33,Referencia!AY95:AZ99,2) -> 0 | S33: 0.2 | U33: =T29*S33 -> 0.8 | W33: =K33*U33 -> 0 | Y33: =K33*S33 -> 0
B34: Documentación / Evidencia | G34: Capacidad Baja (1) | L34: Capacidad Básica (2) | M34: Capacidad Intermedia (3) | O34: Capacidad Fuerte (4) | S34: =SUM(S29:S33) -> 1 | X34: =X29*T29 -> 0
B35: Políticas de gestión del conocimiento | E35: =IF(K31=0%,0,(IF(K31<75%,1,2))) -> 0 | G35: - No se cuenta con canales de comunicación interna establecidos. - El equipo no tiene acceso a la información necesaria para desempeñar sus funciones. - No se gestiona la información de acuerdo a la planeación estratégica. - La organización no comprueba la fiabilidad, exactitud, seguridad y relevancia de la información que maneja. - No se realizan actividades públicas para difundir el conocimiento colectivo de la organización. | L35: - Se cuenta con canales de comunicación informales para compartir información interna. - El equipo no siempre tiene acceso a la información requerida para desempeñar sus funciones. - Algunas veces se gestiona la información de acuerdo a la planeación estratégica. - La organización comprueba en ocasiones la fiabilidad, exactitud, seguridad y relevancia de la información que maneja. - No se realizan actividades públicas para difundir el conocimiento colectivo de la organización. | M35: - Se cuenta con canales de comunicación formales (como juntas o boletines) para compartir información dentro de la organización. - El equipo casi siempre tiene acceso a la información requerida para desempeñar sus funciones. - En general se gestiona la información de acuerdo a la planeación estratégica. - La organización comprueba la fiabilidad, exactitud, seguridad y relevancia de la información que maneja. - En ocasiones se realizan actividades públicas para difundir el conocimiento colectivo de la organización. | O35: - Se cuenta con canales de comunicación formales (como juntas o boletines) para compartir información dentro de la organización. - Se promueve que todo el equipo tenga acceso a la información necesaria para desempeñar sus funciones. - Se gestiona la información de acuerdo a políticas alineadas a la planeación estratégica. - La organización se asegura de la fiabilidad, exactitud, seguridad y relevancia de la información. - La organización se ocupa de reproducir y difundir el conocimiento con eventos públicos.
B41: Recursos financieros | O41: Puntaje (máximo 4) | P41: Porcentaje (máximo 100%) | S41: Ponderación | T41: Valor Máximo | V41: Valor Alcanzado
O42: =P42*4 -> 0 | P42: =X44 -> 0
B43: Preguntas Generadoras | G43: Respuesta | L43: Situación Actual | N43: Recomendaciones
B44: ¿Se cuenta con mecanismos para garantizar la eficiencia y transparencia del proceso de ejecución presupuestaria? | E44: ? | G44: 1. No | J44: + | K44: =VLOOKUP(G44,Referencia!AY105:AZ109,2) -> 0 | N44: - Establecer mecanismos escritos para la ejecución presupuestaria que garanticen eficiencia y transparencia. - Actualizar el sistema de contabilidad. - Definir acciones y responsabilidades para contar con reportes financieros periódicos. - Especificar por escrito la separación de labores entre el personal de procuración de fondos y el personal que maneja los gastos. - Definir acciones para garantizar la realización de una auditoría externa al menos una vez al año. | S44: 0.2 | T44: 4 | U44: =T44*S44 -> 0.8 | V44: =SUM(W44:W48) -> 0 | W44: =U44*K44 -> 0 | X44: =SUM(Y44:Y48) -> 0 | Y44: =K44*S44 -> 0
B45: ¿Se cuenta con un sistema de contabilidad electrónico actualizado? | G45: 1. No | J45: + | K45: =VLOOKUP(G45,Referencia!AY115:AZ119,2) -> 0 | S45: 0.15 | U45: =T44*S45 -> 0.6 | W45: =K45*U45 -> 0 | Y45: =K45*S45 -> 0
B46: ¿Se cuenta con reportes financieros periódicos? | G46: 1. No | J46: + | K46: =VLOOKUP(G46,Referencia!AY125:AZ129,2) -> 0 | S46: 0.3 | U46: =T44*S46 -> 1.2 | W46: =K46*U46 -> 0 | Y46: =K46*S46 -> 0
B47: ¿Existe una separación de labores entre el personal de procuración de fondos y el personal que maneja los gastos? | G47: 1. Las mismas personas realizan labores de procuración y manejo de gastos | J47: + | K47: =VLOOKUP(G47,Referencia!AY135:AZ139,2) -> 0 | S47: 0.15 | U47: =T44*S47 -> 0.6 | W47: =K47*U47 -> 0 | Y47: =K47*S47 -> 0
B48: ¿Se lleva a cabo un proceso de auditoría externa anual? | E48: ? | G48: 1. No | J48: + | K48: =VLOOKUP(G48,Referencia!AY145:AZ149,2) -> 0 | S48: 0.2 | U48: =T44*S48 -> 0.8 | W48: =K48*U48 -> 0 | Y48: =K48*S48 -> 0
B49: Documentación / Evidencia | G49: Capacidad Baja (1) | L49: Capacidad Básica (2) | M49: Capacidad Intermedia (3) | O49: Capacidad Fuerte (4) | S49: =SUM(S44:S48) -> 1 | X49: =X44*T44 -> 0
B50: Proceso de ejecución presupuestaria | E50: =IF(K44=0%,0,(IF(K44<75%,1,2))) -> 0 | G50: - La organización no cuenta con políticas para gestionar el presupuesto y tiene dificultades para presentar reportes financieros. - No se cuenta con un sistema de contabilidad electrónico actualizado. - No existe una separación de labores entre el personal de procuración de fondos y el personal que maneja los gastos. - La organización no se somete desde hace más de tres años a un proceso de auditoría externa. | L50: - La organización cuenta con políticas y mecanismos para llevar a cabo la gestión del presupuesto pero no de una forma eficiente y transparente. - No se cuenta con un sistema de contabilidad electrónico actualizado. - La organización cuenta con reportes financieros semestrales. - Existe una separación de labores entre el personal de procuración de fondos y el personal que maneja los gastos. - La organización no se somete actualmente a procesos de auditoría externa. | M50: - La organización cuenta con políticas y mecanismos para llevar a cabo la gestión del presupuesto de manera transparente pero poco eficiente. - Se cuenta con un sistema de contabilidad electrónico actualizado. - La organización cuenta con reportes financieros mensuales. - Existe una separación de labores entre el personal de procuración de fondos y el personal que maneja los gastos. - La organización se somete a un proceso de auditoría externa pero no siempre se realiza cada año. | O50: - La organización cuenta con políticas y mecanismos para llevar a cabo la gestión del presupuesto de manera eficiente y transparente. - Se cuenta con un sistema de contabilidad electrónico actualizado. - La organización cuenta con reportes financieros mensuales. Existe una separación de labores entre el personal de procuración de fondos y el personal que maneja los gastos. - La organización se somete a un proceso de auditoría externa cada año.
B51: Reportes financieros periódicos | E51: =IF(K46=0%,0,(IF(K46<75%,1,2))) -> 0
B52: Ejemplo de una auditoría interna y externa | E52: =IF(K48=0%,0,(IF(K48<75%,1,2))) -> 0
B56: Administración de subvenciones | O56: Puntaje (máximo 4) | P56: Porcentaje (máximo 100%) | S56: Ponderación | T56: Valor Máximo | V56: Valor Alcanzado
O57: =IF(P57="N/A","N/A",(P57*4)) -> 0 | P57: =X59 -> 0
B58: Preguntas Generadoras | G58: Respuesta | L58: Situación Actual | N58: Recomendaciones
B59: ¿Existe una política que establezca las reglas y procesos en la asignación y gestión de subvenciones? | E59: ? | G59: 1. No | J59: + | K59: =VLOOKUP(G59,Referencia!AY155:AZ160,2) -> 0 | N59: -Desarrollar una política que establezca reglas y procesos en la asignación y gestión de subvenciones. Incorporar a la política de subvenciones los requisitos y criterios de elegibilidad de propuestas. - Elaborar materiales para OSCs postulantes con los requisitos para presentar propuestas. - Definición por escrito del proceso de pre-evaluación de capacidades administrativas y financieras de OSC con criterios para determinar su grado de riesgo y las condiciones mínimas que deben cumplir para recibir una subvención. - Elaborar materiales para las OSC postulantes en los que se indiquen los documentos y formatos de presentación de informes financieros y planes de trabajo. - Establecer mecanismos por escrito para la entrega de información y materiales a OSC que soliciten una subvención. | S59: 0.25 | T59: 4 | U59: =T59*S59 -> 1 | V59: =IF(K59="N/A","N/A",(SUM(W59:W63))) -> 0 | W59: =U59*K59 -> 0 | X59: =IF(K59="N/A","N/A",(SUM(Y59:Y63))) -> 0 | Y59: =K59*S59 -> 0
B60: ¿Se han establecido requisitos y criterios de elegibilidad de propuestas? | G60: 1. No | J60: + | K60: =VLOOKUP(G60,Referencia!AY166:AZ171,2) -> 0 | S60: 0.2 | U60: =T59*S60 -> 0.8 | W60: =K60*U60 -> 0 | Y60: =K60*S60 -> 0
B61: ¿Existen materiales que brinden información a las OSC postulantes para la presentación de propuestas? | G61: 1. No | J61: + | K61: =VLOOKUP(G61,Referencia!AY177:AZ182,2) -> 0 | S61: 0.1 | U61: =T59*S61 -> 0.4 | W61: =K61*U61 -> 0 | Y61: =K61*S61 -> 0
B62: ¿Se lleva a cabo una pre-evaluación de las capacidades administrativas y financieras de las OSC para determinar grado de riesgo y condiciones mínimas antes de otorgar la subvención? | G62: 1. No | J62: + | K62: =VLOOKUP(G62,Referencia!AY188:AZ193,2) -> 0 | S62: 0.25 | U62: =T59*S62 -> 1 | W62: =K62*U62 -> 0 | Y62: =K62*S62 -> 0
B63: ¿Se proporciona a las OSC información, documentos y formatos para la presentación de reportes programáticos, financieros, de impuestos y planes de trabajo? | G63: 1. No | J63: + | K63: =VLOOKUP(G63,Referencia!AY199:AZ204,2) -> 0 | S63: 0.2 | U63: =T59*S63 -> 0.8 | W63: =K63*U63 -> 0 | Y63: =K63*S63 -> 0
B64: Documentación / Evidencia | G64: Capacidad Baja (1) | L64: Capacidad Básica (2) | M64: Capacidad Intermedia (3) | O64: Capacidad Fuerte (4) | S64: =SUM(S59:S63) -> 1 | W64: =X59*T59 -> 0
B65: Política de reglas y procesos en asignación y gestión de subvenciones | E65: =IF(K59=0%,0,(IF(K59<75%,1,2))) -> 0 | G65: - No se cuenta con una política para la asignación y administración de subvenciones que establezca reglas, requisitos, criterios de selección y obligaciones de las OSC. La organización no proporciona materiales que brinden información a las OSC postulantes para la presentación de propuestas. - La organización no lleva a cabo una pre-evaluación de las capacidades administrativas y financieras de las OSC. - No se presenta a las OSC los compromisos que deben adquirir para que les sea otorgada una subvención y los formatos para la presentación de reportes. | L65: - Se cuenta con una política no documentada para la asignación y administración de subvenciones que establece reglas, requisitos, criterios de selección y obligaciones de las OSC. - La organización no proporciona materiales que brinden información a las OSC postulantes para la presentación de propuestas. - La organización no lleva a cabo una pre-evaluación de las capacidades administrativas y financieras de las OSC. - Se informa a las OSC sobre los compromisos que deben adquirir para que les sea otorgada una subvención y los formatos para la presentación de reportes. | M65: - Se cuenta con una política escrita para la asignación y administración de subvenciones que establece reglas, requisitos, criterios de selección y obligaciones de las OSC. - La organización proporciona materiales que brinden información a las OSC postulantes para la presentación de propuestas. - La organización a veces lleva a cabo una pre-evaluación de las capacidades administrativas y financieras de las OSC. - Se informa a las OSC sobre los compromisos que deben adquirir para que les sea otorgada una subvención y los formatos para la presentación de reportes. | O65: - Se cuenta con una política escrita para la asignación y administración de subvenciones que establece reglas, requisitos, criterios de selección y obligaciones de las OSC en materia de informes y comprobaciones. - La organización proporciona materiales que brindan información a las OSC postulantes para la presentación de propuestas. - La organización lleva a cabo una pre-evaluación de las capacidades administrativas y financieras de las OSC. - Siempre se informa a las OSC sobre los compromisos que deben adquirir para que les sea otorgada una subvención y los formatos para la presentación de reportes.
B66: Materiales para OSC postulantes sobre presentación de propuestas | E66: =IF(K61=0%,0,(IF(K61<75%,1,2))) -> 0
B67: Procedimiento o formatos de pre-evaluación de capacidades administrativas y financieras | E67: =IF(K62=0%,0,(IF(K62<75%,1,2))) -> 0
B68: Documentos y formatos para OSC para la presentación de reportes | E68: =IF(K63=0%,0,(IF(K63<75%,1,2))) -> 0

Sheet 8.0 Comunicación externa
B1: COMUNICACIÓN EXTERNA
C2: RESULTADOS | G2: ESCALA 4 | H2: ESCALA 100% | S2: Ponderación | T2: Valor Máximo | V2: Valor Alcanzado
C3: =B11 -> Planeación | G3: =O12 -> 0 | H3: =P12 -> 0 | I3: 1 | S3: 0.3 | T3: 4 | U3: =T3*S3 -> 1.2 | V3: =SUM(W3:W6) -> 0 | W3: =U3*H3 -> 0 | X3: =SUM(Y3:Y6) -> 0 | Y3: =H3*S3 -> 0
C4: =B27 -> Implementación | G4: =O28 -> 0 | H4: =P28 -> 0 | I4: 1 | S4: 0.3 | U4: =T3*S4 -> 1.2 | W4: =U4*H4 -> 0 | Y4: =H4*S4 -> 0
C5: =B41 -> Medición | G5: =O42 -> 0 | H5: =P42 -> 0 | I5: 1 | S5: 0.1 | U5: =T3*S5 -> 0.4 | W5: =U5*H5 -> 0 | Y5: =H5*S5 -> 0
C6: =B54 -> Incidencia | G6: =O55 -> 0 | H6: =P55 -> 0 | I6: 1 | S6: 0.3 | U6: =T3*S6 -> 1.2 | W6: =U6*H6 -> 0 | Y6: =H6*S6 -> 0
C8: Puntaje Ponderado | G8: =V3 -> 0 | H8: =X3 -> 0
B11: Planeación | O11: Puntaje (máximo 4) | P11: Porcentaje (máximo 100%) | S11: Ponderación | T11: Valor Máximo | V11: Valor Alcanzado
O12: =P12*4 -> 0 | P12: =X14 -> 0
B13: Preguntas Generadoras | G13: Respuesta | L13: Situación Actual | N13: Recomendaciones
B14: ¿Se cuenta con una estrategia de comunicación escrita y alineada a la planeación estratégica? | E14: ? | G14: 1. No | J14: + | K14: =VLOOKUP(G14,Referencia!BG5:BH9,2) -> 0 | N14: - Retomar estrategias de comunicación por proyecto para diseñar una estrategia integral de comunicación que contemple públicos objetivo y mensajes clave. - Generar lineamientos para la generación y difusión de contenidos. - Definir mecanismos escritos de vocería y para gestionar el contacto con medios de comunicación. - Desarrollar un plan de comunicación anual que contemple campañas y acciones de incidencia. - Mantener espacios de difusión existentes. - Identificar posibles espacios de difusión en medios de comunicación y plataformas digitales. - Designar a una persona responsable de coordinar la comunicación interna y externa. - Establecer lineamientos para que quien genera y publica contenido tenga tiempo e insumos necesarios. | S14: 0.25 | T14: 4 | U14: =T14*S14 -> 1 | V14: =SUM(W14:W19) -> 0 | W14: =U14*K14 -> 0 | X14: =SUM(Y14:Y19) -> 0 | Y14: =K14*S14 -> 0
B15: ¿Existen lineamientos escritos para la generación y difusión de contenidos? | G15: 1. No | J15: + | K15: =VLOOKUP(G15,Referencia!BG15:BH19,2) -> 0 | S15: 0.05 | U15: =T14*S15 -> 0.2 | W15: =K15*U15 -> 0 | Y15: =K15*S15 -> 0
B16: ¿Se han establecido mecanismos de vocería u otros para gestionar el contacto medios de comunicación? | G16: 1. No | J16: + | K16: =VLOOKUP(G16,Referencia!BG25:BH29,2) -> 0 | S16: 0.1 | U16: =T14*S16 -> 0.4 | W16: =K16*U16 -> 0 | Y16: =K16*S16 -> 0
B17: ¿Existe un plan de comunicación anual alineado a la estrategia de comunicación y la planeación estratégica? | E17: ? | G17: 1. No | J17: + | K17: =VLOOKUP(G17,Referencia!BG35:BH39,2) -> 0 | S17: 0.3 | U17: =T14*S17 -> 1.2 | W17: =K17*U17 -> 0 | Y17: =K17*S17 -> 0
B18: ¿La organización cuenta con suficiente personal capacitado para gestionar la estrategia de comunicación externa? | G18: 1. No cuenta con una persona encargada de la comunicación externa | J18: + | K18: =VLOOKUP(G18,Referencia!BG45:BH49,2) -> 0 | S18: 0.15 | U18: =T14*S18 -> 0.6 | W18: =K18*U18 -> 0 | Y18: =K18*S18 -> 0
B19: ¿El equipo de comunicación cuenta con el material necesario para generar contenidos de publicación? | G19: 1. No tiene acceso a información para generar contenidos | J19: + | K19: =VLOOKUP(G19,Referencia!BG55:BH59,2) -> 0 | S19: 0.15 | U19: =T14*S19 -> 0.6 | W19: =K19*U19 -> 0 | Y19: =K19*S19 -> 0
B20: Documentación / Evidencia | G20: Capacidad Baja (1) | L20: Capacidad Básica (2) | M20: Capacidad Intermedia (3) | O20: Capacidad Fuerte (4) | S20: =SUM(S14:S19) -> 1
B21: Estrategia de comunicación | E21: =IF(K14=0%,0,(IF(K14<75%,1,2))) -> 0 | G21: - No se cuenta con una estrategia de comunicación alineada a la planeación estratégica. - Existen algunos formatos de estilo para la generación de contenidos. - La organización no ha establecido mecanismos de vocería para gestionar el contacto con medios. - La organización no cuenta con un plan operativo anual de comunicación que detalle acciones y plazos. - No se cuenta con personal suficiente para gestionar la estrategia de comunicación externa. - Las diferentes áreas rara vez contribuyen con materiales para la comunicación externa. | L21: - Se cuenta con una estrategia de comunicación no alineada a la planeación estratégica que no está documentada. - La estrategia incluye algunos formatos de estilo para la generación de contenidos. - La organización no ha establecido mecanismos de vocería para gestionar el contacto con medios. - La organización cuenta con un plan operativo anual de comunicación que detalla acciones pero no plazos. - No se cuenta con personal suficiente para gestionar la estrategia de comunicación externa. - Las diferentes áreas contribuyen con materiales para la comunicación externa de forma esporádica. | M21: - Se cuenta por escrito con una estrategia de comunicación no alineada a la planeación estratégica. - La estrategia detalla lineamientos y formatos de estilo para la generación y difusión de contenidos. - La organización no ha establecido mecanismos de vocería para gestionar el contacto con medios. - La organización cuenta con un plan operativo anual de comunicación que detalla acciones, contenidos y plazos. - Se cuenta con personal para gestionar la estrategia de comunicación externa. - Las diferentes áreas contribuyen con materiales para la comunicación externa de forma esporádica. | O21: - Se cuenta por escrito con una estrategia de comunicación alineada a la planeación estratégica. - La estrategia detalla lineamientos y formatos de estilo para la generación y difusión de contenidos. - La organización ha establecido mecanismos de vocería para gestionar el contacto con medios. - La organización cuenta con un plan operativo anual de comunicación que detalla acciones, contenidos y plazos. - Se cuenta con personal para gestionar la estrategia de comunicación externa. - Las diferentes áreas de la organización proporcionan, de acuerdo al plan anual, la información y materiales para que el área de comunicación produzca contenidos y cumpla con Las metas establecidas.
B22: Lineamientos y formatos de estilo de contenidos | E22: =IF(K15=0%,0,(IF(K15<75%,1,2))) -> 0
B23: Plan de comunicación anual | E23: =IF(K17=0%,0,(IF(K17<75%,1,2))) -> 0
B24: Lineamientos para recabar información para contenidos | E24: =IF(K19=0%,0,(IF(K19<75%,1,2))) -> 0
B27: Implementación | O27: Puntaje (máximo 4) | P27: Porcentaje (máximo 100%) | S27: Ponderación | T27: Valor Máximo | V27: Valor Alcanzado
O28: =P28*4 -> 0 | P28: =X30 -> 0
B29: Preguntas Generadoras | G29: Respuesta | L29: Situación Actual | N29: Recomendaciones
B30: ¿La organización da a conocer los resultados y el impacto de sus programas y servicios? | G30: 1. No | J30: + | K30: =VLOOKUP(G30,Referencia!BG65:BH69,2) -> 0 | N30: - Establecer mecanismos para la difusión de resultados e impacto de programas entre donantes, población objetivo y público en general. - Generar y difundir un informe anual de actividades. - Elaborar materiales sobre programas y servicios de la organización para publicar en la página web de acuerdo a los formatos establecidos. - Presentar la información sobre servicios y requisitos de manera accesible a la población objetivo. | S30: 0.3 | T30: 4 | U30: =T30*S30 -> 1.2 | V30: =SUM(W30:W33) -> 0 | W30: =U30*K30 -> 0 | X30: =SUM(Y30:Y33) -> 0 | Y30: =K30*S30 -> 0
B31: ¿Se publica un informe anual de actividades en el portal de internet? | E31: ? | G31: 1. No | J31: + | K31: =VLOOKUP(G31,Referencia!BG75:BH77,2) -> 0 | S31: 0.2 | U31: =T30*S31 -> 0.8 | W31: =K31*U31 -> 0 | Y31: =K31*S31 -> 0
B32: ¿Las publicaciones del portal de internet son claras y siguen los lineamientos de estilo? | G32: 1. No son claras / No hay lineamientos | J32: + | K32: =VLOOKUP(G32,Referencia!BG83:BH85,2) -> 0 | S32: 0.1 | U32: =T30*S32 -> 0.4 | W32: =K32*U32 -> 0 | Y32: =K32*S32 -> 0
B33: ¿Los servicios de la organización y los requisitos para acceder a ellos se comunican por los canales adecuados a la población objetivo? | G33: 1. No se comunican los servicios ni los requisitos | J33: + | K33: =VLOOKUP(G33,Referencia!BG91:BH95,2) -> 0 | S33: 0.4 | U33: =T30*S33 -> 1.6 | W33: =K33*U33 -> 0 | Y33: =K33*S33 -> 0
B34: Documentación / Evidencia | G34: Capacidad Baja (1) | L34: Capacidad Básica (2) | M34: Capacidad Intermedia (3) | O34: Capacidad Fuerte (4) | S34: =SUM(S30:S33) -> 1
B35: Reporte anual de actividades o publicaciones equivalentes | E35: =IF(K31=0%,0,(IF(K31<75%,1,2))) -> 0 | G35: - La organización publica contenidos, que no siguen un formato de estilo a través de redes sociales. - En el portal de internet y otras plataformas de la organización no se encuentra disponible información sobre los servicios de la organización. | L35: - La organización publica contenidos a través de redes sociales que no siempre se apegan al formato de estilo. - En el portal de internet y otras plataformas de la organización se encuentra disponible información sobre los servicios que se ofrecen a la población objetivo. | M35: - La organización publica contenidos, apegados al formato de estilo establecido, a través de redes sociales al menos una vez por semana. - En el portal de internet y otras plataformas de la organización se encuentra disponible información sobre los servicios que se ofrecen a la población objetivo. | O35: - La organización publica contenidos, apegados al formato de estilo establecido, a través de redes sociales y el portal de internet al menos dos veces por semana. - En el portal de internet y otras plataformas de la organización se encuentra disponible información sobre los servicios y los requisitos para que la población objetivo acceda a ellos.
B41: Medición | O41: Puntaje (máximo 4) | P41: Porcentaje (máximo 100%) | S41: Ponderación | T41: Valor Máximo | V41: Valor Alcanzado
O42: =P42*4 -> 0 | P42: =X44 -> 0
B43: Preguntas Generadoras | G43: Respuesta | L43: Situación Actual | N43: Recomendaciones
B44: ¿Se mide y analiza el impacto de las publicaciones de contenido en redes sociales y en medios de comunicación? | G44: 1. No | J44: + | K44: =VLOOKUP(G44,Referencia!BG101:BH105,2) -> 0 | N44: - Desarrollar por escrito un mapeo de medios de comunicación y comunicadores. - Identificar medios de publicación estratégicos a la organización. - Establecer mecanismos para monitorear y analizar impacto de publicaciones propias en medios de comunicación y redes sociales. - Formalizar el seguimiento a temas relevantes y la socialización de información entre las personas del equipo. | S44: 0.6 | T44: 4 | U44: =T44*S44 -> 2.4 | V44: =SUM(W44:W46) -> 0 | W44: =U44*K44 -> 0 | X44: =SUM(Y44:Y46) -> 0 | Y44: =K44*S44 -> 0
B45: ¿Existe un mapeo de los reporteros y medios de comunicación que cubren los temas relevantes a la organización? | E45: ? | G45: 1. No se ha identificado a los medios relevantes | J45: + | K45: =VLOOKUP(G45,Referencia!BG111:BH115,2) -> 0 | S45: 0.2 | U45: =T44*S45 -> 0.8 | W45: =K45*U45 -> 0 | Y45: =K45*S45 -> 0
B46: ¿Se da un seguimiento constante de noticias vinculadas a la organización? | G46: 1. No | J46: + | K46: =VLOOKUP(G46,Referencia!BG121:BH125,2) -> 0 | S46: 0.2 | U46: =T44*S46 -> 0.8 | W46: =K46*U46 -> 0 | Y46: =K46*S46 -> 0
B47: Documentación / Evidencia | G47: Capacidad Baja (1) | L47: Capacidad Básica (2) | M47: Capacidad Intermedia (3) | O47: Capacidad Fuerte (4) | S47: =SUM(S44:S46) -> 1
B48: Mapeo de medios de comunicación estratégicos | E48: =IF(K45=0%,0,(IF(K45<75%,1,2))) -> 0 | G48: - La organización publica contenidos a través de plataformas pero no analiza el impacto que tienen. - No se ha realizado un análisis de los medios de comunicación y comunicadores que cubren los temas relevantes. - La organización no realiza un monitoreo de los temas relevantes en medios de comunicación o en redes sociales. | L48: - La organización publica contenidos a través de redes sociales y medios de comunicación y reflexiona sobre el impacto de las publicaciones propias. - Se han identificado a algunos de los medios de comunicación y comunicadores que cubren los temas relevantes. - La organización no realiza un monitoreo de los temas relevantes en medios de comunicación o en redes sociales. | M48: - La organización publica contenidos a través de redes sociales y medios de comunicación y mide el impacto de las publicaciones propias. - Se ha identificado a los medios de comunicación que cubren los temas relevantes pero no se ha analizado quiénes podrían ser estratégicos para la difusión de contenido. - La organización realiza un monitoreo de los temas relevantes pero no lo difunde con el equipo. | O48: - La organización analiza el impacto de los contenidos producidos y difundidos por la organización a través de redes sociales y medios de comunicación. - Se ha realizado un análisis de los medios de comunicación y comunicadores que cubren los temas relevantes y quiénes de ellos podrían ser estratégicos para la difusión de contenido. - La organización realiza un monitoreo constante de las publicaciones relevantes y lo comparte con el equipo.
B54: Incidencia | O54: Puntaje (máximo 4) | P54: Porcentaje (máximo 100%) | S54: Ponderación | T54: Valor Máximo | V54: Valor Alcanzado
O55: =P55*4 -> 0 | P55: =X57 -> 0
B56: Preguntas Generadoras | G56: Respuesta | L56: Situación Actual | N56: Recomendaciones
B57: ¿Se llevan a cabo acciones de incidencia? | E57: ? | G57: 1. No | J57: + | K57: =VLOOKUP(G57,Referencia!BG131:BH135,2) -> 0 | N57: - Definir líneas y acciones de incidencia. - Alinear las acciones de incidencia a la planeación estratégica y la estrategia de comunicación. - Analizar de qué maneras las acciones de incidencia de la organización han influido en la actuación de otras organizaciones. Utilizar este análisis en la revisión de acciones de incidencia planeadas. - Realizar un análisis por escrito de las posibilidades de incidencia de la organización en temas relevantes a nivel local, regional, nacional e internacional. | S57: 0.35 | T57: 4 | U57: =T57*S57 -> 1.4 | V57: =SUM(W57:W60) -> 0 | W57: =U57*K57 -> 0 | X57: =SUM(Y57:Y60) -> 0 | Y57: =K57*S57 -> 0
B58: ¿Las acciones de incidencia están alineadas a la estrategia de comunicación y el plan operativo anual? | G58: 1. No | J58: + | K58: =VLOOKUP(G58,Referencia!BG141:BH145,2) -> 0 | S58: 0.35 | U58: =T57*S58 -> 1.4 | W58: =K58*U58 -> 0 | Y58: =K58*S58 -> 0
B59: ¿Las acciones de la organización influyen en la actuación de organizaciones locales y regionales? | G59: 1. No influyen | J59: + | K59: =VLOOKUP(G59,Referencia!BG151:BH155,2) -> 0 | S59: 0.15 | U59: =T57*S59 -> 0.6 | W59: =K59*U59 -> 0 | Y59: =K59*S59 -> 0
B60: ¿La organización incide en la opinión pública? | G60: 1. No | J60: + | K60: =VLOOKUP(G60,Referencia!BG161:BH165,2) -> 0 | S60: 0.15 | U60: =T57*S60 -> 0.6 | W60: =K60*U60 -> 0 | Y60: =K60*S60 -> 0
B61: Documentación / Evidencia | G61: Capacidad Baja (1) | L61: Capacidad Básica (2) | M61: Capacidad Intermedia (3) | O61: Capacidad Fuerte (4) | S61: =SUM(S57:S60) -> 1
B62: Plan de incidencia | E62: =IF(K57=0%,0,(IF(K57<75%,1,2))) -> 0 | G62: - La organización no impulsa acciones de incidencia. - No se tiene influencia sobre la opinión pública u otras organizaciones e instituciones. | L62: - La organización impulsa acciones esporádicas de incidencia. - Las acciones de incidencia no están alineadas a la estrategia de comunicación o al plan de comunicación anual. - Se tiene una influencia limitada sobre la opinión pública y otras organizaciones e instituciones. | M62: - La organización impulsa acciones constantes de incidencia. - Las acciones de incidencia algunas veces están alineadas a la estrategia de comunicación y el plan operativo anual. - Se tiene una influencia limitada sobre la opinión pública y otras organizaciones e instituciones. | O62: - La organización impulsa acciones constantes de incidencia. - Las acciones de incidencia están siempre alineadas a la estrategia de comunicación y el plan operativo anual. - Se tiene influencia sustantiva en la opinión pública y entre organizaciones e instituciones.

Sheet Referencia
B2: ='1.0 Planeación'!B1 -> PLANEACIÓN Y LIDERAZGO | J2: ='2.0 Gestión programas'!B1 -> GESTIÓN DE PROGRAMAS | R2: ='3.0 Procesos'!B1 -> PROCESOS INTERNOS | Z2: ='4.0 Género e inclusión'!B1 -> GÉNERO E INCLUSIÓN | AH2: ='5.0 Capital Humano'!B1 -> CAPITAL HUMANO | AP2: ='6.0 Monitoreo y evaluación'!B1 -> MONITOREO Y EVALUACIÓN | AX2: ='7.0 Gestión recursos'!B1 -> GESTIÓN DE RECURSOS DE LA ORGANIZACIÓN | BF2: ='8.0 Comunicación externa'!B1 -> COMUNICACIÓN EXTERNA
B4: ='1.0 Planeación'!B11 -> Estrategia y planes operativos | J4: ='2.0 Gestión programas'!B11 -> Vinculación y rendición de cuentas | R4: ='3.0 Procesos'!B11 -> Procesos fundamentales | Z4: ='4.0 Género e inclusión'!B11 -> Políticas | AH4: ='5.0 Capital Humano'!B11 -> Políticas y manuales | AP4: ='6.0 Monitoreo y evaluación'!B11 -> Estrategia de monitoreo y evaluación | AX4: ='7.0 Gestión recursos'!B11 -> Activos físicos y materiales | BF4: ='8.0 Comunicación externa'!B11 -> Planeación | BZ4: OPI
B5: ='1.0 Planeación'!B14 -> ¿Se cuenta con una misión, visión y valores? | C5: 1. No se tiene | D5: 0 | J5: ='2.0 Gestión programas'!B14 -> ¿Se dan a conocer los resultados de los programas y el manejo de recursos a los financiadores? | K5: 1. No | L5: 0 | R5: ='3.0 Procesos'!B14 -> ¿Se han mapeado los procesos organizacionales para identificar los más importantes? | S5: 1. No se han mapeado los procesos | T5: 0 | Z5: ='4.0 Género e inclusión'!B14 -> ¿El organigrama está diseñado desde una perspectiva de igualdad de género? | AA5: 1. No | AB5: 0 | AH5: ='5.0 Capital Humano'!B14 -> ¿Se cuenta con un código de conducta o una política específica para señalar el comportamiento contrario a la ética de la organización? | AI5: 1. No | AJ5: 0 | AP5: ='6.0 Monitoreo y evaluación'!B14 -> ¿Se cuenta con un plan de monitoreo, evaluación y aprendizaje institucional por escrito? | AQ5: 1. No | AR5: 0 | AX5: ='7.0 Gestión recursos'!B14 -> ¿Existe disponibilidad TICs de acuerdo al incremento del equipo? | AY5: 1. No | AZ5: 0 | BF5: ='8.0 Comunicación externa'!B14 -> ¿Se cuenta con una estrategia de comunicación escrita y alineada a la planeación estratégica? | BG5: 1. No | BH5: 0 | BW5: 1. No | BX5: 0 | BZ5: 1
C6: 2. Se cuenta con uno de los tres elementos | D6: 0.25 | K6: 2. Se comunica de manera muy básica / Se comunica esporádicamente | L6: 0.25 | S6: 2. De manera muy básica pero no está documentado | T6: 0.25 | AA6: 2. No, pero se reconoce la importancia | AB6: 0.25 | AI6: 2. Se cuenta con algo muy básico | AJ6: 0.25 | AQ6: 2. Se cuenta con algo muy básico / Se realiza por proyectos pero no a nivel institucional / Se cuenta con un plan pero no está implementado | AR6: 0.25 | AY6: 2. Muy poco equipo | AZ6: 0.25 | BG6: 2. Se cuenta con algo muy básico / Para algunos proyectos / No está alineada a la planeación estratégica | BH6: 0.25 | BW6: 2. Parcialmente | BX6: 1 | BZ6: 2
C7: 3. Se cuenta con dos de los tres elementos / Se cuenta con ellos pero requieren actualizarse | D7: 0.5 | K7: 3. Se comunica a algunos financiadores de manera periódica | L7: 0.5 | S7: 3. Sí está documentado pero requiere actualizarse | T7: 0.5 | AA7: 3. Se están haciendo modificaciones / Requiere documentarse | AB7: 0.5 | AI7: 3. Se está trabajando con la metodología adecuada / Sí pero sin implementar | AJ7: 0.5 | AQ7: 3. Se cuenta con un plan pero requiere actualizarse / Se cuenta con un plan actualizado pero esta implementado parcialmente | AR7: 0.5 | AY7: 3. Se está adquiriendo más equipo | AZ7: 0.5 | BG7: 3. Se está diseñando con la metodología adecuada / Se tiene pero no se implementa | BH7: 0.5 | BW7: 3. Sí | BX7: 2 | BZ7: 3
C8: 4. Sí se cuenta con todo pero requieren ajustes sencillos | D8: 0.75 | K8: 4. Se comunica a todos los financiadores de manera periódica pero falta robustecer la metodología | L8: 0.75 | S8: 4. Sí esta documentado y actualizado pero requiere ajustes o falta robustecer la metodología | T8: 0.75 | AA8: 4. Sí pero requiere mejorarse | AB8: 0.75 | AI8: 4. Sí pero requiere mejorarse / Implementado parcialmente | AJ8: 0.75 | AQ8: 4. Se cuenta con un plan actualizado e implementado pero requiere mejorarse | AR8: 0.75 | AY8: 4. Es compartido pero se puede operar / Se requieren renovar los equipos / Tienen poca memoria | AZ8: 0.75 | BG8: 4. Sí pero está implementada parcialmente | BH8: 0.75 | BZ8: 4
C9: 5. Sí con todos, están actualizados y se comparte con las personas que colaboran en la organización | D9: 1 | K9: 5. Se comunica a todos los financiadores de manera periódica y adecuada | L9: 1 | S9: 5. Sí esta documentado y actualizado | T9: 1 | AA9: 5. Sí y no requiere modificación | AB9: 1 | AI9: 5. Sí, no requiere modificación y esta implementado | AJ9: 1 | AQ9: 5. Se cuenta con un plan actualizado e implementado plenamente | AR9: 1 | AY9: 5. Sí y no se requiere más | AZ9: 1 | BG9: 5. Sí, está alineada a la planeación estratégica y está implementada totalmente | BH9: 1
B14: =$B$4 -> Estrategia y planes operativos | J14: =$J$4 -> Vinculación y rendición de cuentas | R14: =$R$4 -> Procesos fundamentales | Z14: =$Z$4 -> Políticas | AH14: =$AH$4 -> Políticas y manuales | AP14: =$AP$4 -> Estrategia de monitoreo y evaluación | AX14: =$AX$4 -> Activos físicos y materiales | BF14: =$BF$4 -> Planeación
B15: ='1.0 Planeación'!B15 -> ¿Se han definido objetivos estratégicos vinculados a la misión de la organización? | C15: 1. No se tiene | D15: 0 | J15: ='2.0 Gestión programas'!B15 -> ¿Se comunica a la población objetivo los hallazgos de los programas? | K15: 1. No | L15: 0 | R15: ='3.0 Procesos'!B15 -> ¿Se tienen documentados, aplicados y actualizados los procedimientos vinculados a los procesos fundamentales para la organización? | S15: 1. No se ha realizado | T15: 0 | Z15: ='4.0 Género e inclusión'!B15 -> ¿Existen mecanismos para asegurar la igualdad de hombres y mujeres en la ocupación de puestos de toma de decisiones? | AA15: 1. No | AB15: 0 | AH15: ='5.0 Capital Humano'!B15 -> ¿Se supervisa el cumplimiento del código de conducta? | AI15: 1. No | AJ15: 0 | AP15: ='6.0 Monitoreo y evaluación'!B15 -> ¿El plan de monitoreo institucional está alineado a los objetivos e indicadores de desempeño del plan estratégico? | AQ15: 1. No | AR15: 0 | AX15: ='7.0 Gestión recursos'!B15 -> ¿Los equipos de cómputo tienen conexión a internet y el software necesario para operar? | AY15: 1. No | AZ15: 0 | BF15: ='8.0 Comunicación externa'!B15 -> ¿Existen lineamientos escritos para la generación y difusión de contenidos? | BG15: 1. No | BH15: 0
C16: 2. En etapa de diseño / Se tiene algo muy básico / Se tiene por programas | D16: 0.25 | K16: 2. Se comunica de manera muy básicas / Se comunica esporádicamente | L16: 0.25 | S16: 2. Muy pocos están documentados / No se siguen / Se tiene algo muy básico | T16: 0.25 | AA16: 2. No, pero se reconoce la importancia | AB16: 0.25 | AI16: 2. Se supervisa de manera muy básica | AJ16: 0.25 | AQ16: 2. Parcialmente / Con pocos objetivos y/o indicadores | AR16: 0.25 | AY16: 2. Parcialmente / Únicamente conexión a internet o únicamente software | AZ16: 0.25 | BG16: 2. Se cuenta con algo muy básico / No existen por escrito | BH16: 0.25
C17: 3. Por concluir / Requieren actualizarse | D17: 0.5 | K17: 3. Se comunica pocos hallazgos de manera periódica | L17: 0.5 | S17: 3. Algunos están documentados y se siguen parcialmente / Requieren actualizarse | T17: 0.5 | AA17: 3. Se están haciendo modificaciones / Requiere documentarse | AB17: 0.5 | AI17: 3. Se supervisa pero no con la metodología adecuada | AJ17: 0.5 | AQ17: 3. Se está diseñando con la metodología adecuada / Sólo esta alineado a los objetivos o a los indicadores / Con algunos objetivos y/o indicadores | AR17: 0.5 | AY17: 3. Se requieren actualizaciones /El internet es insuficiente | AZ17: 0.5 | BG17: 3. Se están diseñando con la metodología adecuada / Sí existen por escrito pero no se implementan | BH17: 0.5
C18: 4. Sí pero requieren ajustes sencillos | D18: 0.75 | K18: 4. Se comunica la mayoría de los hallazgos de manera periódica pero falta robustecer la metodología | L18: 0.75 | S18: 4. La mayoría están documentados y actualizados pero se siguen parcialmente | T18: 0.75 | AA18: 4. Sí pero requiere mejorarse | AB18: 0.75 | AI18: 4. Se supervisa con la metodología adecuada pero requiere mejorarse | AJ18: 0.75 | AQ18: 4. Sí esta alineado con la mayoría de los objetivos e indicadores | AR18: 0.75 | AY18: 4. Sí pero pueden mejorar la conexión o el software | AZ18: 0.75 | BG18: 4. Sí existen por escrito pero se implementan parcialmente | BH18: 0.75
C19: 5. Sí, están actualizados y no requiere modificación | D19: 1 | K19: 5. Se comunica la mayoría de los hallazgos de manera periódica y adecuada | L19: 1 | S19: 5. Todos están documentados y actualizados pero no siempre se siguen | T19: 0.9 | AA19: 5. Sí y no requiere modificación | AB19: 1 | AI19: 5. Sí y no requiere modificación | AJ19: 1 | AQ19: 5. Sí, con todos los objetivos e indicadores | AR19: 1 | AY19: 5. Sí de acuerdo a cada una de las funciones de los integrantes | AZ19: 1 | BG19: 5. Sí existen por escrito y se implementan adecuadamente | BH19: 1
S20: 6. Todos los procesos están documentados, actualizados y se siguen | T20: 1
B24: =$B$4 -> Estrategia y planes operativos | J24: =$J$4 -> Vinculación y rendición de cuentas | Z24: =$Z$4 -> Políticas | AH24: =$AH$4 -> Políticas y manuales | AP24: =$AP$4 -> Estrategia de monitoreo y evaluación | AX24: =$AX$4 -> Activos físicos y materiales | BF24: =$BF$4 -> Planeación
B25: ='1.0 Planeación'!B16 -> ¿Se ha analizado el entorno político y las necesidades de los grupos de interés (stakeholders)? | C25: 1. No | D25: 0 | J25: ='2.0 Gestión programas'!B16 -> ¿Se cuenta con mecanismos documentados, aplicados y actualizados para contar con retroalimentación de la ciudadanía sobre los programas y servicios de la organización? | K25: 1. No | L25: 0 | R25: =$R$4 -> Procesos fundamentales | Z25: ='4.0 Género e inclusión'!B16 -> ¿Existe una política / plan de igualdad de oportunidades y no discriminación? | AA25: 1. No | AB25: 0 | AH25: ='5.0 Capital Humano'!B16 -> ¿Existen lineamientos o acciones documentadas para garantizar la calidad en la atención, el trato igualitario y no discriminatorio a la población objetivo? | AI25: 1. No | AJ25: 0 | AP25: ='6.0 Monitoreo y evaluación'!B16 -> ¿El plan de monitoreo incluye líneas base, metas e indicadores? | AQ25: 1. No | AR25: 0 | AX25: ='7.0 Gestión recursos'!B16 -> ¿Se llevan a cabo respaldos de forma periódica? | AY25: 1. No | AZ25: 0 | BF25: ='8.0 Comunicación externa'!B16 -> ¿Se han establecido mecanismos de vocería u otros para gestionar el contacto medios de comunicación? | BG25: 1. No | BH25: 0
C26: 2. En proceso / De manera muy básica / No está documentado | D26: 0.25 | K26: 2. Se cuenta con algo muy básico / No está documentado / No se utilizan | L26: 0.25 | R26: ='3.0 Procesos'!B16 -> ¿Se difunden los procedimientos al interior de la organización? | S26: 1. No | T26: 0 | AA26: 2. No, pero se reconoce la importancia | AB26: 0.25 | AI26: 2. No existen lineamientos pero en la práctica se promueve | AJ26: 0.25 | AQ26: 2. El plan cuenta con sólo uno de los tres elementos (línea base, metas o indicadores) | AR26: 0.25 | AY26: 2. Casi nunca/Sólo en la nube | AZ26: 0.25 | BG26: 2. No pero se reconoce la importancia | BH26: 0.25
C27: 3. Sólo se ha documentado el entorno político o las necesidades de los stakeholders | D27: 0.5 | K27: 3. Se cuenta con mecanismos documentados pero se utilizan esporádicamente / Se cuenta con mecanismos pero no están actualizados | L27: 0.5 | S27: 2. Entre muy pocos / Esporádicamente | T27: 0.25 | AA27: 3. Se está trabajando en ello /No se Aplica | AB27: 0.5 | AI27: 3. Se están desarrollando con la metodología adecuada / Existen pero no se implementan | AJ27: 0.5 | AQ27: 3. El plan cuenta con dos de los tres elementos (línea base, metas o indicadores) | AR27: 0.5 | AY27: 3. Esporádicamente en discos duros | AZ27: 0.5 | BG27: 3. Se ha establecido que determinadas personas pueden hablar ante medios pero no se han definido criterios / No siempre se cumple | BH27: 0.5
C28: 4. Sí se han analizado ambos pero falta robustecer la metodología | D28: 0.75 | K28: 4. Se cuenta con mecanismos documentados, actualizados y se utilizan periódicamente pero falta robustecer la metodología. | L28: 0.75 | S28: 3. Entre algunos de manera periódica | T28: 0.5 | AA28: 4. Sí pero requiere mejorarse / Sí pero no está documentada | AB28: 0.75 | AI28: 4. Existen pero requieren mejoras / Existen pero se implementan parcialmente | AJ28: 0.75 | AQ28: 4. El plan cuenta con los tres elementos pero requiere mejorarse | AR28: 0.75 | AY28: 4. De manera periódica en discos duros pero no es suficiente | AZ28: 0.75 | BG28: 4. Se han establecido mecanismos de vocería que se siguen aunque no por escrito | BH28: 0.75
C29: 5. Sí se han analizado ambos con la metodología adecuada | D29: 1 | K29: 5. Se cuenta con mecanismos documentados, actualizados y se utilizan periódicamente. | L29: 1 | S29: 4. Entre la mayoría de manera periódica | T29: 0.75 | AA29: 5. Sí y no requiere modificación | AB29: 1 | AI29: 5. Existen, no requieren modificación y se implementan | AJ29: 1 | AQ29: 5. El plan cuenta con los tres elementos | AR29: 1 | AY29: 5. De manera sistemática en discos duros de acuerdo a un calendario | AZ29: 1 | BG29: 5. Se han establecido mecanismos de vocería por escrito y se cumplen totalmente | BH29: 1
S30: 5. Entre todos de manera periódica | T30: 1
B34: =$B$4 -> Estrategia y planes operativos | J34: ='2.0 Gestión programas'!B24 -> Impacto social | Z34: =$Z$4 -> Políticas | AH34: ='5.0 Capital Humano'!B24 -> Gestión de Recursos Humanos | AP34: =$AP$4 -> Estrategia de monitoreo y evaluación | AX34: =$AX$4 -> Activos físicos y materiales | BF34: =$BF$4 -> Planeación
B35: ='1.0 Planeación'!B17 -> ¿Se ha analizado el marco normativo aplicable a los programas de la organización? | C35: 1. No se analiza | D35: 0 | J35: ='2.0 Gestión programas'!B27 -> ¿La organización cuenta con un plan estratégico por escrito para elegir y mantener determinadas alianzas? | K35: 1. No | L35: 0 | R35: =$R$4 -> Procesos fundamentales | Z35: ='4.0 Género e inclusión'!B17 -> ¿Están implementados procedimientos para garantizar la aplicación del plan y/o política de género, inclusión y no discriminación? | AA35: 1. No | AB35: 0 | AH35: ='5.0 Capital Humano'!B27 -> ¿La organización cuenta con una política de administración de personal, perfiles de cargos y un sistema de pagos? | AI35: 1. No | AJ35: 0 | AP35: ='6.0 Monitoreo y evaluación'!B17 -> ¿Se cuenta con referencias de buenas prácticas para la medición de calidad de los servicios y programas? | AQ35: 1. No | AR35: 0 | AX35: ='7.0 Gestión recursos'!B17 -> ¿Se cuenta con mecanismos para contrarrestar virus o violaciones de seguridad? | AY35: 1. No | AZ35: 0 | BF35: ='8.0 Comunicación externa'!B17 -> ¿Existe un plan de comunicación anual alineado a la estrategia de comunicación y la planeación estratégica? | BG35: 1. No | BH35: 0
C36: 2. Se analiza de forma básico / Se aplica pocas veces | D36: 0.25 | K36: 2. Se cuenta con algo muy básico / No está documentado / No se sigue | L36: 0.25 | R36: ='3.0 Procesos'!B17 -> ¿Se cuenta con personas encargadas de aplicar los procesos críticos? | S36: 1. No se tienen | T36: 0 | AA36: 2. No, pero se reconoce la importancia | AB36: 0.25 | AI36: 2. Se cuenta con algo muy básico | AJ36: 0.25 | AQ36: 2. Para pocos programas y servicios / Pocas referencias pero no están documentadas / Se cuenta con referencias pero no se utilizan | AR36: 0.25 | AY36: 2. No pero se reconoce la importancia | AZ36: 0.25 | BG36: 2. Se cuenta con algo muy básico / Por proyecto / No está alineado a la planeación estratégica ni a la estrategia de comunicación | BH36: 0.25
C37: 3. Se analiza esporádicamente/ Se aplica parcialmente / Algunas leyes | D37: 0.5 | K37: 3. Se realiza por proyecto no de manera institucional / Se cuenta con un plan documentado pero requiere actualizarse / Se cuenta con un plan documentado y actualizado pero se sigue parcialmente | L37: 0.5 | S37: 2. Para pocos procesos críticos / Existe muy poco personal | T37: 0.25 | AA37: 3. Se está trabajando en ello | AB37: 0.5 | AI37: 3. Se está desarrollando con la metodología adecuada / Sí pero sin implementar | AJ37: 0.5 | AQ37: 3. Las referencias están documentadas para algunos programas y servicios pero se aplican algunas veces | AR37: 0.5 | AY37: 3. Sí pero con frecuencia se tiene virus | AZ37: 0.5 | BG37: 3. Se está desarrollando con la metodología adecuada / Está alineado a la estrategia de comunicación y la planeación estratégica | BH37: 0.5
C38: 4. Se analiza periódicamente y se aplica regularmente pero falta documentar | D38: 0.75 | K38: 4. Cuenta con un plan documentado y actualizado que se sigue regularmente pero falta robustecer la metodología | L38: 0.75 | S38: 3. Para algunos procesos críticos | T38: 0.5 | AA38: 4. Sí pero requiere mejorarse | AB38: 0.75 | AI38: 4. Sí pero requieren mejorarse / Implementados parcialmente | AJ38: 0.75 | AQ38: 4. Las referencias están documentadas para la mayoría de los programas y servicios y se aplican la mayoría de las veces | AR38: 0.75 | AY38: 4. Sí pero requieren reforzarse | AZ38: 0.75 | BG38: 4. Sí existe, está alineado a la estrategia de comunicación y la planeación pero se implementa parcialmente | BH38: 0.75
C39: 5. Se analiza periódicamente (actualizaciones), se aplica regularmente y esta documentado | D39: 1 | K39: 5. Cuenta con un plan documentado, actualizado y se sigue adecuadamente | L39: 1 | S39: 4. Para la mayoría de los procesos críticos pero faltan personas | T39: 0.75 | AA39: 5. Sí y no requiere modificación | AB39: 1 | AI39: 5. Sí, no requieren modificación y están implementados | AJ39: 1 | AQ39: 5. Las referencias están documentadas para todos los programas y servicios y se aplican | AR39: 1 | AY39: 5. Sí y funcionan adecuadamente | AZ39: 1 | BG39: 5. Sí, está alineado a la estrategia de comunicación y a la planeación estratégica y está implementado totalmente | BH39: 1
S40: 5. Para todos los procesos críticos y sí son suficientes | T40: 1
B44: =$B$4 -> Estrategia y planes operativos | J44: =$J$34 -> Impacto social | Z44: =$Z$4 -> Políticas | AH44: =$AH$34 -> Gestión de Recursos Humanos | AP44: =$AP$4 -> Estrategia de monitoreo y evaluación | AX44: =$AX$4 -> Activos físicos y materiales | BF44: =$BF$4 -> Planeación
B45: ='1.0 Planeación'!B18 -> ¿La organización cuenta con un plan estratégico por escrito y actualizado, producto de una discusión y aprobación de todas las áreas? | C45: 1. No | D45: 0 | J45: ='2.0 Gestión programas'!B28 -> ¿La organización aprovecha su participación en redes locales? (acceder a mejores prácticas, donantes, oportunidades de articulación, u otros beneficios concretos. ) | K45: 1. No tiene participación | L45: 0 | R45: =$R$4 -> Procesos fundamentales | Z45: ='4.0 Género e inclusión'!B18 -> ¿Se promueven prácticas de igualdad laboral y no discriminación en las diferentes tareas de la organización? | AA45: 1. No | AB45: 0 | AH45: ='5.0 Capital Humano'!B28 -> ¿Existen políticas escritas vigentes para determinar estímulos salariales y no salariales? | AI45: 1. No | AJ45: 0 | AP45: ='6.0 Monitoreo y evaluación'!B18 -> ¿Se evalúa si los programas son replicables? | AQ45: 1. No | AR45: 0 | AX45: ='7.0 Gestión recursos'!B18 -> ¿Existen lineamientos para el extravío y robo de equipamiento? | AY45: 1. No | AZ45: 0 | BF45: ='8.0 Comunicación externa'!B18 -> ¿La organización cuenta con suficiente personal capacitado para gestionar la estrategia de comunicación externa? | BG45: 1. No cuenta con una persona encargada de la comunicación externa | BH45: 0
C46: 2. Se tiene algo muy básico / No se sigue / No esta actualizado | D46: 0.25 | K46: 2. Se tiene poca participación o de manera esporádica | L46: 0.25 | R46: ='3.0 Procesos'!B18 -> ¿Se utilizan herramientas tecnológicas para automatizar procesos internos? | S46: 1. No | T46: 0 | AA46: 2. No, pero se reconoce la importancia | AB46: 0.25 | AI46: 2. Se cuenta con algo muy básico | AJ46: 0.25 | AQ46: 2. Se realiza de manera muy básica / Se evalúan pocos programas | AR46: 0.25 | AY46: 2. Se cuenta con algo muy básico | AZ46: 0.25 | BG46: 2. Cuenta con poco personal y falta capacitación | BH46: 0.25
C47: 3. Se esta elaborando / Le falta metodología / Se sigue parcialmente | D47: 0.5 | K47: 3. Tiene participación de manera frecuente pero se aprovecha poco | L47: 0.5 | S47: 2. En etapa de diseño / Pocos procesos están automatizados / No se utilizan | T47: 0.25 | AA47: 3. Se está trabajando en ello / Requiere documentarse | AB47: 0.5 | AI47: 3. Se están desarrollando con la metodología adecuada / Sí pero sin implementar | AJ47: 0.5 | AQ47: 3. Se evalúan algunos programas | AR47: 0.5 | AY47: 3. Sí pero no se aplican | AZ47: 0.5 | BG47: 3. Cuenta con algo de personal y falta capacitación | BH47: 0.5
C48: 4. Cuenta con un plan por escrito, se sigue y falta robustecer la metodología / falta socializarlo | D48: 0.75 | K48: 4. Tiene participación de manera frecuente y se aprovecha pero no está documentado o podría mejorar | L48: 0.75 | S48: 3. Algunos procesos están automatizados / La herramientas se utilizan parcialmente | T48: 0.5 | AA48: 4. Sí pero requiere mejorarse | AB48: 0.75 | AI48: 4. Sí pero requieren mejorarse / Implementadas parcialmente | AJ48: 0.75 | AQ48: 4. Sí se evalúan la mayoría de los programas / Se evalúan todos los programas pero requiere mejorarse | AR48: 0.75 | AY48: 4. Sí pero no siempre se aplican | AZ48: 0.75 | BG48: 4. Cuenta con suficiente personal capacitado pero aún podría mejorar su formación | BH48: 0.75
C49: 5. Cuenta con un plan por escrito, con la metodología adecuada, se sigue y está socializado | D49: 1 | K49: 5. Tiene participación de manera frecuente, se aprovecha adecuadamente y existe documentación | L49: 1 | S49: 4. La mayoría de los procesos están automatizados y se utilizan las herramientas | T49: 0.75 | AA49: 5. Sí y no requiere modificación | AB49: 1 | AI49: 5. Sí, no requieren modificación y están implementadas | AJ49: 1 | AQ49: 5. Sí se evalúan todos los programas y no requiere modificación | AR49: 1 | AY49: 5. Sí y siempre se aplican | AZ49: 1 | BG49: 5. Sí cuenta con suficiente personal plenamente capacitado | BH49: 1
S50: 5. Todos los procesos están automatizados y se utilizan las herramientas | T50: 1
B54: =$B$4 -> Estrategia y planes operativos | J54: =$J$34 -> Impacto social | Z54: ='4.0 Género e inclusión'!B26 -> Implementación | AH54: =$AH$34 -> Gestión de Recursos Humanos | AP54: =$AP$4 -> Estrategia de monitoreo y evaluación | AX54: ='7.0 Gestión recursos'!B26 -> Gestión de información | BF54: =$BF$4 -> Planeación
B55: ='1.0 Planeación'!B19 -> ¿Se cuenta con un plan operativo anual por escrito y actualizado que defina plazos y recursos para alcanzar los resultados esperados? | C55: 1. No | D55: 0 | J55: ='2.0 Gestión programas'!B29 -> ¿La organización aprovecha su participación en redes nacionales? ( acceder a mejores prácticas, donantes, oportunidades de articulación, u otros beneficios concretos. ) | K55: 1. No tiene participación | L55: 0 | R55: =$R$4 -> Procesos fundamentales | Z55: ='4.0 Género e inclusión'!B29 -> ¿Existen políticas escritas para la transversalización de la perspectiva de género conforme a los estándares internacionales (CEDAW, INMUJERES)? | AA55: 1. No | AB55: 0 | AH55: ='5.0 Capital Humano'!B29 -> ¿Existen acciones afirmativas por escrito que impulsen la inclusión, no discriminación y la igualdad de oportunidades entre hombres y mujeres? | AI55: 1. No | AJ55: 0 | AP55: ='6.0 Monitoreo y evaluación'!B19 -> ¿Se analizan las escalas en las que puede intervenir la organización (llegar a nuevas poblaciones)? | AQ55: 1. No | AR55: 0 | AX55: ='7.0 Gestión recursos'!B29 -> ¿Se utilizan canales internos de comunicación para compartir información? | AY55: 1. No se comparte información internamente | AZ55: 0 | BF55: ='8.0 Comunicación externa'!B19 -> ¿El equipo de comunicación cuenta con el material necesario para generar contenidos de publicación? | BG55: 1. No tiene acceso a información para generar contenidos | BH55: 0
C56: 2. Se tiene algo muy básico / No se sigue / No esta actualizado | D56: 0.25 | K56: 2. Se tiene poca participación o de manera esporádica | L56: 0.25 | R56: ='3.0 Procesos'!B19 -> ¿Se mide y evalúa la eficacia de los procesos? | S56: 1. No | T56: 0 | AA56: 2. No, pero se reconoce la importancia | AB56: 0.25 | AI56: 2. Se cuenta con algo muy básico | AJ56: 0.25 | AQ56: 2. Se realiza de manera muy básica | AR56: 0.25 | AY56: 2. Se utilizan esporádicamente canales internos informales | AZ56: 0.25 | BG56: 2. Rara vez cuenta con información porque cuando la solicita rara vez la recibe | BH56: 0.25
C57: 3. Se esta elaborando / Le falta metodología / Se sigue parcialmente | D57: 0.5 | K57: 3. Tiene participación de manera frecuente pero se aprovecha poco | L57: 0.5 | S57: 2. De muy pocos procesos / Sólo los vinculados a los proyectos | T57: 0.25 | AA57: 3. Se está trabajando en ello / Requiere documentarse | AB57: 0.5 | AI57: 3. Se están desarrollando con la metodología adecuada / Sí pero sin implementar | AJ57: 0.5 | AQ57: 3. Sí se analiza pero no esta documentado | AR57: 0.5 | AY57: 3. Se utilizan regularmente canales internos informales | AZ57: 0.5 | BG57: 3. Cuenta con información cuando la solicita al equipo pero la recibe con retrasos | BH57: 0.5
C58: 4. Cuenta con un plan por escrito, se sigue y falta robustecer la metodología / falta socializarlo | D58: 0.75 | K58: 4. Tiene participación de manera frecuente y se aprovecha pero no está documentado o podría mejorar | L58: 0.75 | S58: 3. De algunos procesos | T58: 0.5 | AA58: 4. Sí pero requiere mejorarse | AB58: 0.75 | AI58: 4. Sí pero requieren mejorarse / Implementadas parcialmente | AJ58: 0.75 | AQ58: 4. Sí se analiza y esta documentado pero requiere mejorarse | AR58: 0.75 | AY58: 4. Se utilizan regularmente canales internos formales e informales | AZ58: 0.75 | BG58: 4. Cuenta con información cuando la solicita y cuando, para algunos contenidos, el equipo envía información | BH58: 0.75
C59: 5. Cuenta con un plan por escrito, con la metodología adecuada, se sigue y está socializado | D59: 1 | K59: 5. Tiene participación de manera frecuente, se aprovecha adecuadamente y existe documentación | L59: 1 | S59: 4. De la mayoría de los procesos | T59: 0.75 | AA59: 5. Sí y no requiere modificación | AB59: 1 | AI59: 5. Sí, no requieren modificación y están implementadas | AJ59: 1 | AQ59: 5. Sí se analiza y esta documentado de manera adecuada | AR59: 1 | AY59: 5. Se utilizan canales internos formales de acuerdo a calendario (reuniones de equipo, correos de minutas y acuerdos) además de canales informales | AZ59: 1 | BG59: 5. Existe un mecanismo para la solicitud y envío de información con fechas límite y criterios | BH59: 1
S60: 5. De todos los procesos | T60: 1
B64: =$B$4 -> Estrategia y planes operativos | J64: ='2.0 Gestión programas'!B36 -> Transparencia | Z64: =$Z$54 -> Implementación | AH64: =$AH$34 -> Gestión de Recursos Humanos | AP64: =$AP$4 -> Estrategia de monitoreo y evaluación | AX64: =$AX$54 -> Gestión de información | BF64: ='8.0 Comunicación externa'!B27 -> Implementación
B65: ='1.0 Planeación'!B20 -> ¿Se cuenta con una matriz de indicadores de resultados claves de la organización para guiar la toma de decisiones? | C65: 1. No | D65: 0 | J65: ='2.0 Gestión programas'!B39 -> ¿La organización ha definido criterios para determinar qué información es pública frente a la que es reservada? | K65: 1. No | L65: 0 | R65: ='3.0 Procesos'!B27 -> Procesos administrativos | Z65: ='4.0 Género e inclusión'!B30 -> ¿Se consideran criterios de género en los objetivos y acciones de la organización? | AA65: 1. No | AB65: 0 | AH65: ='5.0 Capital Humano'!B30 -> ¿Se da a conocer al equipo las políticas de administración de personal? | AI65: 1. No | AJ65: 0 | AP65: ='6.0 Monitoreo y evaluación'!B20 -> ¿Se evalúan las problemáticas locales y el impacto del trabajo colaborativo desde un enfoque participativo? | AQ65: 1. No | AR65: 0 | AX65: ='7.0 Gestión recursos'!B30 -> ¿Se garantiza que todo el equipo cuente con acceso a la información relacionada a sus responsabilidades? | AY65: 1. No | AZ65: 0 | BF65: ='8.0 Comunicación externa'!B30 -> ¿La organización da a conocer los resultados y el impacto de sus programas y servicios? | BG65: 1. No | BH65: 0
C66: 2. Se tiene algo muy básico / No se utiliza / No esta actualizado / Por proyecto | D66: 0.25 | K66: 2. Se tiene algo muy básico / Sí pero no se siguen los criterios | L66: 0.25 | R66: ='3.0 Procesos'!B30 -> ¿Están documentadas, aplicadas y actualizadas las políticas y procedimientos de traslado? | S66: 1. No está documentadas | T66: 0 | AA66: 2. No, pero se reconoce la importancia | AB66: 0.25 | AI66: 2. A muy pocos integrantes | AJ66: 0.25 | AQ66: 2. Se realiza de manera muy básica / No se documenta | AR66: 0.25 | AY66: 2. Muy pocos tienen acceso a información relacionada con sus responsabilidades | AZ66: 0.25 | BG66: 2. Sólo ocasionalmente da a conocer resultados genéricos de algunos programas | BH66: 0.25
C67: 3. Está documentada y se utiliza parcialmente | D67: 0.5 | K67: 3. Se cuenta con criterios pero requieren actualizarse / Se cuenta con criterios pero no están socializados / Se cuenta con criterios pero se siguen parcialmente | L67: 0.5 | S67: 2. Están parcialmente documentadas / Sí están documentadas pero no se siguen | T67: 0.25 | AA67: 3. Se está trabajando en ello | AB67: 0.5 | AI67: 3. A algunos integrantes | AJ67: 0.5 | AQ67: 3. Se realizan evaluaciones esporádicas | AR67: 0.5 | AY67: 3. Algunos tienen acceso a información / Se esta fortaleciendo | AZ67: 0.5 | BG67: 3. Frecuentemente da a conocer resultados de todos sus programas | BH67: 0.5
C68: 4. Está documentada, se utiliza para la toma de decisiones pero falta robustecer la metodología | D68: 0.75 | K68: 4. Cuenta con criterios definidos y socializados pero hay veces que no se aplican | L68: 0.75 | S68: 3. Están documentadas pero es necesario actualizarlas y se siguen parcialmente | T68: 0.5 | AA68: 4. Sí pero requiere mejorarse | AB68: 0.75 | AI68: 4. A la mayoría | AJ68: 0.75 | AQ68: 4. Se realizan evaluaciones periódicas pero requieren mejorarse | AR68: 0.75 | AY68: 4. La mayoría tienen acceso a información relacionada con sus responsabilidades | AZ68: 0.75 | BG68: 4. Frecuentemente da a conocer resultados de sus programas y servicios | BH68: 0.75
C69: 5. Está documentada, se utiliza para la toma de decisiones y tiene la metodología adecuada | D69: 1 | K69: 5. Cuenta con criterios definidos, socializados e implementados adecuadamente | L69: 1 | S69: 4. Están documentadas y actualizadas pero se siguen parcialmente | T69: 0.75 | AA69: 5. Sí y no requiere modificación | AB69: 1 | AI69: 5. A todos | AJ69: 1 | AQ69: 5. Sí y no requiere modificación | AR69: 1 | AY69: 5. Todos tienen acceso a información de acuerdo a sus responsabilidades | AZ69: 1 | BG69: 5. De manera calendarizada da a conocer los resultados y el impacto de todos sus programas y servicios | BH69: 1
S70: 6. Están documentadas, actualizadas y siempre se siguen | T70: 1
B74: ='1.0 Planeación'!B29 -> Cultura organizacional | J74: =$J$64 -> Transparencia | Z74: =$Z$54 -> Implementación | AH74: =$AH$34 -> Gestión de Recursos Humanos | AP74: ='6.0 Monitoreo y evaluación'!B28 -> Aplicación de aprendizajes | AX74: =$AX$54 -> Gestión de información | BF74: =$BF$64 -> Implementación
B75: ='1.0 Planeación'!B32 -> ¿Se promueve el cuidado a la seguridad de las personas colaboradoras? | C75: 1. No | D75: 0 | J75: ='2.0 Gestión programas'!B40 -> ¿Se cumple con las obligaciones en materia de transparencia? | K75: 1. No | L75: 0 | R75: =$R$65 -> Procesos administrativos | Z75: ='4.0 Género e inclusión'!B31 -> ¿Se emplea lenguaje incluyente en las comunicaciones internas y externas? | AA75: 1. No | AB75: 0 | AH75: ='5.0 Capital Humano'!B31 -> ¿Se encuentran, reunidos en un registro histórico, los expedientes del personal? | AI75: 1. No | AJ75: 0 | AP75: ='6.0 Monitoreo y evaluación'!B31 -> ¿Se utilizan los hallazgos de la evaluación en la toma de decisiones de la organización? | AQ75: 1. No | AR75: 0 | AX75: ='7.0 Gestión recursos'!B31 -> ¿Se cuenta con una política de gestión del conocimiento para difundir los conocimientos adquiridos por la organización y fomentar el intercambio de ideas? | AY75: 1. No | AZ75: 0 | BF75: ='8.0 Comunicación externa'!B31 -> ¿Se publica un informe anual de actividades en el portal de internet? | BG75: 1. No | BH75: 0
C76: 2. Muy poco / De muy pocas personas / No hay nada documentado | D76: 0.25 | K76: 2. Con muy pocas / No se tiene certeza | L76: 0.25 | R76: ='3.0 Procesos'!B31 -> ¿Están documentadas, aplicadas y actualizadas las políticas y procedimientos de adquisiciones? | S76: 1. No está documentadas | T76: 0 | AA76: 2. No, pero se reconoce la importancia | AB76: 0.25 | AI76: 2. Se tienen los expedientes por separado y no en un registro único | AJ76: 0.25 | AQ76: 2. De manera muy básica / Parcialmente / Pocos hallazgos | AR76: 0.25 | AY76: 2. No pero se reconoce la importancia | AZ76: 0.25 | BG76: 2. Parcialmente | BH76: 0.5
C77: 3. De algunas personas / Se tiene algo documentado pero no se sigue | D77: 0.5 | K77: 3. Parcialmente | L77: 0.5 | S77: 2. Están parcialmente documentadas / Sí están documentadas pero no se siguen | T77: 0.25 | AA77: 3. Algunas veces en la comunicación interna pero no en la externa | AB77: 0.5 | AI77: 3. Se está trabajando en ello con la metodología adecuada | AJ77: 0.5 | AQ77: 3. Algunos hallazgos | AR77: 0.5 | AY77: 3. Se está desarrollando con la metodología adecuada | AZ77: 0.5 | BG77: 3. Sí | BH77: 1
C78: 4. Sí de todas las personas colaboradoras y está documentado podría mejorar | D78: 0.75 | K78: 4. Con la mayoría de las obligaciones | L78: 0.75 | S78: 3. Están documentadas pero es necesario actualizarlas y se siguen parcialmente | T78: 0.5 | AA78: 4. En la mayoría de la comunicación interna y algunas veces en la externa | AB78: 0.75 | AI78: 4. Sí se tiene un registro pero requiere mejorarse | AJ78: 0.75 | AQ78: 4. Sí la mayoría de los hallazgos pero requiere mejorarse | AR78: 0.75 | AY78: 4. Sí se cuenta con una política pero no se implementa | AZ78: 0.75
C79: 5. Sí de todas las personas colaboradoras y está documentado de manera adecuada | D79: 1 | K79: 5. Con todas las obligaciones | L79: 1 | S79: 4. Están documentadas y actualizadas pero se siguen parcialmente | T79: 0.75 | AA79: 5. Sí en la comunicación interna y externa | AB79: 1 | AI79: 5. Sí se tiene un registro y no requiere modificación | AJ79: 1 | AQ79: 5. Sí la mayoría de los hallazgos y no requiere modificación | AR79: 1 | AY79: 5. Sí se cuenta con una política y está implementada | AZ79: 1
S80: 6. Están documentadas, actualizadas y siempre se siguen | T80: 1
BF82: =$BF$64 -> Implementación
BF83: ='8.0 Comunicación externa'!B32 -> ¿Las publicaciones del portal de internet son claras y siguen los lineamientos de estilo? | BG83: 1. No son claras / No hay lineamientos | BH83: 0
B84: =$B$74 -> Cultura organizacional | J84: =$J$64 -> Transparencia | Z84: =$Z$54 -> Implementación | AH84: ='5.0 Capital Humano'!B39 -> Reclutamiento | AP84: =$AP$74 -> Aplicación de aprendizajes | AX84: =$AX$54 -> Gestión de información | BG84: 2. Son claras pero no siguen los lineamientos de estilo / Siguen los lineamientos de estilo pero no son claras | BH84: 0.5
B85: ='1.0 Planeación'!B33 -> ¿Se promueve, formaliza y materializa la mejora de la calidad de vida de las personas? (salud, cuidados, flexibilidad de horarios, trabajo en casa, entre otros) | C85: 1. No | D85: 0 | J85: ='2.0 Gestión programas'!B41 -> ¿La información en el portal de internet resulta accesible para la población objetivo? | K85: 0. N/A | L85: N/A | R85: =$R$65 -> Procesos administrativos | Z85: ='4.0 Género e inclusión'!B32 -> ¿Se imparten capacitaciones para la comprensión del tema de género y la igualdad laboral? | AA85: 1. No | AB85: 0 | AH85: ='5.0 Capital Humano'!B42 -> ¿La organización realiza convocatorias públicas de vacantes u ofertas de trabajo? | AI85: 1. No | AJ85: 0 | AP85: ='6.0 Monitoreo y evaluación'!B32 -> ¿Se consideran los resultados de los diagnósticos participativos con la población objetivo en el diseño de programas y servicios? | AQ85: 1. No | AR85: 0 | AX85: ='7.0 Gestión recursos'!B32 -> ¿Se asegura permanentemente la fiabilidad, exactitud, seguridad y relevancia de la información y el conocimiento de la organización? | AY85: 1. No | AZ85: 0 | BG85: 3. Son claras y siguen los lineamientos de estilo | BH85: 1
C86: 2. Muy poco / De muy pocas personas / No hay nada documentado | D86: 0.25 | K86: 1. No | L86: 0 | R86: ='3.0 Procesos'!B32 -> ¿Se cuenta con un plan de protección civil que detalle como actuar en caso de algún siniestro? | S86: 1. No se tiene | T86: 0 | AA86: 2. Sí pero muy pocas / Para muy pocas personas | AB86: 0.25 | AI86: 2. No pero se reconoce la necesidad de hacerlas públicas | AJ86: 0.25 | AQ86: 2. De manera muy básica / Para el diseño de pocos programas / Se consideran pocos resultados | AR86: 0.25 | AY86: 2. Se esta diseñando algún mecanismo para hacerlo | AZ86: 0.25
C87: 3. De algunas personas / Se tiene algo documentado pero no se sigue | D87: 0.5 | K87: 2. Se publica poca información / Es difícil ubicar la información publicada | L87: 0.25 | S87: 2. Se tiene algo muy básico | T87: 0.25 | AA87: 3. Sí esporádicamente / Para algunas personas | AB87: 0.5 | AI87: 3. Se está diseñando con la metodología adecuada | AJ87: 0.5 | AQ87: 3. Sí para el diseño de algunos programas / Se consideran algunos resultados | AR87: 0.5 | AY87: 2. Muy poco / De manera muy básica | AZ87: 0.5
C88: 4. Sí de todas las personas colaboradoras y está documentado podría mejorar | D88: 0.75 | K88: 3. Se publica información de algunos programas y servicios / No se actualiza con frecuencia | L88: 0.5 | S88: 3. Se cuenta con un plan pero está desactualizado | T88: 0.5 | AA88: 4. Sí de manera periódica / Para la mayoría de las personas | AB88: 0.75 | AI88: 4. Sí pero requieren mejorarse | AJ88: 0.75 | AQ88: 4. Sí, para el diseño de la mayoría de los programas y se consideran la mayoría de los resultados pero requiere mejorarse | AR88: 0.75 | AY88: 4. Sí pero requiere reforzarse | AZ88: 0.75
C89: 5. Sí de todas las personas colaboradoras y está documentado de manera adecuada | D89: 1 | K89: 4. Se publica información de todos los programas pero requiere mejorarse su visualización | L89: 0.75 | S89: 4. Se cuenta con un plan vigente pero requiere mejorarse | T89: 0.75 | AA89: 5. Sí de manera periódica y para todas las personas | AB89: 1 | AI89: 5. Sí y no requieren modificación | AJ89: 1 | AQ89: 5. Sí, para el diseño de todos los programas y se consideran la mayoría de los resultados | AR89: 1 | AY89: 5. Sí se asegura | AZ89: 1
K90: 5. Se publica información de todos los programas de manera adecuada | L90: 1 | S90: 5. Se cuenta con un plan vigente y no requiere modificación | T90: 1 | BF90: =$BF$64 -> Implementación
BF91: ='8.0 Comunicación externa'!B33 -> ¿Los servicios de la organización y los requisitos para acceder a ellos se comunican por los canales adecuados a la población objetivo? | BG91: 1. No se comunican los servicios ni los requisitos | BH91: 0
BG92: 2. Se comunican de muy pocos servicios y no los requisitos | BH92: 0.25
BG93: 3. Se comunican los servicios pero no todos los requisitos / Es complicado localizar los servicios y requisitos | BH93: 0.5
B94: =$B$74 -> Cultura organizacional | Z94: ='4.0 Género e inclusión'!B40 -> Protocolos de actuación | AH94: =$AH$84 -> Reclutamiento | AP94: =$AP$74 -> Aplicación de aprendizajes | AX94: =$AX$54 -> Gestión de información | BG94: 4. Se comunican todos los servicios y sus requisitos pero requiere mejorarse | BH94: 0.75
B95: ='1.0 Planeación'!B34 -> ¿Se promueve la conservación de los recursos materiales de la organización? | C95: 1. No | D95: 0 | J95: ='2.0 Gestión programas'!B48 -> Procuración y diversificación de fondos | R95: ='3.0 Procesos'!B40 -> Indicadores | Z95: ='4.0 Género e inclusión'!B43 -> ¿Existe un protocolo de actuación para prevenir y actuar ante el acoso y el hostigamiento sexual? | AA95: 1. No | AB95: 0 | AH95: ='5.0 Capital Humano'!B43 -> ¿Se cuenta con una política de reclutamiento y selección de personal desde una perspectiva de género? | AI95: 1. No | AJ95: 0 | AP95: ='6.0 Monitoreo y evaluación'!B33 -> ¿Se generan publicaciones o informes institucionales con los hallazgos de las evaluaciones? | AQ95: 1. No | AR95: 0 | AX95: ='7.0 Gestión recursos'!B33 -> ¿Se realizan actividades para la reproducción del conocimiento como foros de debate? | AY95: 1. No | AZ95: 0 | BG95: 5. Se comunican todos los servicios y sus requisitos por los canales adecuados | BH95: 1
C96: 2. Muy poco / No hay nada documentado | D96: 0.25 | J96: ='2.0 Gestión programas'!B51 -> ¿Existe un plan de procuración de fondos que se evalúe y actualice periódicamente? | K96: 1. No se tiene | L96: 0 | R96: ='3.0 Procesos'!B43 -> ¿Se cuenta con indicadores para medir el desempeño institucional y por áreas? (incluye metas o valor deseado, criterios de incumplimiento y la periodicidad) | S96: 1. No se ha realizado | T96: 0 | AA96: 2. No, pero se reconoce la importancia | AB96: 0.25 | AI96: 2. Se cuenta con algo muy básico | AJ96: 0.25 | AQ96: 2. De manera muy básica / Sólo por proyectos o programas (no de manera institucional) | AR96: 0.25 | AY96: 2. De manera muy esporádica | AZ96: 0.25
C97: 3. Algunos recursos / Está documentado con reglas pero no sanciones | D97: 0.5 | K97: 2. Se cuenta con algo muy básico / Existe un plan pero en la práctica no se sigue | L97: 0.25 | S97: 2. Sí pero de manera muy básica / Muy pocos / Sólo se tiene por proyectos | T97: 0.25 | AA97: 3. Se está trabajando en ello | AB97: 0.5 | AI97: 3. Se está trabajando con la metodología adecuada / Sí pero sin implementar | AJ97: 0.5 | AQ97: 3. Se generan publicaciones con los hallazgos pero de manera esporádica | AR97: 0.5 | AY97: 3. Sí de manera periódica pero con poca gente | AZ97: 0.5
C98: 4. Sí está documentado pero podría mejorar / No se aplican sanciones | D98: 0.75 | K98: 3. Existe un plan que en la práctica se sigue, pero no se evalúa ni actualiza / Existe un plan pero se sigue parcialmente | L98: 0.5 | S98: 3. Se cuenta con algunos indicadores institucionales pero falta robustecer la metodología | T98: 0.5 | AA98: 4. Sí pero requiere mejorarse | AB98: 0.75 | AI98: 4. Sí pero requiere mejorarse / Implementado parcialmente | AJ98: 0.75 | AQ98: 4. Se generan publicaciones con los hallazgos de manera periódica pero requiere mejorarse | AR98: 0.75 | AY98: 4. Sí de manera periódica con suficiente gente pero requiere mejorar | AZ98: 0.75
C99: 5. Sí está documentado de manera adecuada y se aplica adecuadamente | D99: 1 | K99: 4. Existe un plan que, en la práctica, se sigue pero no se evalúa o no se actualiza con la frecuencia adecuada | L99: 0.75 | S99: 4. Se tienen varios indicadores institucionales con la metodología adecuada pero no son suficientes | T99: 0.75 | AA99: 5. Sí y no requiere modificación | AB99: 1 | AI99: 5. Sí, no requiere modificación y esta implementado | AJ99: 1 | AQ99: 5. Se generan publicaciones con los hallazgos de manera periódica | AR99: 1 | AY99: 5. Sí de manera frecuente y se obtienen los resultados esperados | AZ99: 1
K100: 5. Existe un plan que, en la práctica, se sigue, se evalúa y actualiza adecuadamente | L100: 1 | S100: 5. Sí los suficientes y con la metodología adecuada | T100: 1 | BF100: ='8.0 Comunicación externa'!B41 -> Medición
BF101: ='8.0 Comunicación externa'!B44 -> ¿Se mide y analiza el impacto de las publicaciones de contenido en redes sociales y en medios de comunicación? | BG101: 1. No | BH101: 0
BG102: 2. Se mide el impacto de manera básica y esporádicamente, pero no se analiza | BH102: 0.25
BG103: 3. Se mide el impacto frecuentemente, pero no se analiza | BH103: 0.5
B104: =$B$74 -> Cultura organizacional | Z104: =$Z$94 -> Protocolos de actuación | AH104: =$AH$84 -> Reclutamiento | AP104: =$AP$74 -> Aplicación de aprendizajes | AX104: ='7.0 Gestión recursos'!B41 -> Recursos financieros | BG104: 4. Se mide el impacto frecuentemente y se analiza pero faltan robustecer la metodología | BH104: 0.75
B105: ='1.0 Planeación'!B35 -> ¿Existen mecanismos para identificar y adaptarse a cambios en el ambiente interno y externo? | C105: 1. No | D105: 0 | J105: ='2.0 Gestión programas'!B58 -> Presupuesto organizacional | R105: =$R$95 -> Indicadores | Z105: ='4.0 Género e inclusión'!B44 -> ¿Se cuenta con un protocolo de actuación para prevenir discriminaciones por motivos de género, raza, etnia, condición social, o cualquier otra? | AA105: 1. No | AB105: 0 | AH105: ='5.0 Capital Humano'!B44 -> ¿Se establecen políticas de transparencia en el proceso de selección de aspirantes? | AI105: 1. No | AJ105: 0 | AP105: ='6.0 Monitoreo y evaluación'!B34 -> ¿Se difunden nuevos estándares de calidad con diferentes comunidades de aprendizaje? (aplica casos de éxito) | AQ105: 1. No | AR105: 0 | AX105: ='7.0 Gestión recursos'!B44 -> ¿Se cuenta con mecanismos para garantizar la eficiencia y transparencia del proceso de ejecución presupuestaria? | AY105: 1. No | AZ105: 0 | BG105: 5. Se mide el impacto y analiza el impacto sistemáticamente y con la metodología adecuada | BH105: 1
C106: 2. Muy pocos / Sí pero no se aplican / Se tiene algo muy básico | D106: 0.25 | J106: ='2.0 Gestión programas'!B52 -> ¿Se ha logrado que la organización cuente con más de dos fuentes de financiamiento? | K106: 1. No, la organización depende de dos fuentes de financiamiento | L106: 0 | R106: ='3.0 Procesos'!B44 -> ¿Se recopilan los datos necesarios para cada uno de los indicadores establecidos? | S106: 1.No / No se tienen indicadores | T106: 0 | AA106: 2. No, pero se reconoce la importancia | AB106: 0.25 | AI106: 2. Se cuenta con algo muy básico | AJ106: 0.25 | AQ106: 2. De manera muy básica / Parcialmente / Pocos estándares | AR106: 0.25 | AY106: 2. Muy básicos | AZ106: 0.25
C107: 3. Algunos mecanismos / Sólo para el ambiente interno / Sólo para el ambiente externo | D107: 0.5 | K107: 2. Se han impulsado acciones pero éstas no han logrado ampliar las fuentes de financiamiento | L107: 0.25 | S107: 2. Se recopilan datos de muy pocos indicadores | T107: 0.25 | AA107: 3. Se está trabajando en ello | AB107: 0.5 | AI107: 3. Se está trabajando con la metodología adecuada / Sí pero sin implementar | AJ107: 0.5 | AQ107: 3. Se difunden algunos estándares de manera esporádica | AR107: 0.5 | AY107: 3. Sí pero sólo garantiza uno de los dos (eficiencia o transparencia) / Sí pero no se aplican | AZ107: 0.5
C108: 4. Sí existen para ambos ambientes pero podría mejorar / Se aplican la mayoría de la veces | D108: 0.75 | K108: 3. Se han impulsado acciones y sólo algunas han tenido resultados para ampliar las fuentes de financiamiento pero no es suficiente | L108: 0.5 | S108: 3. Se recopilan datos de algunos indicadores | T108: 0.5 | AA108: 4. Sí pero requiere mejorarse | AB108: 0.75 | AI108: 4. Sí pero requieren mejorarse / Implementadas parcialmente | AJ108: 0.75 | AQ108: 4. Se difunden varios estándares de manera periódica pero requiere mejorarse | AR108: 0.75 | AY108: 4. Sí pero requieren mejorarse | AZ108: 0.75
C109: 5. Sí existen para ambos ambientes y se aplican adecuadamente | D109: 1 | K109: 4. Las acciones impulsadas han ampliado las fuentes de financiamiento casi de acuerdo a las necesidades de la organización | L109: 0.75 | S109: 4. Se recopilan datos de la mayoría de los indicadores | T109: 0.75 | AA109: 5. Sí y no requiere modificación | AB109: 1 | AI109: 5. Sí, no requieren modificación y están implementadas | AJ109: 1 | AQ109: 5. Se difunden varios estándares de manera periódica | AR109: 1 | AY109: 5. Sí, son los mecanismos adecuados y están implementados | AZ109: 1
K110: 5. Las acciones impulsadas han ampliado y diversificado las fuentes de financiamiento de acuerdo con las necesidades de la organización | L110: 1 | S110: 5. Se recopilan datos de todos los indicadores | T110: 1 | BF110: =$BF$100 -> Medición
BF111: ='8.0 Comunicación externa'!B45 -> ¿Existe un mapeo de los reporteros y medios de comunicación que cubren los temas relevantes a la organización? | BG111: 1. No se ha identificado a los medios relevantes | BH111: 0
BG112: 2. Se ha identificado a los medios y reporteros relevantes pero no se tiene documentado | BH112: 0.25
BG113: 3. Se tiene un mapeo documentado pero puede robustecerse la metodología | BH113: 0.5
B114: ='1.0 Planeación'!B43 -> Estructura organizacional y mejora continua | Z114: =$Z$94 -> Protocolos de actuación | AH114: =$AH$84 -> Reclutamiento | AP114: ='6.0 Monitoreo y evaluación'!B42 -> Desempeño institucional | AX114: =$AX$104 -> Recursos financieros | BG114: 4. Se tiene un mapeo documentado con la metodología adecuada pero está desactualizado | BH114: 0.75
B115: ='1.0 Planeación'!B46 -> ¿La estructura de la organización está alineada con la planeación estratégica y las expectativas organizacionales? | C115: 1. No | D115: 0 | J115: =$J$105 -> Presupuesto organizacional | R115: =$R$95 -> Indicadores | Z115: ='4.0 Género e inclusión'!B45 -> ¿Existen mecanismos para supervisar el cumplimiento de los protocolos con perspectiva de género y enfoque de inclusión? | AA115: 1. No | AB115: 0 | AH115: ='5.0 Capital Humano'!B45 -> ¿Los cargos administrativos y financieros están ocupados por personas calificadas con las habilidades requeridas? | AI115: 1. No | AJ115: 0 | AP115: ='6.0 Monitoreo y evaluación'!B45 -> ¿La organización ha establecido metas de desempeño y plazos de cumplimiento? | AQ115: 1. No | AR115: 0 | AX115: ='7.0 Gestión recursos'!B45 -> ¿Se cuenta con un sistema de contabilidad electrónico actualizado? | AY115: 1. No | AZ115: 0 | BG115: 5. Se tiene un mapeo documentado con la metodología adecuada y está actualizado | BH115: 1
C116: 2. Muy poco / Falta mucho personal / Está desactualizada | D116: 0.25 | J116: ='2.0 Gestión programas'!B53 -> ¿Cuenta la organización con un fondo patrimonial equivalente a, al menos, un año de operación? | K116: 1. No | L116: 0 | R116: ='3.0 Procesos'!B45 -> ¿Existe un área o persona especializada a cargo del proceso de análisis de indicadores? | S116: 1. No | T116: 0 | AA116: 2. Se está trabajando en ello | AB116: 0.25 | AI116: 2. Muy pocos integrantes | AJ116: 0.25 | AQ116: 2. De manera muy básica / Se han establecido pocas metas / Sin plazos | AR116: 0.25 | AY116: 2. No pero se reconoce la importancia de adquirir uno | AZ116: 0.25
